Workbook
Name Alimentación: aux!$G$3:$G$12
Name Aliños: auxalimen!$A$2:$A$7
Name Aperitivos: auxalimen!$B$2:$B$7
Name auxalimen: [1]auxalimen!$A$1:$N$1
Name Bebida: aux!$P$3:$P$7
Name Bebidas: auxalimen!$C$2:$C$7
Name Carne: auxalimen!$D$2:$D$6
Name Cereales: auxalimen!$E$2:$E$7
Name Charcutería: auxalimen!$F$2:$F$6
Name Comida: aux!$Q$3:$Q$7
Name Compras: aux!$R$3:$R$13
Name Conservas: auxalimen!$G$2:$G$7
Name Fastfood: auxalimen!$H$2:$H$6
Name Frutas: auxalimen!$I$2:$I$9
Name GastosCasa: aux!$H$3:$H$8
Name Hogar: aux!$D$3:$D$6
Name Ingresos: aux!$C$3:$C$8
Name JoseMari: aux!$L$3:$L$6
Name Lácteos: auxalimen!$J$2:$J$6
Name Lucas: aux!$I$3:$I$7
Name MariCarmen: [1]aux!$N$3:$N$7
Name Obligatorios: aux!$A$2:$A$5
Name Ocio: aux!$P$2:$S$2
Name OtrosTrans: aux!$N$3:$N$7
Name Pasta: auxalimen!$K$2:$K$6
Name Pescados: auxalimen!$L$2:$L$5
Name Postres: auxalimen!$M$2:$M$5
Name Recibos: aux!$J$3:$J$7
Name Transporte: aux!$E$3:$E$5
Name Verduras: auxalimen!$N$2:$N$13
Name Viajes: aux!$S$3:$S$16

Sheet Enero
A1: 2020 | B1: Enero | D1: Día | E1: Importe | F1: Tipo | G1: Concepto | H1: Detalle | J1: Otros | L1: Alimentación | M1: Enero | O1: Día | P1: Importe | Q1: Categoría | R1: Producto | S1: Otros
A2: =aux!D2 -> Hogar | B2: =SUM(B3+B14+B19+B21+B27) -> 0 | L2: =auxalimen!A1 -> Aliños | M2: =SUM(M3:M8) -> 0
A3: =aux!D3 -> Alimentación | B3: =SUM(B4:B13) -> 0 | L3: =auxalimen!A2 -> Aceite | M3: =SUMIFS($P:$P,$R:$R,L3,$Q:$Q,$L$2) -> 0
A4: =aux!G3 -> Ahorra Más | B4: =SUMIFS($E:$E,$H:$H,A4,$G:$G,$A$3) -> 0 | L4: =auxalimen!A3 -> Condimentos | M4: =SUMIFS($P:$P,$R:$R,L4,$Q:$Q,$L$2) -> 0
A5: =aux!G4 -> Aldi | B5: =SUMIFS($E:$E,$H:$H,A5,$G:$G,$A$3) -> 0 | L5: =auxalimen!A4 -> Mayonesa | M5: =SUMIFS($P:$P,$R:$R,L5,$Q:$Q,$L$2) -> 0
A6: =aux!G5 -> Baratas | B6: =SUMIFS($E:$E,$H:$H,A6,$G:$G,$A$3) -> 0 | L6: =auxalimen!A5 -> Salsas | M6: =SUMIFS($P:$P,$R:$R,L6,$Q:$Q,$L$2) -> 0
A7: =aux!G6 -> Carrefour | B7: =SUMIFS($E:$E,$H:$H,A7,$G:$G,$A$3) -> 0 | L7: =auxalimen!A6 -> Vinagre | M7: =SUMIFS($P:$P,$R:$R,L7,$Q:$Q,$L$2) -> 0
A8: =aux!G7 -> Chino | B8: =SUMIFS($E:$E,$H:$H,A8,$G:$G,$A$3) -> 0 | L8: =auxalimen!A7 -> Otros | M8: =SUMIFS($P:$P,$R:$R,L8,$Q:$Q,$L$2) -> 0
A9: =aux!G8 -> Mercadillo | B9: =SUMIFS($E:$E,$H:$H,A9,$G:$G,$A$3) -> 0 | L9: =auxalimen!B1 -> Aperitivos | M9: =SUM(M10:M15) -> 0
A10: =aux!G9 -> Mercadona | B10: =SUMIFS($E:$E,$H:$H,A10,$G:$G,$A$3) -> 0 | L10: =auxalimen!B2 -> Aceitunas | M10: =SUMIFS($P:$P,$R:$R,L10,$Q:$Q,$L$9) -> 0
A11: =aux!G10 -> Shell | B11: =SUMIFS($E:$E,$H:$H,A11,$G:$G,$A$3) -> 0 | L11: =auxalimen!B3 -> Dulces | M11: =SUMIFS($P:$P,$R:$R,L11,$Q:$Q,$L$9) -> 0
A12: =aux!G11 -> Valentín | B12: =SUMIFS($E:$E,$H:$H,A12,$G:$G,$A$3) -> 0 | L12: =auxalimen!B4 -> Nachos | M12: =SUMIFS($P:$P,$R:$R,L12,$Q:$Q,$L$9) -> 0
A13: =aux!G12 -> Otros | B13: =SUMIFS($E:$E,$H:$H,A13,$G:$G,$A$3) -> 0 | L13: =auxalimen!B5 -> Frutos secos | M13: =SUMIFS($P:$P,$R:$R,L13,$Q:$Q,$L$9) -> 0
A14: =aux!D4 -> GastosCasa | B14: =SUM(B15:B18) -> 0 | L14: =auxalimen!B6 -> Patatas fritas | M14: =SUMIFS($P:$P,$R:$R,L14,$Q:$Q,$L$9) -> 0
A15: =aux!H3 -> Alquiler | B15: =SUMIFS($E:$E,$H:$H,A15,$G:$G,$A$14) -> 0 | L15: =auxalimen!B7 -> Otros | M15: =SUMIFS($P:$P,$R:$R,L15,$Q:$Q,$L$9) -> 0
A16: =aux!H4 -> Aseo | B16: =SUMIFS($E:$E,$H:$H,A16,$G:$G,$A$14) -> 0 | L16: =auxalimen!C1 -> Bebidas | M16: =SUM(M17:M22) -> 0
A17: =aux!H5 -> Compras para casa | B17: =SUMIFS($E:$E,$H:$H,A17,$G:$G,$A$14) -> 0 | L17: =auxalimen!C2 -> Aquarius | M17: =SUMIFS($P:$P,$R:$R,L17,$Q:$Q,$L$16) -> 0
A18: =aux!H6 -> Doc. Imp. Multas | B18: =SUMIFS($E:$E,$H:$H,A18,$G:$G,$A$14) -> 0 | L18: =auxalimen!C3 -> Cerveza | M18: =SUMIFS($P:$P,$R:$R,L18,$Q:$Q,$L$16) -> 0
A19: =aux!H7 -> Productos limpieza | B19: =SUM(B20:B20) -> 0 | L19: =auxalimen!C4 -> Coca cola | M19: =SUMIFS($P:$P,$R:$R,L19,$Q:$Q,$L$16) -> 0
A20: =aux!H8 -> Salud | B20: =SUMIFS($E:$E,$H:$H,A20,$G:$G,$A$19) -> 0 | L20: =auxalimen!C5 -> Vino | M20: =SUMIFS($P:$P,$R:$R,L20,$Q:$Q,$L$16) -> 0
A21: =aux!D5 -> Lucas | B21: =SUM(B22:B25) -> 0 | L21: =auxalimen!C6 -> Zumo | M21: =SUMIFS($P:$P,$R:$R,L21,$Q:$Q,$L$16) -> 0
A22: =aux!I3 -> Complementos | B22: =SUMIFS($E:$E,$H:$H,A22,$G:$G,$A$21) -> 0 | L22: =auxalimen!C7 -> Otras | M22: =SUMIFS($P:$P,$R:$R,L22,$Q:$Q,$L$16) -> 0
A23: =aux!I4 -> Chucherías | B23: =SUMIFS($E:$E,$H:$H,A23,$G:$G,$A$21) -> 0 | L23: =auxalimen!D1 -> Carne | M23: =SUM(M24:M28) -> 0
A24: =aux!I5 -> Piensos | B24: =SUMIFS($E:$E,$H:$H,A24,$G:$G,$A$21) -> 0 | L24: =auxalimen!D2 -> Cerdo | M24: =SUMIFS($P:$P,$R:$R,L24,$Q:$Q,$L$23) -> 0
A25: =aux!I6 -> Pollo | B25: =SUMIFS($E:$E,$H:$H,A25,$G:$G,$A$21) -> 0 | L25: =auxalimen!D3 -> Pavo | M25: =SUMIFS($P:$P,$R:$R,L25,$Q:$Q,$L$23) -> 0
A26: =aux!I7 -> Veterinario | B26: =SUMIFS($E:$E,$H:$H,A26,$G:$G,$A$21) -> 0 | L26: =auxalimen!D4 -> Pollo | M26: =SUMIFS($P:$P,$R:$R,L26,$Q:$Q,$L$23) -> 0
A27: =aux!D6 -> Recibos | B27: =SUM(B28:B32) -> 0 | L27: =auxalimen!D5 -> Ternera | M27: =SUMIFS($P:$P,$R:$R,L27,$Q:$Q,$L$23) -> 0
A28: =aux!J3 -> Canal Isabel II | B28: =SUMIFS($E:$E,$H:$H,A28,$G:$G,$A$27) -> 0 | L28: =auxalimen!D6 -> Otros | M28: =SUMIFS($P:$P,$R:$R,L28,$Q:$Q,$L$23) -> 0
A29: =aux!J4 -> Gas Natural | B29: =SUMIFS($E:$E,$H:$H,A29,$G:$G,$A$27) -> 0 | L29: =auxalimen!E1 -> Cereales | M29: =SUM(M30:M35) -> 0
A30: =aux!J5 -> Iberdrola | B30: =SUMIFS($E:$E,$H:$H,A30,$G:$G,$A$27) -> 0 | L30: =auxalimen!E2 -> Arroz | M30: =SUMIFS($P:$P,$R:$R,L30,$Q:$Q,$L$29) -> 0
A31: =aux!J6 -> Lowi | B31: =SUMIFS($E:$E,$H:$H,A31,$G:$G,$A$27) -> 0 | L31: =auxalimen!E3 -> Avena | M31: =SUMIFS($P:$P,$R:$R,L31,$Q:$Q,$L$29) -> 0
A32: =aux!J7 -> Varios | B32: =SUMIFS($E:$E,$H:$H,A32,$G:$G,$A$27) -> 0 | L32: =auxalimen!E4 -> Pan | M32: =SUMIFS($P:$P,$R:$R,L32,$Q:$Q,$L$29) -> 0
A33: =aux!E2 -> Transporte | B33: =SUM(B34,B39,B44,B49) -> 0 | L33: =auxalimen!E5 -> Pan otros | M33: =SUMIFS($P:$P,$R:$R,L33,$Q:$Q,$L$29) -> 0
A34: =aux!E3 -> JoseMari | B34: =SUM(B35:B38) -> 0 | L34: =auxalimen!E6 -> Tortillas | M34: =SUMIFS($P:$P,$R:$R,L34,$Q:$Q,$L$29) -> 0
A35: =aux!L3 -> Complementos | B35: =SUMIFS($E:$E,$H:$H,A35,$G:$G,$A$34) -> 0 | L35: =auxalimen!E7 -> Otro | M35: =SUMIFS($P:$P,$R:$R,L35,$Q:$Q,$L$29) -> 0
A36: =aux!L4 -> Gasolina | B36: =SUMIFS($E:$E,$H:$H,A36,$G:$G,$A$34) -> 0 | L36: =auxalimen!F1 -> Charcutería | M36: =SUM(M38:M41) -> 0
A37: =aux!L5 -> Imp. Multas y seguro | B37: =SUMIFS($E:$E,$H:$H,A37,$G:$G,$A$34) -> 0 | L37: =auxalimen!F2 -> Chorizo | M37: =SUMIFS($P:$P,$R:$R,L37,$Q:$Q,$L$36) -> 0
A38: =aux!L6 -> Taller | B38: =SUMIFS($E:$E,$H:$H,A38,$G:$G,$A$34) -> 0 | L38: =auxalimen!F3 -> Jamón serrano | M38: =SUMIFS($P:$P,$R:$R,L38,$Q:$Q,$L$36) -> 0
A39: =aux!E4 -> MariCarmen | B39: =SUM(B40:B43) -> 0 | L39: =auxalimen!F4 -> Jamón york | M39: =SUMIFS($P:$P,$R:$R,L39,$Q:$Q,$L$36) -> 0
A40: =aux!M3 -> Complementos | B40: =SUMIFS($E:$E,$H:$H,A40,$G:$G,$A$39) -> 0 | L40: =auxalimen!F5 -> Sanchichón | M40: =SUMIFS($P:$P,$R:$R,L40,$Q:$Q,$L$36) -> 0
A41: =aux!M4 -> Gasolina | B41: =SUMIFS($E:$E,$H:$H,A41,$G:$G,$A$39) -> 0 | L41: =auxalimen!F6 -> Otro | M41: =SUMIFS($P:$P,$R:$R,L41,$Q:$Q,$L$36) -> 0
A42: =aux!M5 -> Imp. Multas y seguro | B42: =SUMIFS($E:$E,$H:$H,A42,$G:$G,$A$39) -> 0 | L42: =auxalimen!G1 -> Conservas | M42: =SUM(M43:M48) -> 0
A43: =aux!M6 -> Taller | B43: =SUMIFS($E:$E,$H:$H,A43,$G:$G,$A$39) -> 0 | L43: =auxalimen!G2 -> Atún | M43: =SUMIFS($P:$P,$R:$R,L43,$Q:$Q,$L$42) -> 0
A44: =aux!E5 -> OtrosTrans | B44: =SUM(B45:B48) -> 0 | L44: =auxalimen!G3 -> Champiñones | M44: =SUMIFS($P:$P,$R:$R,L44,$Q:$Q,$L$42) -> 0
A45: =aux!N3 -> Autobús / Metro | B45: =SUMIFS($E:$E,$H:$H,A45,$G:$G,$A$44) -> 0 | L45: =auxalimen!G4 -> Congelados | M45: =SUMIFS($P:$P,$R:$R,L45,$Q:$Q,$L$42) -> 0
A46: =aux!N4 -> Cercanías | B46: =SUMIFS($E:$E,$H:$H,A46,$G:$G,$A$44) -> 0 | L46: =auxalimen!G5 -> Del mar | M46: =SUMIFS($P:$P,$R:$R,L46,$Q:$Q,$L$42) -> 0
A47: =aux!N5 -> Parking | B47: =SUMIFS($E:$E,$H:$H,A47,$G:$G,$A$44) -> 0 | L47: =auxalimen!G6 -> Sopas y caldos | M47: =SUMIFS($P:$P,$R:$R,L47,$Q:$Q,$L$42) -> 0
A48: =aux!N6 -> Vespa gasolina | B48: =SUMIFS($E:$E,$H:$H,A48,$G:$G,$A$44) -> 0 | L48: =auxalimen!G7 -> Otros | M48: =SUMIFS($P:$P,$R:$R,L48,$Q:$Q,$L$42) -> 0
A49: =aux!N7 -> Vespa taller | B49: =SUMIFS($E:$E,$H:$H,A49,$G:$G,$A$44) -> 0 | L49: =auxalimen!H1 -> Fastfood | M49: =SUM(M50:M54) -> 0
A50: =aux!A1 -> Obligatorios | B50: =SUM(B2,B33) -> 0 | L50: =auxalimen!H2 -> Chino | M50: =SUMIFS($P:$P,$R:$R,L50,$Q:$Q,$L$49) -> 0
A51: =aux!A4 -> Ocio | B51: =SUM(B52,B58,B64,B76) -> 0 | L51: =auxalimen!H3 -> Hamburguesa | M51: =SUMIFS($P:$P,$R:$R,L51,$Q:$Q,$L$49) -> 0
A52: =aux!P2 -> Bebida | B52: =SUM(B53:B57) -> 0 | L52: =auxalimen!H4 -> Kebab | M52: =SUMIFS($P:$P,$R:$R,L52,$Q:$Q,$L$49) -> 0
A53: =aux!P3 -> Alcalá | B53: =SUMIFS($E:$E,$H:$H,A53,$G:$G,$A$52) -> 0 | L53: =auxalimen!H5 -> Pizza | M53: =SUMIFS($P:$P,$R:$R,L53,$Q:$Q,$L$49) -> 0
A54: =aux!P4 -> Cerceda | B54: =SUMIFS($E:$E,$H:$H,A54,$G:$G,$A$52) -> 0 | L54: =auxalimen!H6 -> Otros | M54: =SUMIFS($P:$P,$R:$R,L54,$Q:$Q,$L$49) -> 0
A55: =aux!P5 -> Madrid | B55: =SUMIFS($E:$E,$H:$H,A55,$G:$G,$A$52) -> 0 | L55: =auxalimen!I1 -> Frutas | M55: =SUM(M56:M63) -> 0
A56: =aux!P6 -> Pozuelo | B56: =SUMIFS($E:$E,$H:$H,A56,$G:$G,$A$52) -> 0 | L56: =auxalimen!I2 -> Aguacates | M56: =SUMIFS($P:$P,$R:$R,L56,$Q:$Q,$L$55) -> 0
A57: =aux!P7 -> Otros | B57: =SUMIFS($E:$E,$H:$H,A57,$G:$G,$A$52) -> 0 | L57: =auxalimen!I3 -> Fresas | M57: =SUMIFS($P:$P,$R:$R,L57,$Q:$Q,$L$55) -> 0
A58: =aux!Q2 -> Comida | B58: =SUM(B59:B63) -> 0 | L58: =auxalimen!I4 -> Limones | M58: =SUMIFS($P:$P,$R:$R,L58,$Q:$Q,$L$55) -> 0
A59: =aux!Q3 -> Alcalá | B59: =SUMIFS($E:$E,$H:$H,A59,$G:$G,$A$58) -> 0 | L59: =auxalimen!I5 -> Manzanas | M59: =SUMIFS($P:$P,$R:$R,L59,$Q:$Q,$L$55) -> 0
A60: =aux!Q4 -> Cerceda | B60: =SUMIFS($E:$E,$H:$H,A60,$G:$G,$A$58) -> 0 | L60: =auxalimen!I6 -> Naranjas | M60: =SUMIFS($P:$P,$R:$R,L60,$Q:$Q,$L$55) -> 0
A61: =aux!Q5 -> Madrid | B61: =SUMIFS($E:$E,$H:$H,A61,$G:$G,$A$58) -> 0 | L61: =auxalimen!I7 -> Peras | M61: =SUMIFS($P:$P,$R:$R,L61,$Q:$Q,$L$55) -> 0
A62: =aux!Q6 -> Pozuelo | B62: =SUMIFS($E:$E,$H:$H,A62,$G:$G,$A$58) -> 0 | L62: =auxalimen!I8 -> Plátanos | M62: =SUMIFS($P:$P,$R:$R,L62,$Q:$Q,$L$55) -> 0
A63: =aux!Q7 -> Otros | B63: =SUMIFS($E:$E,$H:$H,A63,$G:$G,$A$58) -> 0 | L63: =auxalimen!I9 -> Otras | M63: =SUMIFS($P:$P,$R:$R,L63,$Q:$Q,$L$55) -> 0
A64: =aux!R2 -> Compras | B64: =SUM(B65:B74) -> 0 | L64: =auxalimen!J1 -> Lácteos | M64: =SUM(M65:M69) -> 0
A65: =aux!R3 -> Calzado | B65: =SUMIFS($E:$E,$H:$H,A65,$G:$G,$A$64) -> 0 | L65: =auxalimen!J2 -> Huevos | M65: =SUMIFS($P:$P,$R:$R,L65,$Q:$Q,$L$64) -> 0
A66: =aux!R4 -> Correos | B66: =SUMIFS($E:$E,$H:$H,A66,$G:$G,$A$64) -> 0 | L66: =auxalimen!J3 -> Leche de avena | M66: =SUMIFS($P:$P,$R:$R,L66,$Q:$Q,$L$64) -> 0
A67: =aux!R5 -> Deporte | B67: =SUMIFS($E:$E,$H:$H,A67,$G:$G,$A$64) -> 0 | L67: =auxalimen!J4 -> Mantequilla | M67: =SUMIFS($P:$P,$R:$R,L67,$Q:$Q,$L$64) -> 0
A68: =aux!R6 -> Entretenimiento | B68: =SUMIFS($E:$E,$H:$H,A68,$G:$G,$A$64) -> 0 | L68: =auxalimen!J5 -> Quesos | M68: =SUMIFS($P:$P,$R:$R,L68,$Q:$Q,$L$64) -> 0
A69: =aux!R7 -> Formación | B69: =SUMIFS($E:$E,$H:$H,A69,$G:$G,$A$64) -> 0 | L69: =auxalimen!J6 -> Otros | M69: =SUMIFS($P:$P,$R:$R,L69,$Q:$Q,$L$64) -> 0
A70: =aux!R8 -> Hobbies | B70: =SUMIFS($E:$E,$H:$H,A70,$G:$G,$A$64) -> 0 | L70: =auxalimen!K1 -> Pasta | M70: =SUM(M71:M75) -> 0
A71: =aux!R9 -> Loterías | B71: =SUMIFS($E:$E,$H:$H,A71,$G:$G,$A$64) -> 0 | L71: =auxalimen!K2 -> Espirales | M71: =SUMIFS($P:$P,$R:$R,L71,$Q:$Q,$L$70) -> 0
A72: =aux!R10 -> Regalos | B72: =SUMIFS($E:$E,$H:$H,A72,$G:$G,$A$64) -> 0 | L72: =auxalimen!K3 -> Macarrones | M72: =SUMIFS($P:$P,$R:$R,L72,$Q:$Q,$L$70) -> 0
A73: =aux!R11 -> Ropa | B73: =SUMIFS($E:$E,$H:$H,A73,$G:$G,$A$64) -> 0 | L73: =auxalimen!K4 -> Nidos | M73: =SUMIFS($P:$P,$R:$R,L73,$Q:$Q,$L$70) -> 0
A74: =aux!R12 -> Tecnología | B74: =SUMIFS($E:$E,$H:$H,A74,$G:$G,$A$64) -> 0 | L74: =auxalimen!K5 -> Tallarines | M74: =SUMIFS($P:$P,$R:$R,L74,$Q:$Q,$L$70) -> 0
A75: =aux!R13 -> Otros | B75: =SUMIFS($E:$E,$H:$H,A75,$G:$G,$A$64) -> 0 | L75: =auxalimen!K6 -> Otros | M75: =SUMIFS($P:$P,$R:$R,L75,$Q:$Q,$L$70) -> 0
A76: =aux!S2 -> Viajes | B76: =SUM(B77:B90) -> 0 | L76: =auxalimen!L1 -> Pescados | M76: =SUM(M77:M80) -> 0
A77: =aux!S3 -> Aduanas | B77: =SUMIFS($E:$E,$H:$H,A77,$G:$G,$A$76) -> 0 | L77: =auxalimen!L2 -> Mejillones | M77: =SUMIFS($P:$P,$R:$R,L77,$Q:$Q,$L$76) -> 0
A78: =aux!S4 -> Alojamiento | B78: =SUMIFS($E:$E,$H:$H,A78,$G:$G,$A$76) -> 0 | L78: =auxalimen!L3 -> Merluza | M78: =SUMIFS($P:$P,$R:$R,L78,$Q:$Q,$L$76) -> 0
A79: =aux!S5 -> Alojamiento Lucas | B79: =SUMIFS($E:$E,$H:$H,A79,$G:$G,$A$76) -> 0 | L79: =auxalimen!L4 -> Salmón | M79: =SUMIFS($P:$P,$R:$R,L79,$Q:$Q,$L$76) -> 0
A80: =aux!S6 -> Alquiler de coche | B80: =SUMIFS($E:$E,$H:$H,A80,$G:$G,$A$76) -> 0 | L80: =auxalimen!L5 -> Otros | M80: =SUMIFS($P:$P,$R:$R,L80,$Q:$Q,$L$76) -> 0
A81: =aux!S7 -> Aviones | B81: =SUMIFS($E:$E,$H:$H,A81,$G:$G,$A$76) -> 0 | L81: =auxalimen!M1 -> Postres | M81: =SUM(M82:M85) -> 0
A82: =aux!S8 -> Comida | B82: =SUMIFS($E:$E,$H:$H,A82,$G:$G,$A$76) -> 0 | L82: =auxalimen!M2 -> Gelatina | M82: =SUMIFS($P:$P,$R:$R,L82,$Q:$Q,$L$81) -> 0
A83: =aux!S9 -> Compras | B83: =SUMIFS($E:$E,$H:$H,A83,$G:$G,$A$76) -> 0 | L83: =auxalimen!M3 -> Helado | M83: =SUMIFS($P:$P,$R:$R,L83,$Q:$Q,$L$81) -> 0
A84: =aux!S10 -> Eventos | B84: =SUMIFS($E:$E,$H:$H,A84,$G:$G,$A$76) -> 0 | L84: =auxalimen!M4 -> Yogur | M84: =SUMIFS($P:$P,$R:$R,L84,$Q:$Q,$L$81) -> 0
A85: =aux!S11 -> Gasolina | B85: =SUMIFS($E:$E,$H:$H,A85,$G:$G,$A$76) -> 0 | L85: =auxalimen!M5 -> Otros | M85: =SUMIFS($P:$P,$R:$R,L85,$Q:$Q,$L$81) -> 0
A86: =aux!S12 -> Parking y peajes | B86: =SUMIFS($E:$E,$H:$H,A86,$G:$G,$A$76) -> 0 | L86: =auxalimen!N1 -> Verduras | M86: =SUM(M87:M98) -> 0
A87: =aux!S13 -> Regalos | B87: =SUMIFS($E:$E,$H:$H,A87,$G:$G,$A$76) -> 0 | L87: =auxalimen!N2 -> Brócoli | M87: =SUMIFS($P:$P,$R:$R,L87,$Q:$Q,$L$86) -> 0
A88: =aux!S14 -> Tarjeta de crédito | B88: =SUMIFS($E:$E,$H:$H,A88,$G:$G,$A$76) -> 0 | L88: =auxalimen!N3 -> Calabaza | M88: =SUMIFS($P:$P,$R:$R,L88,$Q:$Q,$L$86) -> 0
A89: =aux!S15 -> Transporte público | B89: =SUMIFS($E:$E,$H:$H,A89,$G:$G,$A$76) -> 0 | L89: =auxalimen!N4 -> Calabacín | M89: =SUMIFS($P:$P,$R:$R,L89,$Q:$Q,$L$86) -> 0
A90: =aux!S16 -> Otros | B90: =SUMIFS($E:$E,$H:$H,A90,$G:$G,$A$76) -> 0 | L90: =auxalimen!N5 -> Canónigos | M90: =SUMIFS($P:$P,$R:$R,L90,$Q:$Q,$L$86) -> 0
L91: =auxalimen!N6 -> Cebollas | M91: =SUMIFS($P:$P,$R:$R,L91,$Q:$Q,$L$86) -> 0
A92: Total gastos | B92: =SUM(B50:B51) -> 0 | L92: =auxalimen!N7 -> Champiñones | M92: =SUMIFS($P:$P,$R:$R,L92,$Q:$Q,$L$86) -> 0
L93: =auxalimen!N8 -> Espárragos | M93: =SUMIFS($P:$P,$R:$R,L93,$Q:$Q,$L$86) -> 0
A94: =aux!C2 -> Ingresos | B94: =SUM(B95:B100) -> 0 | L94: =auxalimen!N9 -> Legumbres | M94: =SUMIFS($P:$P,$R:$R,L94,$Q:$Q,$L$86) -> 0
A95: =aux!C3 -> Devoluciones | B95: =SUMIFS($E:$E,$G:$G,A95,$F:$F,$A$94) -> 0 | L95: =auxalimen!N10 -> Patatas | M95: =SUMIFS($P:$P,$R:$R,L95,$Q:$Q,$L$86) -> 0
A96: =aux!C4 -> INEM | B96: =SUMIFS($E:$E,$G:$G,A96,$F:$F,$A$94) -> 0 | L96: =auxalimen!N11 -> Tomates | M96: =SUMIFS($P:$P,$R:$R,L96,$Q:$Q,$L$86) -> 0
A97: =aux!C5 -> Intereses | B97: =SUMIFS($E:$E,$G:$G,A97,$F:$F,$A$94) -> 0 | L97: =auxalimen!N12 -> Zanahorias | M97: =SUMIFS($P:$P,$R:$R,L97,$Q:$Q,$L$86) -> 0
A98: =aux!C6 -> Nómina | B98: =SUMIFS($E:$E,$G:$G,A98,$F:$F,$A$94) -> 0 | L98: =auxalimen!N13 -> Otras | M98: =SUMIFS($P:$P,$R:$R,L98,$Q:$Q,$L$86) -> 0
A99: =aux!C7 -> Ventas | B99: =SUMIFS($E:$E,$G:$G,A99,$F:$F,$A$94) -> 0 | L99: Total | M99: =SUM(M2,M9,M16,M23,M29,M36,M42,M49,M55,M64,M70,M76,M81,M86) -> 0
A100: =aux!C8 -> Otros | B100: =SUMIFS($E:$E,$G:$G,A100,$F:$F,$A$94) -> 0
...

Sheet Febrero
A1: 2020 | B1: Enero | D1: Día | E1: Importe | F1: Tipo | G1: Concepto | H1: Detalle | J1: Otros | L1: Alimentación | M1: Enero | O1: Día | P1: Importe | Q1: Categoría | R1: Producto | S1: Otros
A2: =aux!D2 -> Hogar | B2: =SUM(B3+B14+B19+B21+B27) -> 0 | L2: =auxalimen!A1 -> Aliños | M2: =SUM(M3:M8) -> 0
A3: =aux!D3 -> Alimentación | B3: =SUM(B4:B13) -> 0 | L3: =auxalimen!A2 -> Aceite | M3: =SUMIFS($P:$P,$R:$R,L3,$Q:$Q,$L$2) -> 0
A4: =aux!G3 -> Ahorra Más | B4: =SUMIFS($E:$E,$H:$H,A4,$G:$G,$A$3) -> 0 | L4: =auxalimen!A3 -> Condimentos | M4: =SUMIFS($P:$P,$R:$R,L4,$Q:$Q,$L$2) -> 0
A5: =aux!G4 -> Aldi | B5: =SUMIFS($E:$E,$H:$H,A5,$G:$G,$A$3) -> 0 | L5: =auxalimen!A4 -> Mayonesa | M5: =SUMIFS($P:$P,$R:$R,L5,$Q:$Q,$L$2) -> 0
A6: =aux!G5 -> Baratas | B6: =SUMIFS($E:$E,$H:$H,A6,$G:$G,$A$3) -> 0 | L6: =auxalimen!A5 -> Salsas | M6: =SUMIFS($P:$P,$R:$R,L6,$Q:$Q,$L$2) -> 0
A7: =aux!G6 -> Carrefour | B7: =SUMIFS($E:$E,$H:$H,A7,$G:$G,$A$3) -> 0 | L7: =auxalimen!A6 -> Vinagre | M7: =SUMIFS($P:$P,$R:$R,L7,$Q:$Q,$L$2) -> 0
A8: =aux!G7 -> Chino | B8: =SUMIFS($E:$E,$H:$H,A8,$G:$G,$A$3) -> 0 | L8: =auxalimen!A7 -> Otros | M8: =SUMIFS($P:$P,$R:$R,L8,$Q:$Q,$L$2) -> 0
A9: =aux!G8 -> Mercadillo | B9: =SUMIFS($E:$E,$H:$H,A9,$G:$G,$A$3) -> 0 | L9: =auxalimen!B1 -> Aperitivos | M9: =SUM(M10:M15) -> 0
A10: =aux!G9 -> Mercadona | B10: =SUMIFS($E:$E,$H:$H,A10,$G:$G,$A$3) -> 0 | L10: =auxalimen!B2 -> Aceitunas | M10: =SUMIFS($P:$P,$R:$R,L10,$Q:$Q,$L$9) -> 0
A11: =aux!G10 -> Shell | B11: =SUMIFS($E:$E,$H:$H,A11,$G:$G,$A$3) -> 0 | L11: =auxalimen!B3 -> Dulces | M11: =SUMIFS($P:$P,$R:$R,L11,$Q:$Q,$L$9) -> 0
A12: =aux!G11 -> Valentín | B12: =SUMIFS($E:$E,$H:$H,A12,$G:$G,$A$3) -> 0 | L12: =auxalimen!B4 -> Nachos | M12: =SUMIFS($P:$P,$R:$R,L12,$Q:$Q,$L$9) -> 0
A13: =aux!G12 -> Otros | B13: =SUMIFS($E:$E,$H:$H,A13,$G:$G,$A$3) -> 0 | L13: =auxalimen!B5 -> Frutos secos | M13: =SUMIFS($P:$P,$R:$R,L13,$Q:$Q,$L$9) -> 0
A14: =aux!D4 -> GastosCasa | B14: =SUM(B15:B18) -> 0 | L14: =auxalimen!B6 -> Patatas fritas | M14: =SUMIFS($P:$P,$R:$R,L14,$Q:$Q,$L$9) -> 0
A15: =aux!H3 -> Alquiler | B15: =SUMIFS($E:$E,$H:$H,A15,$G:$G,$A$14) -> 0 | L15: =auxalimen!B7 -> Otros | M15: =SUMIFS($P:$P,$R:$R,L15,$Q:$Q,$L$9) -> 0
A16: =aux!H4 -> Aseo | B16: =SUMIFS($E:$E,$H:$H,A16,$G:$G,$A$14) -> 0 | L16: =auxalimen!C1 -> Bebidas | M16: =SUM(M17:M22) -> 0
A17: =aux!H5 -> Compras para casa | B17: =SUMIFS($E:$E,$H:$H,A17,$G:$G,$A$14) -> 0 | L17: =auxalimen!C2 -> Aquarius | M17: =SUMIFS($P:$P,$R:$R,L17,$Q:$Q,$L$16) -> 0
A18: =aux!H6 -> Doc. Imp. Multas | B18: =SUMIFS($E:$E,$H:$H,A18,$G:$G,$A$14) -> 0 | L18: =auxalimen!C3 -> Cerveza | M18: =SUMIFS($P:$P,$R:$R,L18,$Q:$Q,$L$16) -> 0
A19: =aux!H7 -> Productos limpieza | B19: =SUM(B20:B20) -> 0 | L19: =auxalimen!C4 -> Coca cola | M19: =SUMIFS($P:$P,$R:$R,L19,$Q:$Q,$L$16) -> 0
A20: =aux!H8 -> Salud | B20: =SUMIFS($E:$E,$H:$H,A20,$G:$G,$A$19) -> 0 | L20: =auxalimen!C5 -> Vino | M20: =SUMIFS($P:$P,$R:$R,L20,$Q:$Q,$L$16) -> 0
A21: =aux!D5 -> Lucas | B21: =SUM(B22:B25) -> 0 | L21: =auxalimen!C6 -> Zumo | M21: =SUMIFS($P:$P,$R:$R,L21,$Q:$Q,$L$16) -> 0
A22: =aux!I3 -> Complementos | B22: =SUMIFS($E:$E,$H:$H,A22,$G:$G,$A$21) -> 0 | L22: =auxalimen!C7 -> Otras | M22: =SUMIFS($P:$P,$R:$R,L22,$Q:$Q,$L$16) -> 0
A23: =aux!I4 -> Chucherías | B23: =SUMIFS($E:$E,$H:$H,A23,$G:$G,$A$21) -> 0 | L23: =auxalimen!D1 -> Carne | M23: =SUM(M24:M28) -> 0
A24: =aux!I5 -> Piensos | B24: =SUMIFS($E:$E,$H:$H,A24,$G:$G,$A$21) -> 0 | L24: =auxalimen!D2 -> Cerdo | M24: =SUMIFS($P:$P,$R:$R,L24,$Q:$Q,$L$23) -> 0
A25: =aux!I6 -> Pollo | B25: =SUMIFS($E:$E,$H:$H,A25,$G:$G,$A$21) -> 0 | L25: =auxalimen!D3 -> Pavo | M25: =SUMIFS($P:$P,$R:$R,L25,$Q:$Q,$L$23) -> 0
A26: =aux!I7 -> Veterinario | B26: =SUMIFS($E:$E,$H:$H,A26,$G:$G,$A$21) -> 0 | L26: =auxalimen!D4 -> Pollo | M26: =SUMIFS($P:$P,$R:$R,L26,$Q:$Q,$L$23) -> 0
A27: =aux!D6 -> Recibos | B27: =SUM(B28:B32) -> 0 | L27: =auxalimen!D5 -> Ternera | M27: =SUMIFS($P:$P,$R:$R,L27,$Q:$Q,$L$23) -> 0
A28: =aux!J3 -> Canal Isabel II | B28: =SUMIFS($E:$E,$H:$H,A28,$G:$G,$A$27) -> 0 | L28: =auxalimen!D6 -> Otros | M28: =SUMIFS($P:$P,$R:$R,L28,$Q:$Q,$L$23) -> 0
A29: =aux!J4 -> Gas Natural | B29: =SUMIFS($E:$E,$H:$H,A29,$G:$G,$A$27) -> 0 | L29: =auxalimen!E1 -> Cereales | M29: =SUM(M30:M35) -> 0
A30: =aux!J5 -> Iberdrola | B30: =SUMIFS($E:$E,$H:$H,A30,$G:$G,$A$27) -> 0 | L30: =auxalimen!E2 -> Arroz | M30: =SUMIFS($P:$P,$R:$R,L30,$Q:$Q,$L$29) -> 0
A31: =aux!J6 -> Lowi | B31: =SUMIFS($E:$E,$H:$H,A31,$G:$G,$A$27) -> 0 | L31: =auxalimen!E3 -> Avena | M31: =SUMIFS($P:$P,$R:$R,L31,$Q:$Q,$L$29) -> 0
A32: =aux!J7 -> Varios | B32: =SUMIFS($E:$E,$H:$H,A32,$G:$G,$A$27) -> 0 | L32: =auxalimen!E4 -> Pan | M32: =SUMIFS($P:$P,$R:$R,L32,$Q:$Q,$L$29) -> 0
A33: =aux!E2 -> Transporte | B33: =SUM(B34,B39,B44,B49) -> 0 | L33: =auxalimen!E5 -> Pan otros | M33: =SUMIFS($P:$P,$R:$R,L33,$Q:$Q,$L$29) -> 0
A34: =aux!E3 -> JoseMari | B34: =SUM(B35:B38) -> 0 | L34: =auxalimen!E6 -> Tortillas | M34: =SUMIFS($P:$P,$R:$R,L34,$Q:$Q,$L$29) -> 0
A35: =aux!L3 -> Complementos | B35: =SUMIFS($E:$E,$H:$H,A35,$G:$G,$A$34) -> 0 | L35: =auxalimen!E7 -> Otro | M35: =SUMIFS($P:$P,$R:$R,L35,$Q:$Q,$L$29) -> 0
A36: =aux!L4 -> Gasolina | B36: =SUMIFS($E:$E,$H:$H,A36,$G:$G,$A$34) -> 0 | L36: =auxalimen!F1 -> Charcutería | M36: =SUM(M38:M41) -> 0
A37: =aux!L5 -> Imp. Multas y seguro | B37: =SUMIFS($E:$E,$H:$H,A37,$G:$G,$A$34) -> 0 | L37: =auxalimen!F2 -> Chorizo | M37: =SUMIFS($P:$P,$R:$R,L37,$Q:$Q,$L$36) -> 0
A38: =aux!L6 -> Taller | B38: =SUMIFS($E:$E,$H:$H,A38,$G:$G,$A$34) -> 0 | L38: =auxalimen!F3 -> Jamón serrano | M38: =SUMIFS($P:$P,$R:$R,L38,$Q:$Q,$L$36) -> 0
A39: =aux!E4 -> MariCarmen | B39: =SUM(B40:B43) -> 0 | L39: =auxalimen!F4 -> Jamón york | M39: =SUMIFS($P:$P,$R:$R,L39,$Q:$Q,$L$36) -> 0
A40: =aux!M3 -> Complementos | B40: =SUMIFS($E:$E,$H:$H,A40,$G:$G,$A$39) -> 0 | L40: =auxalimen!F5 -> Sanchichón | M40: =SUMIFS($P:$P,$R:$R,L40,$Q:$Q,$L$36) -> 0
A41: =aux!M4 -> Gasolina | B41: =SUMIFS($E:$E,$H:$H,A41,$G:$G,$A$39) -> 0 | L41: =auxalimen!F6 -> Otro | M41: =SUMIFS($P:$P,$R:$R,L41,$Q:$Q,$L$36) -> 0
A42: =aux!M5 -> Imp. Multas y seguro | B42: =SUMIFS($E:$E,$H:$H,A42,$G:$G,$A$39) -> 0 | L42: =auxalimen!G1 -> Conservas | M42: =SUM(M43:M48) -> 0
A43: =aux!M6 -> Taller | B43: =SUMIFS($E:$E,$H:$H,A43,$G:$G,$A$39) -> 0 | L43: =auxalimen!G2 -> Atún | M43: =SUMIFS($P:$P,$R:$R,L43,$Q:$Q,$L$42) -> 0
A44: =aux!E5 -> OtrosTrans | B44: =SUM(B45:B48) -> 0 | L44: =auxalimen!G3 -> Champiñones | M44: =SUMIFS($P:$P,$R:$R,L44,$Q:$Q,$L$42) -> 0
A45: =aux!N3 -> Autobús / Metro | B45: =SUMIFS($E:$E,$H:$H,A45,$G:$G,$A$44) -> 0 | L45: =auxalimen!G4 -> Congelados | M45: =SUMIFS($P:$P,$R:$R,L45,$Q:$Q,$L$42) -> 0
A46: =aux!N4 -> Cercanías | B46: =SUMIFS($E:$E,$H:$H,A46,$G:$G,$A$44) -> 0 | L46: =auxalimen!G5 -> Del mar | M46: =SUMIFS($P:$P,$R:$R,L46,$Q:$Q,$L$42) -> 0
A47: =aux!N5 -> Parking | B47: =SUMIFS($E:$E,$H:$H,A47,$G:$G,$A$44) -> 0 | L47: =auxalimen!G6 -> Sopas y caldos | M47: =SUMIFS($P:$P,$R:$R,L47,$Q:$Q,$L$42) -> 0
A48: =aux!N6 -> Vespa gasolina | B48: =SUMIFS($E:$E,$H:$H,A48,$G:$G,$A$44) -> 0 | L48: =auxalimen!G7 -> Otros | M48: =SUMIFS($P:$P,$R:$R,L48,$Q:$Q,$L$42) -> 0
A49: =aux!N7 -> Vespa taller | B49: =SUMIFS($E:$E,$H:$H,A49,$G:$G,$A$44) -> 0 | L49: =auxalimen!H1 -> Fastfood | M49: =SUM(M50:M54) -> 0
A50: =aux!A1 -> Obligatorios | B50: =SUM(B2,B33) -> 0 | L50: =auxalimen!H2 -> Chino | M50: =SUMIFS($P:$P,$R:$R,L50,$Q:$Q,$L$49) -> 0
A51: =aux!A4 -> Ocio | B51: =SUM(B52,B58,B64,B76) -> 0 | L51: =auxalimen!H3 -> Hamburguesa | M51: =SUMIFS($P:$P,$R:$R,L51,$Q:$Q,$L$49) -> 0
A52: =aux!P2 -> Bebida | B52: =SUM(B53:B57) -> 0 | L52: =auxalimen!H4 -> Kebab | M52: =SUMIFS($P:$P,$R:$R,L52,$Q:$Q,$L$49) -> 0
A53: =aux!P3 -> Alcalá | B53: =SUMIFS($E:$E,$H:$H,A53,$G:$G,$A$52) -> 0 | L53: =auxalimen!H5 -> Pizza | M53: =SUMIFS($P:$P,$R:$R,L53,$Q:$Q,$L$49) -> 0
A54: =aux!P4 -> Cerceda | B54: =SUMIFS($E:$E,$H:$H,A54,$G:$G,$A$52) -> 0 | L54: =auxalimen!H6 -> Otros | M54: =SUMIFS($P:$P,$R:$R,L54,$Q:$Q,$L$49) -> 0
A55: =aux!P5 -> Madrid | B55: =SUMIFS($E:$E,$H:$H,A55,$G:$G,$A$52) -> 0 | L55: =auxalimen!I1 -> Frutas | M55: =SUM(M56:M63) -> 0
A56: =aux!P6 -> Pozuelo | B56: =SUMIFS($E:$E,$H:$H,A56,$G:$G,$A$52) -> 0 | L56: =auxalimen!I2 -> Aguacates | M56: =SUMIFS($P:$P,$R:$R,L56,$Q:$Q,$L$55) -> 0
A57: =aux!P7 -> Otros | B57: =SUMIFS($E:$E,$H:$H,A57,$G:$G,$A$52) -> 0 | L57: =auxalimen!I3 -> Fresas | M57: =SUMIFS($P:$P,$R:$R,L57,$Q:$Q,$L$55) -> 0
A58: =aux!Q2 -> Comida | B58: =SUM(B59:B63) -> 0 | L58: =auxalimen!I4 -> Limones | M58: =SUMIFS($P:$P,$R:$R,L58,$Q:$Q,$L$55) -> 0
A59: =aux!Q3 -> Alcalá | B59: =SUMIFS($E:$E,$H:$H,A59,$G:$G,$A$58) -> 0 | L59: =auxalimen!I5 -> Manzanas | M59: =SUMIFS($P:$P,$R:$R,L59,$Q:$Q,$L$55) -> 0
A60: =aux!Q4 -> Cerceda | B60: =SUMIFS($E:$E,$H:$H,A60,$G:$G,$A$58) -> 0 | L60: =auxalimen!I6 -> Naranjas | M60: =SUMIFS($P:$P,$R:$R,L60,$Q:$Q,$L$55) -> 0
A61: =aux!Q5 -> Madrid | B61: =SUMIFS($E:$E,$H:$H,A61,$G:$G,$A$58) -> 0 | L61: =auxalimen!I7 -> Peras | M61: =SUMIFS($P:$P,$R:$R,L61,$Q:$Q,$L$55) -> 0
A62: =aux!Q6 -> Pozuelo | B62: =SUMIFS($E:$E,$H:$H,A62,$G:$G,$A$58) -> 0 | L62: =auxalimen!I8 -> Plátanos | M62: =SUMIFS($P:$P,$R:$R,L62,$Q:$Q,$L$55) -> 0
A63: =aux!Q7 -> Otros | B63: =SUMIFS($E:$E,$H:$H,A63,$G:$G,$A$58) -> 0 | L63: =auxalimen!I9 -> Otras | M63: =SUMIFS($P:$P,$R:$R,L63,$Q:$Q,$L$55) -> 0
A64: =aux!R2 -> Compras | B64: =SUM(B65:B74) -> 0 | L64: =auxalimen!J1 -> Lácteos | M64: =SUM(M65:M69) -> 0
A65: =aux!R3 -> Calzado | B65: =SUMIFS($E:$E,$H:$H,A65,$G:$G,$A$64) -> 0 | L65: =auxalimen!J2 -> Huevos | M65: =SUMIFS($P:$P,$R:$R,L65,$Q:$Q,$L$64) -> 0
A66: =aux!R4 -> Correos | B66: =SUMIFS($E:$E,$H:$H,A66,$G:$G,$A$64) -> 0 | L66: =auxalimen!J3 -> Leche de avena | M66: =SUMIFS($P:$P,$R:$R,L66,$Q:$Q,$L$64) -> 0
A67: =aux!R5 -> Deporte | B67: =SUMIFS($E:$E,$H:$H,A67,$G:$G,$A$64) -> 0 | L67: =auxalimen!J4 -> Mantequilla | M67: =SUMIFS($P:$P,$R:$R,L67,$Q:$Q,$L$64) -> 0
A68: =aux!R6 -> Entretenimiento | B68: =SUMIFS($E:$E,$H:$H,A68,$G:$G,$A$64) -> 0 | L68: =auxalimen!J5 -> Quesos | M68: =SUMIFS($P:$P,$R:$R,L68,$Q:$Q,$L$64) -> 0
A69: =aux!R7 -> Formación | B69: =SUMIFS($E:$E,$H:$H,A69,$G:$G,$A$64) -> 0 | L69: =auxalimen!J6 -> Otros | M69: =SUMIFS($P:$P,$R:$R,L69,$Q:$Q,$L$64) -> 0
A70: =aux!R8 -> Hobbies | B70: =SUMIFS($E:$E,$H:$H,A70,$G:$G,$A$64) -> 0 | L70: =auxalimen!K1 -> Pasta | M70: =SUM(M71:M75) -> 0
A71: =aux!R9 -> Loterías | B71: =SUMIFS($E:$E,$H:$H,A71,$G:$G,$A$64) -> 0 | L71: =auxalimen!K2 -> Espirales | M71: =SUMIFS($P:$P,$R:$R,L71,$Q:$Q,$L$70) -> 0
A72: =aux!R10 -> Regalos | B72: =SUMIFS($E:$E,$H:$H,A72,$G:$G,$A$64) -> 0 | L72: =auxalimen!K3 -> Macarrones | M72: =SUMIFS($P:$P,$R:$R,L72,$Q:$Q,$L$70) -> 0
A73: =aux!R11 -> Ropa | B73: =SUMIFS($E:$E,$H:$H,A73,$G:$G,$A$64) -> 0 | L73: =auxalimen!K4 -> Nidos | M73: =SUMIFS($P:$P,$R:$R,L73,$Q:$Q,$L$70) -> 0
A74: =aux!R12 -> Tecnología | B74: =SUMIFS($E:$E,$H:$H,A74,$G:$G,$A$64) -> 0 | L74: =auxalimen!K5 -> Tallarines | M74: =SUMIFS($P:$P,$R:$R,L74,$Q:$Q,$L$70) -> 0
A75: =aux!R13 -> Otros | B75: =SUMIFS($E:$E,$H:$H,A75,$G:$G,$A$64) -> 0 | L75: =auxalimen!K6 -> Otros | M75: =SUMIFS($P:$P,$R:$R,L75,$Q:$Q,$L$70) -> 0
A76: =aux!S2 -> Viajes | B76: =SUM(B77:B90) -> 0 | L76: =auxalimen!L1 -> Pescados | M76: =SUM(M77:M80) -> 0
A77: =aux!S3 -> Aduanas | B77: =SUMIFS($E:$E,$H:$H,A77,$G:$G,$A$76) -> 0 | L77: =auxalimen!L2 -> Mejillones | M77: =SUMIFS($P:$P,$R:$R,L77,$Q:$Q,$L$76) -> 0
A78: =aux!S4 -> Alojamiento | B78: =SUMIFS($E:$E,$H:$H,A78,$G:$G,$A$76) -> 0 | L78: =auxalimen!L3 -> Merluza | M78: =SUMIFS($P:$P,$R:$R,L78,$Q:$Q,$L$76) -> 0
A79: =aux!S5 -> Alojamiento Lucas | B79: =SUMIFS($E:$E,$H:$H,A79,$G:$G,$A$76) -> 0 | L79: =auxalimen!L4 -> Salmón | M79: =SUMIFS($P:$P,$R:$R,L79,$Q:$Q,$L$76) -> 0
A80: =aux!S6 -> Alquiler de coche | B80: =SUMIFS($E:$E,$H:$H,A80,$G:$G,$A$76) -> 0 | L80: =auxalimen!L5 -> Otros | M80: =SUMIFS($P:$P,$R:$R,L80,$Q:$Q,$L$76) -> 0
A81: =aux!S7 -> Aviones | B81: =SUMIFS($E:$E,$H:$H,A81,$G:$G,$A$76) -> 0 | L81: =auxalimen!M1 -> Postres | M81: =SUM(M82:M85) -> 0
A82: =aux!S8 -> Comida | B82: =SUMIFS($E:$E,$H:$H,A82,$G:$G,$A$76) -> 0 | L82: =auxalimen!M2 -> Gelatina | M82: =SUMIFS($P:$P,$R:$R,L82,$Q:$Q,$L$81) -> 0
A83: =aux!S9 -> Compras | B83: =SUMIFS($E:$E,$H:$H,A83,$G:$G,$A$76) -> 0 | L83: =auxalimen!M3 -> Helado | M83: =SUMIFS($P:$P,$R:$R,L83,$Q:$Q,$L$81) -> 0
A84: =aux!S10 -> Eventos | B84: =SUMIFS($E:$E,$H:$H,A84,$G:$G,$A$76) -> 0 | L84: =auxalimen!M4 -> Yogur | M84: =SUMIFS($P:$P,$R:$R,L84,$Q:$Q,$L$81) -> 0
A85: =aux!S11 -> Gasolina | B85: =SUMIFS($E:$E,$H:$H,A85,$G:$G,$A$76) -> 0 | L85: =auxalimen!M5 -> Otros | M85: =SUMIFS($P:$P,$R:$R,L85,$Q:$Q,$L$81) -> 0
A86: =aux!S12 -> Parking y peajes | B86: =SUMIFS($E:$E,$H:$H,A86,$G:$G,$A$76) -> 0 | L86: =auxalimen!N1 -> Verduras | M86: =SUM(M87:M98) -> 0
A87: =aux!S13 -> Regalos | B87: =SUMIFS($E:$E,$H:$H,A87,$G:$G,$A$76) -> 0 | L87: =auxalimen!N2 -> Brócoli | M87: =SUMIFS($P:$P,$R:$R,L87,$Q:$Q,$L$86) -> 0
A88: =aux!S14 -> Tarjeta de crédito | B88: =SUMIFS($E:$E,$H:$H,A88,$G:$G,$A$76) -> 0 | L88: =auxalimen!N3 -> Calabaza | M88: =SUMIFS($P:$P,$R:$R,L88,$Q:$Q,$L$86) -> 0
A89: =aux!S15 -> Transporte público | B89: =SUMIFS($E:$E,$H:$H,A89,$G:$G,$A$76) -> 0 | L89: =auxalimen!N4 -> Calabacín | M89: =SUMIFS($P:$P,$R:$R,L89,$Q:$Q,$L$86) -> 0
A90: =aux!S16 -> Otros | B90: =SUMIFS($E:$E,$H:$H,A90,$G:$G,$A$76) -> 0 | L90: =auxalimen!N5 -> Canónigos | M90: =SUMIFS($P:$P,$R:$R,L90,$Q:$Q,$L$86) -> 0
L91: =auxalimen!N6 -> Cebollas | M91: =SUMIFS($P:$P,$R:$R,L91,$Q:$Q,$L$86) -> 0
A92: Total gastos | B92: =SUM(B50:B51) -> 0 | L92: =auxalimen!N7 -> Champiñones | M92: =SUMIFS($P:$P,$R:$R,L92,$Q:$Q,$L$86) -> 0
L93: =auxalimen!N8 -> Espárragos | M93: =SUMIFS($P:$P,$R:$R,L93,$Q:$Q,$L$86) -> 0
A94: =aux!C2 -> Ingresos | B94: =SUM(B95:B100) -> 0 | L94: =auxalimen!N9 -> Legumbres | M94: =SUMIFS($P:$P,$R:$R,L94,$Q:$Q,$L$86) -> 0
A95: =aux!C3 -> Devoluciones | B95: =SUMIFS($E:$E,$G:$G,A95,$F:$F,$A$94) -> 0 | L95: =auxalimen!N10 -> Patatas | M95: =SUMIFS($P:$P,$R:$R,L95,$Q:$Q,$L$86) -> 0
A96: =aux!C4 -> INEM | B96: =SUMIFS($E:$E,$G:$G,A96,$F:$F,$A$94) -> 0 | L96: =auxalimen!N11 -> Tomates | M96: =SUMIFS($P:$P,$R:$R,L96,$Q:$Q,$L$86) -> 0
A97: =aux!C5 -> Intereses | B97: =SUMIFS($E:$E,$G:$G,A97,$F:$F,$A$94) -> 0 | L97: =auxalimen!N12 -> Zanahorias | M97: =SUMIFS($P:$P,$R:$R,L97,$Q:$Q,$L$86) -> 0
A98: =aux!C6 -> Nómina | B98: =SUMIFS($E:$E,$G:$G,A98,$F:$F,$A$94) -> 0 | L98: =auxalimen!N13 -> Otras | M98: =SUMIFS($P:$P,$R:$R,L98,$Q:$Q,$L$86) -> 0
A99: =aux!C7 -> Ventas | B99: =SUMIFS($E:$E,$G:$G,A99,$F:$F,$A$94) -> 0 | L99: Total | M99: =SUM(M2,M9,M16,M23,M29,M36,M42,M49,M55,M64,M70,M76,M81,M86) -> 0
A100: =aux!C8 -> Otros | B100: =SUMIFS($E:$E,$G:$G,A100,$F:$F,$A$94) -> 0
...

Sheet Gastos 2020
A1: 2020 | B1: Enero | C1: Febrero | D1: Marzo | E1: Abril | F1: Mayo | G1: Junio | H1: Julio | I1: Agosto | J1: Septiembre | K1: Octubre | L1: Noviembre | M1: Diciembre | N1: Total | O1: Media por mes | P1: Media total
A2: =aux!D2 -> Hogar | B2: =Enero!B2 -> 0 | C2: =Febrero!B2 -> 0 | N2: =SUM(B2:M2) -> 0 | O2: =N2/2 -> 0 | P2: =N2/12 -> 0
A3: =aux!D3 -> Alimentación | B3: =Enero!B3 -> 0 | C3: =Febrero!B3 -> 0 | N3: =SUM(B3:M3) -> 0 | O3: =N3/2 -> 0 | P3: =N3/12 -> 0
A4: =aux!G3 -> Ahorra Más | B4: =Enero!B4 -> 0 | C4: =Febrero!B4 -> 0 | N4: =SUM(B4:M4) -> 0 | O4: =N4/2 -> 0 | P4: =N4/12 -> 0
A5: =aux!G4 -> Aldi | B5: =Enero!B5 -> 0 | C5: =Febrero!B5 -> 0 | N5: =SUM(B5:M5) -> 0 | O5: =N5/2 -> 0 | P5: =N5/12 -> 0
A6: =aux!G5 -> Baratas | B6: =Enero!B6 -> 0 | C6: =Febrero!B6 -> 0 | N6: =SUM(B6:M6) -> 0 | O6: =N6/2 -> 0 | P6: =N6/12 -> 0
A7: =aux!G6 -> Carrefour | B7: =Enero!B7 -> 0 | C7: =Febrero!B7 -> 0 | N7: =SUM(B7:M7) -> 0 | O7: =N7/2 -> 0 | P7: =N7/12 -> 0
A8: =aux!G7 -> Chino | B8: =Enero!B8 -> 0 | C8: =Febrero!B8 -> 0 | N8: =SUM(B8:M8) -> 0 | O8: =N8/2 -> 0 | P8: =N8/12 -> 0
A9: =aux!G8 -> Mercadillo | B9: =Enero!B9 -> 0 | C9: =Febrero!B9 -> 0 | N9: =SUM(B9:M9) -> 0 | O9: =N9/2 -> 0 | P9: =N9/12 -> 0
A10: =aux!G9 -> Mercadona | B10: =Enero!B10 -> 0 | C10: =Febrero!B10 -> 0 | N10: =SUM(B10:M10) -> 0 | O10: =N10/2 -> 0 | P10: =N10/12 -> 0
A11: =aux!G10 -> Shell | B11: =Enero!B11 -> 0 | C11: =Febrero!B11 -> 0 | N11: =SUM(B11:M11) -> 0 | O11: =N11/2 -> 0 | P11: =N11/12 -> 0
A12: =aux!G11 -> Valentín | B12: =Enero!B12 -> 0 | C12: =Febrero!B12 -> 0 | N12: =SUM(B12:M12) -> 0 | O12: =N12/2 -> 0 | P12: =N12/12 -> 0
A13: =aux!G12 -> Otros | B13: =Enero!B13 -> 0 | C13: =Febrero!B13 -> 0 | N13: =SUM(B13:M13) -> 0 | O13: =N13/2 -> 0 | P13: =N13/12 -> 0
A14: =aux!D4 -> GastosCasa | B14: =Enero!B14 -> 0 | C14: =Febrero!B14 -> 0 | N14: =SUM(B14:M14) -> 0 | O14: =N14/2 -> 0 | P14: =N14/12 -> 0
A15: =aux!H3 -> Alquiler | B15: =Enero!B15 -> 0 | C15: =Febrero!B15 -> 0 | N15: =SUM(B15:M15) -> 0 | O15: =N15/2 -> 0 | P15: =N15/12 -> 0
A16: =aux!H4 -> Aseo | B16: =Enero!B16 -> 0 | C16: =Febrero!B16 -> 0 | N16: =SUM(B16:M16) -> 0 | O16: =N16/2 -> 0 | P16: =N16/12 -> 0
A17: =aux!H5 -> Compras para casa | B17: =Enero!B17 -> 0 | C17: =Febrero!B17 -> 0 | N17: =SUM(B17:M17) -> 0 | O17: =N17/2 -> 0 | P17: =N17/12 -> 0
A18: =aux!H6 -> Doc. Imp. Multas | B18: =Enero!B18 -> 0 | C18: =Febrero!B18 -> 0 | N18: =SUM(B18:M18) -> 0 | O18: =N18/2 -> 0 | P18: =N18/12 -> 0
A19: =aux!H7 -> Productos limpieza | B19: =Enero!B19 -> 0 | C19: =Febrero!B19 -> 0 | N19: =SUM(B19:M19) -> 0 | O19: =N19/2 -> 0 | P19: =N19/12 -> 0
A20: =aux!H8 -> Salud | B20: =Enero!B20 -> 0 | C20: =Febrero!B20 -> 0 | N20: =SUM(B20:M20) -> 0 | O20: =N20/2 -> 0 | P20: =N20/12 -> 0
A21: =aux!D5 -> Lucas | B21: =Enero!B21 -> 0 | C21: =Febrero!B21 -> 0 | N21: =SUM(B21:M21) -> 0 | O21: =N21/2 -> 0 | P21: =N21/12 -> 0
A22: =aux!I3 -> Complementos | B22: =Enero!B22 -> 0 | C22: =Febrero!B22 -> 0 | N22: =SUM(B22:M22) -> 0 | O22: =N22/2 -> 0 | P22: =N22/12 -> 0
A23: =aux!I4 -> Chucherías | B23: =Enero!B23 -> 0 | C23: =Febrero!B23 -> 0 | N23: =SUM(B23:M23) -> 0 | O23: =N23/2 -> 0 | P23: =N23/12 -> 0
A24: =aux!I5 -> Piensos | B24: =Enero!B24 -> 0 | C24: =Febrero!B24 -> 0 | N24: =SUM(B24:M24) -> 0 | O24: =N24/2 -> 0 | P24: =N24/12 -> 0
A25: =aux!I6 -> Pollo | B25: =Enero!B25 -> 0 | C25: =Febrero!B25 -> 0 | N25: =SUM(B25:M25) -> 0 | O25: =N25/2 -> 0 | P25: =N25/12 -> 0
A26: =aux!I7 -> Veterinario | B26: =Enero!B26 -> 0 | C26: =Febrero!B26 -> 0 | N26: =SUM(B26:M26) -> 0 | O26: =N26/2 -> 0 | P26: =N26/12 -> 0
A27: =aux!D6 -> Recibos | B27: =Enero!B27 -> 0 | C27: =Febrero!B27 -> 0 | N27: =SUM(B27:M27) -> 0 | O27: =N27/2 -> 0 | P27: =N27/12 -> 0
A28: =aux!J3 -> Canal Isabel II | B28: =Enero!B28 -> 0 | C28: =Febrero!B28 -> 0 | N28: =SUM(B28:M28) -> 0 | O28: =N28/2 -> 0 | P28: =N28/12 -> 0
A29: =aux!J4 -> Gas Natural | B29: =Enero!B29 -> 0 | C29: =Febrero!B29 -> 0 | N29: =SUM(B29:M29) -> 0 | O29: =N29/2 -> 0 | P29: =N29/12 -> 0
A30: =aux!J5 -> Iberdrola | B30: =Enero!B30 -> 0 | C30: =Febrero!B30 -> 0 | N30: =SUM(B30:M30) -> 0 | O30: =N30/2 -> 0 | P30: =N30/12 -> 0
A31: =aux!J6 -> Lowi | B31: =Enero!B31 -> 0 | C31: =Febrero!B31 -> 0 | N31: =SUM(B31:M31) -> 0 | O31: =N31/2 -> 0 | P31: =N31/12 -> 0
A32: =aux!J7 -> Varios | B32: =Enero!B32 -> 0 | C32: =Febrero!B32 -> 0 | N32: =SUM(B32:M32) -> 0 | O32: =N32/2 -> 0 | P32: =N32/12 -> 0
A33: =aux!E2 -> Transporte | B33: =Enero!B33 -> 0 | C33: =Febrero!B33 -> 0 | N33: =SUM(B33:M33) -> 0 | O33: =N33/2 -> 0 | P33: =N33/12 -> 0
A34: =aux!E3 -> JoseMari | B34: =Enero!B34 -> 0 | C34: =Febrero!B34 -> 0 | N34: =SUM(B34:M34) -> 0 | O34: =N34/2 -> 0 | P34: =N34/12 -> 0
A35: =aux!L3 -> Complementos | B35: =Enero!B35 -> 0 | C35: =Febrero!B35 -> 0 | N35: =SUM(B35:M35) -> 0 | O35: =N35/2 -> 0 | P35: =N35/12 -> 0
A36: =aux!L4 -> Gasolina | B36: =Enero!B36 -> 0 | C36: =Febrero!B36 -> 0 | N36: =SUM(B36:M36) -> 0 | O36: =N36/2 -> 0 | P36: =N36/12 -> 0
A37: =aux!L5 -> Imp. Multas y seguro | B37: =Enero!B37 -> 0 | C37: =Febrero!B37 -> 0 | N37: =SUM(B37:M37) -> 0 | O37: =N37/2 -> 0 | P37: =N37/12 -> 0
A38: =aux!L6 -> Taller | B38: =Enero!B38 -> 0 | C38: =Febrero!B38 -> 0 | N38: =SUM(B38:M38) -> 0 | O38: =N38/2 -> 0 | P38: =N38/12 -> 0
A39: =aux!E4 -> MariCarmen | B39: =Enero!B39 -> 0 | C39: =Febrero!B39 -> 0 | N39: =SUM(B39:M39) -> 0 | O39: =N39/2 -> 0 | P39: =N39/12 -> 0
A40: =aux!M3 -> Complementos | B40: =Enero!B40 -> 0 | C40: =Febrero!B40 -> 0 | N40: =SUM(B40:M40) -> 0 | O40: =N40/2 -> 0 | P40: =N40/12 -> 0
A41: =aux!M4 -> Gasolina | B41: =Enero!B41 -> 0 | C41: =Febrero!B41 -> 0 | N41: =SUM(B41:M41) -> 0 | O41: =N41/2 -> 0 | P41: =N41/12 -> 0
A42: =aux!M5 -> Imp. Multas y seguro | B42: =Enero!B42 -> 0 | C42: =Febrero!B42 -> 0 | N42: =SUM(B42:M42) -> 0 | O42: =N42/2 -> 0 | P42: =N42/12 -> 0
A43: =aux!M6 -> Taller | B43: =Enero!B43 -> 0 | C43: =Febrero!B43 -> 0 | N43: =SUM(B43:M43) -> 0 | O43: =N43/2 -> 0 | P43: =N43/12 -> 0
A44: =aux!E5 -> OtrosTrans | B44: =Enero!B44 -> 0 | C44: =Febrero!B44 -> 0 | N44: =SUM(B44:M44) -> 0 | O44: =N44/2 -> 0 | P44: =N44/12 -> 0
A45: =aux!N3 -> Autobús / Metro | B45: =Enero!B45 -> 0 | C45: =Febrero!B45 -> 0 | N45: =SUM(B45:M45) -> 0 | O45: =N45/2 -> 0 | P45: =N45/12 -> 0
A46: =aux!N4 -> Cercanías | B46: =Enero!B46 -> 0 | C46: =Febrero!B46 -> 0 | N46: =SUM(B46:M46) -> 0 | O46: =N46/2 -> 0 | P46: =N46/12 -> 0
A47: =aux!N5 -> Parking | B47: =Enero!B47 -> 0 | C47: =Febrero!B47 -> 0 | N47: =SUM(B47:M47) -> 0 | O47: =N47/2 -> 0 | P47: =N47/12 -> 0
A48: =aux!N6 -> Vespa gasolina | B48: =Enero!B48 -> 0 | C48: =Febrero!B48 -> 0 | N48: =SUM(B48:M48) -> 0 | O48: =N48/2 -> 0 | P48: =N48/12 -> 0
A49: =aux!N7 -> Vespa taller | B49: =Enero!B49 -> 0 | C49: =Febrero!B49 -> 0 | N49: =SUM(B49:M49) -> 0 | O49: =N49/2 -> 0 | P49: =N49/12 -> 0
A50: =aux!A1 -> Obligatorios | B50: =Enero!B50 -> 0 | C50: =Febrero!B50 -> 0 | N50: =SUM(B50:M50) -> 0 | O50: =N50/2 -> 0 | P50: =N50/12 -> 0
A51: =aux!A4 -> Ocio | B51: =Enero!B51 -> 0 | C51: =Febrero!B51 -> 0 | N51: =SUM(B51:M51) -> 0 | O51: =N51/2 -> 0 | P51: =N51/12 -> 0
A52: =aux!P2 -> Bebida | B52: =Enero!B52 -> 0 | C52: =Febrero!B52 -> 0 | N52: =SUM(B52:M52) -> 0 | O52: =N52/2 -> 0 | P52: =N52/12 -> 0
A53: =aux!P3 -> Alcalá | B53: =Enero!B53 -> 0 | C53: =Febrero!B53 -> 0 | N53: =SUM(B53:M53) -> 0 | O53: =N53/2 -> 0 | P53: =N53/12 -> 0
A54: =aux!P4 -> Cerceda | B54: =Enero!B54 -> 0 | C54: =Febrero!B54 -> 0 | N54: =SUM(B54:M54) -> 0 | O54: =N54/2 -> 0 | P54: =N54/12 -> 0
A55: =aux!P5 -> Madrid | B55: =Enero!B55 -> 0 | C55: =Febrero!B55 -> 0 | N55: =SUM(B55:M55) -> 0 | O55: =N55/2 -> 0 | P55: =N55/12 -> 0
A56: =aux!P6 -> Pozuelo | B56: =Enero!B56 -> 0 | C56: =Febrero!B56 -> 0 | N56: =SUM(B56:M56) -> 0 | O56: =N56/2 -> 0 | P56: =N56/12 -> 0
A57: =aux!P7 -> Otros | B57: =Enero!B57 -> 0 | C57: =Febrero!B57 -> 0 | N57: =SUM(B57:M57) -> 0 | O57: =N57/2 -> 0 | P57: =N57/12 -> 0
A58: =aux!Q2 -> Comida | B58: =Enero!B58 -> 0 | C58: =Febrero!B58 -> 0 | N58: =SUM(B58:M58) -> 0 | O58: =N58/2 -> 0 | P58: =N58/12 -> 0
A59: =aux!Q3 -> Alcalá | B59: =Enero!B59 -> 0 | C59: =Febrero!B59 -> 0 | N59: =SUM(B59:M59) -> 0 | O59: =N59/2 -> 0 | P59: =N59/12 -> 0
A60: =aux!Q4 -> Cerceda | B60: =Enero!B60 -> 0 | C60: =Febrero!B60 -> 0 | N60: =SUM(B60:M60) -> 0 | O60: =N60/2 -> 0 | P60: =N60/12 -> 0
A61: =aux!Q5 -> Madrid | B61: =Enero!B61 -> 0 | C61: =Febrero!B61 -> 0 | N61: =SUM(B61:M61) -> 0 | O61: =N61/2 -> 0 | P61: =N61/12 -> 0
A62: =aux!Q6 -> Pozuelo | B62: =Enero!B62 -> 0 | C62: =Febrero!B62 -> 0 | N62: =SUM(B62:M62) -> 0 | O62: =N62/2 -> 0 | P62: =N62/12 -> 0
A63: =aux!Q7 -> Otros | B63: =Enero!B63 -> 0 | C63: =Febrero!B63 -> 0 | N63: =SUM(B63:M63) -> 0 | O63: =N63/2 -> 0 | P63: =N63/12 -> 0
A64: =aux!R2 -> Compras | B64: =Enero!B64 -> 0 | C64: =Febrero!B64 -> 0 | N64: =SUM(B64:M64) -> 0 | O64: =N64/2 -> 0 | P64: =N64/12 -> 0
A65: =aux!R3 -> Calzado | B65: =Enero!B65 -> 0 | C65: =Febrero!B65 -> 0 | N65: =SUM(B65:M65) -> 0 | O65: =N65/2 -> 0 | P65: =N65/12 -> 0
A66: =aux!R4 -> Correos | B66: =Enero!B66 -> 0 | C66: =Febrero!B66 -> 0 | N66: =SUM(B66:M66) -> 0 | O66: =N66/2 -> 0 | P66: =N66/12 -> 0
A67: =aux!R5 -> Deporte | B67: =Enero!B67 -> 0 | C67: =Febrero!B67 -> 0 | N67: =SUM(B67:M67) -> 0 | O67: =N67/2 -> 0 | P67: =N67/12 -> 0
A68: =aux!R6 -> Entretenimiento | B68: =Enero!B68 -> 0 | C68: =Febrero!B68 -> 0 | N68: =SUM(B68:M68) -> 0 | O68: =N68/2 -> 0 | P68: =N68/12 -> 0
A69: =aux!R7 -> Formación | B69: =Enero!B69 -> 0 | C69: =Febrero!B69 -> 0 | N69: =SUM(B69:M69) -> 0 | O69: =N69/2 -> 0 | P69: =N69/12 -> 0
A70: =aux!R8 -> Hobbies | B70: =Enero!B70 -> 0 | C70: =Febrero!B70 -> 0 | N70: =SUM(B70:M70) -> 0 | O70: =N70/2 -> 0 | P70: =N70/12 -> 0
A71: =aux!R9 -> Loterías | B71: =Enero!B71 -> 0 | C71: =Febrero!B71 -> 0 | N71: =SUM(B71:M71) -> 0 | O71: =N71/2 -> 0 | P71: =N71/12 -> 0
A72: =aux!R10 -> Regalos | B72: =Enero!B72 -> 0 | C72: =Febrero!B72 -> 0 | N72: =SUM(B72:M72) -> 0 | O72: =N72/2 -> 0 | P72: =N72/12 -> 0
A73: =aux!R11 -> Ropa | B73: =Enero!B73 -> 0 | C73: =Febrero!B73 -> 0 | N73: =SUM(B73:M73) -> 0 | O73: =N73/2 -> 0 | P73: =N73/12 -> 0
A74: =aux!R12 -> Tecnología | B74: =Enero!B74 -> 0 | C74: =Febrero!B74 -> 0 | N74: =SUM(B74:M74) -> 0 | O74: =N74/2 -> 0 | P74: =N74/12 -> 0
A75: =aux!R13 -> Otros | B75: =Enero!B75 -> 0 | C75: =Febrero!B75 -> 0 | N75: =SUM(B75:M75) -> 0 | O75: =N75/2 -> 0 | P75: =N75/12 -> 0
A76: =aux!S2 -> Viajes | B76: =Enero!B76 -> 0 | C76: =Febrero!B76 -> 0 | N76: =SUM(B76:M76) -> 0 | O76: =N76/2 -> 0 | P76: =N76/12 -> 0
A77: =aux!S3 -> Aduanas | B77: =Enero!B77 -> 0 | C77: =Febrero!B77 -> 0 | N77: =SUM(B77:M77) -> 0 | O77: =N77/2 -> 0 | P77: =N77/12 -> 0
A78: =aux!S4 -> Alojamiento | B78: =Enero!B78 -> 0 | C78: =Febrero!B78 -> 0 | N78: =SUM(B78:M78) -> 0 | O78: =N78/2 -> 0 | P78: =N78/12 -> 0
A79: =aux!S5 -> Alojamiento Lucas | B79: =Enero!B79 -> 0 | C79: =Febrero!B79 -> 0 | N79: =SUM(B79:M79) -> 0 | O79: =N79/2 -> 0 | P79: =N79/12 -> 0
A80: =aux!S6 -> Alquiler de coche | B80: =Enero!B80 -> 0 | C80: =Febrero!B80 -> 0 | N80: =SUM(B80:M80) -> 0 | O80: =N80/2 -> 0 | P80: =N80/12 -> 0
A81: =aux!S7 -> Aviones | B81: =Enero!B81 -> 0 | C81: =Febrero!B81 -> 0 | N81: =SUM(B81:M81) -> 0 | O81: =N81/2 -> 0 | P81: =N81/12 -> 0
A82: =aux!S8 -> Comida | B82: =Enero!B82 -> 0 | C82: =Febrero!B82 -> 0 | N82: =SUM(B82:M82) -> 0 | O82: =N82/2 -> 0 | P82: =N82/12 -> 0
A83: =aux!S9 -> Compras | B83: =Enero!B83 -> 0 | C83: =Febrero!B83 -> 0 | N83: =SUM(B83:M83) -> 0 | O83: =N83/2 -> 0 | P83: =N83/12 -> 0
A84: =aux!S10 -> Eventos | B84: =Enero!B84 -> 0 | C84: =Febrero!B84 -> 0 | N84: =SUM(B84:M84) -> 0 | O84: =N84/2 -> 0 | P84: =N84/12 -> 0
A85: =aux!S11 -> Gasolina | B85: =Enero!B85 -> 0 | C85: =Febrero!B85 -> 0 | N85: =SUM(B85:M85) -> 0 | O85: =N85/2 -> 0 | P85: =N85/12 -> 0
A86: =aux!S12 -> Parking y peajes | B86: =Enero!B86 -> 0 | C86: =Febrero!B86 -> 0 | N86: =SUM(B86:M86) -> 0 | O86: =N86/2 -> 0 | P86: =N86/12 -> 0
A87: =aux!S13 -> Regalos | B87: =Enero!B87 -> 0 | C87: =Febrero!B87 -> 0 | N87: =SUM(B87:M87) -> 0 | O87: =N87/2 -> 0 | P87: =N87/12 -> 0
... A90: =aux!S16 -> Otros | B90: =Enero!B90 -> 0 | C90: =Febrero!B90 -> 0 | N90: =SUM(B90:M90) -> 0 | O90: =N90/2 -> 0 | P90: =N90/12 -> 0
A92: Total gastos | B92: =SUM(B50:B51) -> 0 | C92: =SUM(C50:C51) -> 0 | N92: =SUM(B92:M92) -> 0 | O92: =N92/2 -> 0 | P92: =N92/12 -> 0
A94: =aux!C2 -> Ingresos | B94: =Enero!B94 -> 0 | C94: =Febrero!B94 -> 0 | N94: =SUM(B94:M94) -> 0 | O94: =N94/2 -> 0 | P94: =N94/12 -> 0
A95: =aux!C3 -> Devoluciones | B95: =Enero!B95 -> 0 | C95: =Febrero!B95 -> 0 | N95: =SUM(B95:M95) -> 0 | O95: =N95/2 -> 0 | P95: =N95/12 -> 0
A96: =aux!C4 -> INEM | B96: =Enero!B96 -> 0 | C96: =Febrero!B96 -> 0 | N96: =SUM(B96:M96) -> 0 | O96: =N96/2 -> 0 | P96: =N96/12 -> 0
A97: =aux!C5 -> Intereses | B97: =Enero!B97 -> 0 | C97: =Febrero!B97 -> 0 | N97: =SUM(B97:M97) -> 0 | O97: =N97/2 -> 0 | P97: =N97/12 -> 0
A98: =aux!C6 -> Nómina | B98: =Enero!B98 -> 0 | C98: =Febrero!B98 -> 0 | N98: =SUM(B98:M98) -> 0 | O98: =N98/2 -> 0 | P98: =N98/12 -> 0
A99: =aux!C7 -> Ventas | B99: =Enero!B99 -> 0 | C99: =Febrero!B99 -> 0 | N99: =SUM(B99:M99) -> 0 | O99: =N99/2 -> 0 | P99: =N99/12 -> 0
A100: =aux!C8 -> Otros | B100: =Enero!B100 -> 0 | C100: =Febrero!B100 -> 0 | N100: =SUM(B100:M100) -> 0 | O100: =N100/2 -> 0 | P100: =N100/12 -> 0
A102: Saldo mes | B102: =SUM(B94-B92) -> 0 | C102: =SUM(C94-C92) -> 0 | N102: =SUM(B102:M102) -> 0 | O102: =N102/2 -> 0 | P102: =N102/12 -> 0
A103: Ahorro mes | B103: =IF(B102<0,0,B102) -> 0 | C103: =IF(C102<0,0,C102) -> 0 | N103: =IF(N102<0,0,N102) -> 0 | O103: =IF(O102<0,0,O102) -> 0 | P103: =N103/12 -> 0

Sheet Recibos
A1: Mes | B1: Día | C1: Importe | D1: Tipo | E1: Concepto | F1: Detalle
F67: {=IFERROR(INDEX(#REF!, SMALL(IF(ISERROR(#REF!), "", ROW(#REF!)-MIN(ROW(#REF!))+1), ROW(66:66))),"")}
F68: {=IFERROR(INDEX(#REF!, SMALL(IF(ISERROR(#REF!), "", ROW(#REF!)-MIN(ROW(#REF!))+1), ROW(67:67))),"")}
A69: {=IFERROR(INDEX(#REF!, SMALL(IF(ISERROR(#REF!), "", ROW(#REF!)-MIN(ROW(#REF!))+1), ROW(66:66))),"")} | B69: {=IFERROR(INDEX(#REF!, SMALL(IF(ISERROR(#REF!), "", ROW(#REF!)-MIN(ROW(#REF!))+1), ROW(66:66))),"")} | C69: {=IFERROR(INDEX(#REF!, SMALL(IF(ISERROR(#REF!), "", ROW(#REF!)-MIN(ROW(#REF!))+1), ROW(66:66))),"")} | D69: {=IFERROR(INDEX(#REF!, SMALL(IF(ISERROR(#REF!), "", ROW(#REF!)-MIN(ROW(#REF!))+1), ROW(66:66))),"")} | E69: {=IFERROR(INDEX(#REF!, SMALL(IF(ISERROR(#REF!), "", ROW(#REF!)-MIN(ROW(#REF!))+1), ROW(66:66))),"")} | F69: {=IFERROR(INDEX(#REF!, SMALL(IF(ISERROR(#REF!), "", ROW(#REF!)-MIN(ROW(#REF!))+1), ROW(68:68))),"")}
A70: {=IFERROR(INDEX(#REF!, SMALL(IF(ISERROR(#REF!), "", ROW(#REF!)-MIN(ROW(#REF!))+1), ROW(67:67))),"")} | B70: {=IFERROR(INDEX(#REF!, SMALL(IF(ISERROR(#REF!), "", ROW(#REF!)-MIN(ROW(#REF!))+1), ROW(67:67))),"")} | C70: {=IFERROR(INDEX(#REF!, SMALL(IF(ISERROR(#REF!), "", ROW(#REF!)-MIN(ROW(#REF!))+1), ROW(67:67))),"")} | D70: {=IFERROR(INDEX(#REF!, SMALL(IF(ISERROR(#REF!), "", ROW(#REF!)-MIN(ROW(#REF!))+1), ROW(67:67))),"")} | E70: {=IFERROR(INDEX(#REF!, SMALL(IF(ISERROR(#REF!), "", ROW(#REF!)-MIN(ROW(#REF!))+1), ROW(67:67))),"")} | F70: {=IFERROR(INDEX(#REF!, SMALL(IF(ISERROR(#REF!), "", ROW(#REF!)-MIN(ROW(#REF!))+1), ROW(69:69))),"")}
A71: {=IFERROR(INDEX(#REF!, SMALL(IF(ISERROR(#REF!), "", ROW(#REF!)-MIN(ROW(#REF!))+1), ROW(68:68))),"")} | B71: {=IFERROR(INDEX(#REF!, SMALL(IF(ISERROR(#REF!), "", ROW(#REF!)-MIN(ROW(#REF!))+1), ROW(68:68))),"")} | C71: {=IFERROR(INDEX(#REF!, SMALL(IF(ISERROR(#REF!), "", ROW(#REF!)-MIN(ROW(#REF!))+1), ROW(68:68))),"")} | D71: {=IFERROR(INDEX(#REF!, SMALL(IF(ISERROR(#REF!), "", ROW(#REF!)-MIN(ROW(#REF!))+1), ROW(68:68))),"")} | E71: {=IFERROR(INDEX(#REF!, SMALL(IF(ISERROR(#REF!), "", ROW(#REF!)-MIN(ROW(#REF!))+1), ROW(68:68))),"")} | F71: {=IFERROR(INDEX(#REF!, SMALL(IF(ISERROR(#REF!), "", ROW(#REF!)-MIN(ROW(#REF!))+1), ROW(70:70))),"")}
A72: {=IFERROR(INDEX(#REF!, SMALL(IF(ISERROR(#REF!), "", ROW(#REF!)-MIN(ROW(#REF!))+1), ROW(69:69))),"")} | B72: {=IFERROR(INDEX(#REF!, SMALL(IF(ISERROR(#REF!), "", ROW(#REF!)-MIN(ROW(#REF!))+1), ROW(69:69))),"")} | C72: {=IFERROR(INDEX(#REF!, SMALL(IF(ISERROR(#REF!), "", ROW(#REF!)-MIN(ROW(#REF!))+1), ROW(69:69))),"")} | D72: {=IFERROR(INDEX(#REF!, SMALL(IF(ISERROR(#REF!), "", ROW(#REF!)-MIN(ROW(#REF!))+1), ROW(69:69))),"")} | E72: {=IFERROR(INDEX(#REF!, SMALL(IF(ISERROR(#REF!), "", ROW(#REF!)-MIN(ROW(#REF!))+1), ROW(69:69))),"")} | F72: {=IFERROR(INDEX(#REF!, SMALL(IF(ISERROR(#REF!), "", ROW(#REF!)-MIN(ROW(#REF!))+1), ROW(71:71))),"")}
A73: {=IFERROR(INDEX(#REF!, SMALL(IF(ISERROR(#REF!), "", ROW(#REF!)-MIN(ROW(#REF!))+1), ROW(70:70))),"")} | B73: {=IFERROR(INDEX(#REF!, SMALL(IF(ISERROR(#REF!), "", ROW(#REF!)-MIN(ROW(#REF!))+1), ROW(70:70))),"")} | C73: {=IFERROR(INDEX(#REF!, SMALL(IF(ISERROR(#REF!), "", ROW(#REF!)-MIN(ROW(#REF!))+1), ROW(70:70))),"")} | D73: {=IFERROR(INDEX(#REF!, SMALL(IF(ISERROR(#REF!), "", ROW(#REF!)-MIN(ROW(#REF!))+1), ROW(70:70))),"")} | E73: {=IFERROR(INDEX(#REF!, SMALL(IF(ISERROR(#REF!), "", ROW(#REF!)-MIN(ROW(#REF!))+1), ROW(70:70))),"")} | F73: {=IFERROR(INDEX(#REF!, SMALL(IF(ISERROR(#REF!), "", ROW(#REF!)-MIN(ROW(#REF!))+1), ROW(72:72))),"")}
A74: {=IFERROR(INDEX(#REF!, SMALL(IF(ISERROR(#REF!), "", ROW(#REF!)-MIN(ROW(#REF!))+1), ROW(71:71))),"")} | B74: {=IFERROR(INDEX(#REF!, SMALL(IF(ISERROR(#REF!), "", ROW(#REF!)-MIN(ROW(#REF!))+1), ROW(71:71))),"")} | C74: {=IFERROR(INDEX(#REF!, SMALL(IF(ISERROR(#REF!), "", ROW(#REF!)-MIN(ROW(#REF!))+1), ROW(71:71))),"")} | D74: {=IFERROR(INDEX(#REF!, SMALL(IF(ISERROR(#REF!), "", ROW(#REF!)-MIN(ROW(#REF!))+1), ROW(71:71))),"")} | E74: {=IFERROR(INDEX(#REF!, SMALL(IF(ISERROR(#REF!), "", ROW(#REF!)-MIN(ROW(#REF!))+1), ROW(71:71))),"")} | F74: {=IFERROR(INDEX(#REF!, SMALL(IF(ISERROR(#REF!), "", ROW(#REF!)-MIN(ROW(#REF!))+1), ROW(73:73))),"")}
A75: {=IFERROR(INDEX(#REF!, SMALL(IF(ISERROR(#REF!), "", ROW(#REF!)-MIN(ROW(#REF!))+1), ROW(72:72))),"")} | B75: {=IFERROR(INDEX(#REF!, SMALL(IF(ISERROR(#REF!), "", ROW(#REF!)-MIN(ROW(#REF!))+1), ROW(72:72))),"")} | C75: {=IFERROR(INDEX(#REF!, SMALL(IF(ISERROR(#REF!), "", ROW(#REF!)-MIN(ROW(#REF!))+1), ROW(72:72))),"")} | D75: {=IFERROR(INDEX(#REF!, SMALL(IF(ISERROR(#REF!), "", ROW(#REF!)-MIN(ROW(#REF!))+1), ROW(72:72))),"")} | E75: {=IFERROR(INDEX(#REF!, SMALL(IF(ISERROR(#REF!), "", ROW(#REF!)-MIN(ROW(#REF!))+1), ROW(72:72))),"")} | F75: {=IFERROR(INDEX(#REF!, SMALL(IF(ISERROR(#REF!), "", ROW(#REF!)-MIN(ROW(#REF!))+1), ROW(74:74))),"")}
A76: {=IFERROR(INDEX(#REF!, SMALL(IF(ISERROR(#REF!), "", ROW(#REF!)-MIN(ROW(#REF!))+1), ROW(73:73))),"")} | B76: {=IFERROR(INDEX(#REF!, SMALL(IF(ISERROR(#REF!), "", ROW(#REF!)-MIN(ROW(#REF!))+1), ROW(73:73))),"")} | C76: {=IFERROR(INDEX(#REF!, SMALL(IF(ISERROR(#REF!), "", ROW(#REF!)-MIN(ROW(#REF!))+1), ROW(73:73))),"")} | D76: {=IFERROR(INDEX(#REF!, SMALL(IF(ISERROR(#REF!), "", ROW(#REF!)-MIN(ROW(#REF!))+1), ROW(73:73))),"")} | E76: {=IFERROR(INDEX(#REF!, SMALL(IF(ISERROR(#REF!), "", ROW(#REF!)-MIN(ROW(#REF!))+1), ROW(73:73))),"")} | F76: {=IFERROR(INDEX(#REF!, SMALL(IF(ISERROR(#REF!), "", ROW(#REF!)-MIN(ROW(#REF!))+1), ROW(75:75))),"")}
A77: {=IFERROR(INDEX(#REF!, SMALL(IF(ISERROR(#REF!), "", ROW(#REF!)-MIN(ROW(#REF!))+1), ROW(74:74))),"")} | B77: {=IFERROR(INDEX(#REF!, SMALL(IF(ISERROR(#REF!), "", ROW(#REF!)-MIN(ROW(#REF!))+1), ROW(74:74))),"")} | C77: {=IFERROR(INDEX(#REF!, SMALL(IF(ISERROR(#REF!), "", ROW(#REF!)-MIN(ROW(#REF!))+1), ROW(74:74))),"")} | D77: {=IFERROR(INDEX(#REF!, SMALL(IF(ISERROR(#REF!), "", ROW(#REF!)-MIN(ROW(#REF!))+1), ROW(74:74))),"")} | E77: {=IFERROR(INDEX(#REF!, SMALL(IF(ISERROR(#REF!), "", ROW(#REF!)-MIN(ROW(#REF!))+1), ROW(74:74))),"")} | F77: {=IFERROR(INDEX(#REF!, SMALL(IF(ISERROR(#REF!), "", ROW(#REF!)-MIN(ROW(#REF!))+1), ROW(76:76))),"")}
A78: {=IFERROR(INDEX(#REF!, SMALL(IF(ISERROR(#REF!), "", ROW(#REF!)-MIN(ROW(#REF!))+1), ROW(75:75))),"")} | B78: {=IFERROR(INDEX(#REF!, SMALL(IF(ISERROR(#REF!), "", ROW(#REF!)-MIN(ROW(#REF!))+1), ROW(75:75))),"")} | C78: {=IFERROR(INDEX(#REF!, SMALL(IF(ISERROR(#REF!), "", ROW(#REF!)-MIN(ROW(#REF!))+1), ROW(75:75))),"")} | D78: {=IFERROR(INDEX(#REF!, SMALL(IF(ISERROR(#REF!), "", ROW(#REF!)-MIN(ROW(#REF!))+1), ROW(75:75))),"")} | E78: {=IFERROR(INDEX(#REF!, SMALL(IF(ISERROR(#REF!), "", ROW(#REF!)-MIN(ROW(#REF!))+1), ROW(75:75))),"")} | F78: {=IFERROR(INDEX(#REF!, SMALL(IF(ISERROR(#REF!), "", ROW(#REF!)-MIN(ROW(#REF!))+1), ROW(77:77))),"")}
A79: {=IFERROR(INDEX(#REF!, SMALL(IF(ISERROR(#REF!), "", ROW(#REF!)-MIN(ROW(#REF!))+1), ROW(76:76))),"")} | B79: {=IFERROR(INDEX(#REF!, SMALL(IF(ISERROR(#REF!), "", ROW(#REF!)-MIN(ROW(#REF!))+1), ROW(76:76))),"")} | C79: {=IFERROR(INDEX(#REF!, SMALL(IF(ISERROR(#REF!), "", ROW(#REF!)-MIN(ROW(#REF!))+1), ROW(76:76))),"")} | D79: {=IFERROR(INDEX(#REF!, SMALL(IF(ISERROR(#REF!), "", ROW(#REF!)-MIN(ROW(#REF!))+1), ROW(76:76))),"")} | E79: {=IFERROR(INDEX(#REF!, SMALL(IF(ISERROR(#REF!), "", ROW(#REF!)-MIN(ROW(#REF!))+1), ROW(76:76))),"")} | F79: {=IFERROR(INDEX(#REF!, SMALL(IF(ISERROR(#REF!), "", ROW(#REF!)-MIN(ROW(#REF!))+1), ROW(78:78))),"")}
A80: {=IFERROR(INDEX(#REF!, SMALL(IF(ISERROR(#REF!), "", ROW(#REF!)-MIN(ROW(#REF!))+1), ROW(77:77))),"")} | B80: {=IFERROR(INDEX(#REF!, SMALL(IF(ISERROR(#REF!), "", ROW(#REF!)-MIN(ROW(#REF!))+1), ROW(77:77))),"")} | C80: {=IFERROR(INDEX(#REF!, SMALL(IF(ISERROR(#REF!), "", ROW(#REF!)-MIN(ROW(#REF!))+1), ROW(77:77))),"")} | D80: {=IFERROR(INDEX(#REF!, SMALL(IF(ISERROR(#REF!), "", ROW(#REF!)-MIN(ROW(#REF!))+1), ROW(77:77))),"")} | E80: {=IFERROR(INDEX(#REF!, SMALL(IF(ISERROR(#REF!), "", ROW(#REF!)-MIN(ROW(#REF!))+1), ROW(77:77))),"")} | F80: {=IFERROR(INDEX(#REF!, SMALL(IF(ISERROR(#REF!), "", ROW(#REF!)-MIN(ROW(#REF!))+1), ROW(79:79))),"")}
A81: {=IFERROR(INDEX(#REF!, SMALL(IF(ISERROR(#REF!), "", ROW(#REF!)-MIN(ROW(#REF!))+1), ROW(78:78))),"")} | B81: {=IFERROR(INDEX(#REF!, SMALL(IF(ISERROR(#REF!), "", ROW(#REF!)-MIN(ROW(#REF!))+1), ROW(78:78))),"")} | C81: {=IFERROR(INDEX(#REF!, SMALL(IF(ISERROR(#REF!), "", ROW(#REF!)-MIN(ROW(#REF!))+1), ROW(78:78))),"")} | D81: {=IFERROR(INDEX(#REF!, SMALL(IF(ISERROR(#REF!), "", ROW(#REF!)-MIN(ROW(#REF!))+1), ROW(78:78))),"")} | E81: {=IFERROR(INDEX(#REF!, SMALL(IF(ISERROR(#REF!), "", ROW(#REF!)-MIN(ROW(#REF!))+1), ROW(78:78))),"")} | F81: {=IFERROR(INDEX(#REF!, SMALL(IF(ISERROR(#REF!), "", ROW(#REF!)-MIN(ROW(#REF!))+1), ROW(80:80))),"")}
A82: {=IFERROR(INDEX(#REF!, SMALL(IF(ISERROR(#REF!), "", ROW(#REF!)-MIN(ROW(#REF!))+1), ROW(79:79))),"")} | B82: {=IFERROR(INDEX(#REF!, SMALL(IF(ISERROR(#REF!), "", ROW(#REF!)-MIN(ROW(#REF!))+1), ROW(79:79))),"")} | C82: {=IFERROR(INDEX(#REF!, SMALL(IF(ISERROR(#REF!), "", ROW(#REF!)-MIN(ROW(#REF!))+1), ROW(79:79))),"")} | D82: {=IFERROR(INDEX(#REF!, SMALL(IF(ISERROR(#REF!), "", ROW(#REF!)-MIN(ROW(#REF!))+1), ROW(79:79))),"")} | E82: {=IFERROR(INDEX(#REF!, SMALL(IF(ISERROR(#REF!), "", ROW(#REF!)-MIN(ROW(#REF!))+1), ROW(79:79))),"")} | F82: {=IFERROR(INDEX(#REF!, SMALL(IF(ISERROR(#REF!), "", ROW(#REF!)-MIN(ROW(#REF!))+1), ROW(81:81))),"")}
A83: {=IFERROR(INDEX(#REF!, SMALL(IF(ISERROR(#REF!), "", ROW(#REF!)-MIN(ROW(#REF!))+1), ROW(80:80))),"")} | B83: {=IFERROR(INDEX(#REF!, SMALL(IF(ISERROR(#REF!), "", ROW(#REF!)-MIN(ROW(#REF!))+1), ROW(80:80))),"")} | C83: {=IFERROR(INDEX(#REF!, SMALL(IF(ISERROR(#REF!), "", ROW(#REF!)-MIN(ROW(#REF!))+1), ROW(80:80))),"")} | D83: {=IFERROR(INDEX(#REF!, SMALL(IF(ISERROR(#REF!), "", ROW(#REF!)-MIN(ROW(#REF!))+1), ROW(80:80))),"")} | E83: {=IFERROR(INDEX(#REF!, SMALL(IF(ISERROR(#REF!), "", ROW(#REF!)-MIN(ROW(#REF!))+1), ROW(80:80))),"")} | F83: {=IFERROR(INDEX(#REF!, SMALL(IF(ISERROR(#REF!), "", ROW(#REF!)-MIN(ROW(#REF!))+1), ROW(82:82))),"")}
A84: {=IFERROR(INDEX(#REF!, SMALL(IF(ISERROR(#REF!), "", ROW(#REF!)-MIN(ROW(#REF!))+1), ROW(81:81))),"")} | B84: {=IFERROR(INDEX(#REF!, SMALL(IF(ISERROR(#REF!), "", ROW(#REF!)-MIN(ROW(#REF!))+1), ROW(81:81))),"")} | C84: {=IFERROR(INDEX(#REF!, SMALL(IF(ISERROR(#REF!), "", ROW(#REF!)-MIN(ROW(#REF!))+1), ROW(81:81))),"")} | D84: {=IFERROR(INDEX(#REF!, SMALL(IF(ISERROR(#REF!), "", ROW(#REF!)-MIN(ROW(#REF!))+1), ROW(81:81))),"")} | E84: {=IFERROR(INDEX(#REF!, SMALL(IF(ISERROR(#REF!), "", ROW(#REF!)-MIN(ROW(#REF!))+1), ROW(81:81))),"")} | F84: {=IFERROR(INDEX(#REF!, SMALL(IF(ISERROR(#REF!), "", ROW(#REF!)-MIN(ROW(#REF!))+1), ROW(83:83))),"")}
A85: {=IFERROR(INDEX(#REF!, SMALL(IF(ISERROR(#REF!), "", ROW(#REF!)-MIN(ROW(#REF!))+1), ROW(82:82))),"")} | B85: {=IFERROR(INDEX(#REF!, SMALL(IF(ISERROR(#REF!), "", ROW(#REF!)-MIN(ROW(#REF!))+1), ROW(82:82))),"")} | C85: {=IFERROR(INDEX(#REF!, SMALL(IF(ISERROR(#REF!), "", ROW(#REF!)-MIN(ROW(#REF!))+1), ROW(82:82))),"")} | D85: {=IFERROR(INDEX(#REF!, SMALL(IF(ISERROR(#REF!), "", ROW(#REF!)-MIN(ROW(#REF!))+1), ROW(82:82))),"")} | E85: {=IFERROR(INDEX(#REF!, SMALL(IF(ISERROR(#REF!), "", ROW(#REF!)-MIN(ROW(#REF!))+1), ROW(82:82))),"")} | F85: {=IFERROR(INDEX(#REF!, SMALL(IF(ISERROR(#REF!), "", ROW(#REF!)-MIN(ROW(#REF!))+1), ROW(84:84))),"")}
A86: {=IFERROR(INDEX(#REF!, SMALL(IF(ISERROR(#REF!), "", ROW(#REF!)-MIN(ROW(#REF!))+1), ROW(83:83))),"")} | B86: {=IFERROR(INDEX(#REF!, SMALL(IF(ISERROR(#REF!), "", ROW(#REF!)-MIN(ROW(#REF!))+1), ROW(83:83))),"")} | C86: {=IFERROR(INDEX(#REF!, SMALL(IF(ISERROR(#REF!), "", ROW(#REF!)-MIN(ROW(#REF!))+1), ROW(83:83))),"")} | D86: {=IFERROR(INDEX(#REF!, SMALL(IF(ISERROR(#REF!), "", ROW(#REF!)-MIN(ROW(#REF!))+1), ROW(83:83))),"")} | E86: {=IFERROR(INDEX(#REF!, SMALL(IF(ISERROR(#REF!), "", ROW(#REF!)-MIN(ROW(#REF!))+1), ROW(83:83))),"")} | F86: {=IFERROR(INDEX(#REF!, SMALL(IF(ISERROR(#REF!), "", ROW(#REF!)-MIN(ROW(#REF!))+1), ROW(85:85))),"")}
A87: {=IFERROR(INDEX(#REF!, SMALL(IF(ISERROR(#REF!), "", ROW(#REF!)-MIN(ROW(#REF!))+1), ROW(84:84))),"")} | B87: {=IFERROR(INDEX(#REF!, SMALL(IF(ISERROR(#REF!), "", ROW(#REF!)-MIN(ROW(#REF!))+1), ROW(84:84))),"")} | C87: {=IFERROR(INDEX(#REF!, SMALL(IF(ISERROR(#REF!), "", ROW(#REF!)-MIN(ROW(#REF!))+1), ROW(84:84))),"")} | D87: {=IFERROR(INDEX(#REF!, SMALL(IF(ISERROR(#REF!), "", ROW(#REF!)-MIN(ROW(#REF!))+1), ROW(84:84))),"")} | E87: {=IFERROR(INDEX(#REF!, SMALL(IF(ISERROR(#REF!), "", ROW(#REF!)-MIN(ROW(#REF!))+1), ROW(84:84))),"")} | F87: {=IFERROR(INDEX(#REF!, SMALL(IF(ISERROR(#REF!), "", ROW(#REF!)-MIN(ROW(#REF!))+1), ROW(86:86))),"")}
A88: {=IFERROR(INDEX(#REF!, SMALL(IF(ISERROR(#REF!), "", ROW(#REF!)-MIN(ROW(#REF!))+1), ROW(85:85))),"")} | B88: {=IFERROR(INDEX(#REF!, SMALL(IF(ISERROR(#REF!), "", ROW(#REF!)-MIN(ROW(#REF!))+1), ROW(85:85))),"")} | C88: {=IFERROR(INDEX(#REF!, SMALL(IF(ISERROR(#REF!), "", ROW(#REF!)-MIN(ROW(#REF!))+1), ROW(85:85))),"")} | D88: {=IFERROR(INDEX(#REF!, SMALL(IF(ISERROR(#REF!), "", ROW(#REF!)-MIN(ROW(#REF!))+1), ROW(85:85))),"")} | E88: {=IFERROR(INDEX(#REF!, SMALL(IF(ISERROR(#REF!), "", ROW(#REF!)-MIN(ROW(#REF!))+1), ROW(85:85))),"")} | F88: {=IFERROR(INDEX(#REF!, SMALL(IF(ISERROR(#REF!), "", ROW(#REF!)-MIN(ROW(#REF!))+1), ROW(87:87))),"")}
A89: {=IFERROR(INDEX(#REF!, SMALL(IF(ISERROR(#REF!), "", ROW(#REF!)-MIN(ROW(#REF!))+1), ROW(86:86))),"")} | B89: {=IFERROR(INDEX(#REF!, SMALL(IF(ISERROR(#REF!), "", ROW(#REF!)-MIN(ROW(#REF!))+1), ROW(86:86))),"")} | C89: {=IFERROR(INDEX(#REF!, SMALL(IF(ISERROR(#REF!), "", ROW(#REF!)-MIN(ROW(#REF!))+1), ROW(86:86))),"")} | D89: {=IFERROR(INDEX(#REF!, SMALL(IF(ISERROR(#REF!), "", ROW(#REF!)-MIN(ROW(#REF!))+1), ROW(86:86))),"")} | E89: {=IFERROR(INDEX(#REF!, SMALL(IF(ISERROR(#REF!), "", ROW(#REF!)-MIN(ROW(#REF!))+1), ROW(86:86))),"")} | F89: {=IFERROR(INDEX(#REF!, SMALL(IF(ISERROR(#REF!), "", ROW(#REF!)-MIN(ROW(#REF!))+1), ROW(88:88))),"")}
A90: {=IFERROR(INDEX(#REF!, SMALL(IF(ISERROR(#REF!), "", ROW(#REF!)-MIN(ROW(#REF!))+1), ROW(87:87))),"")} | B90: {=IFERROR(INDEX(#REF!, SMALL(IF(ISERROR(#REF!), "", ROW(#REF!)-MIN(ROW(#REF!))+1), ROW(87:87))),"")} | C90: {=IFERROR(INDEX(#REF!, SMALL(IF(ISERROR(#REF!), "", ROW(#REF!)-MIN(ROW(#REF!))+1), ROW(87:87))),"")} | D90: {=IFERROR(INDEX(#REF!, SMALL(IF(ISERROR(#REF!), "", ROW(#REF!)-MIN(ROW(#REF!))+1), ROW(87:87))),"")} | E90: {=IFERROR(INDEX(#REF!, SMALL(IF(ISERROR(#REF!), "", ROW(#REF!)-MIN(ROW(#REF!))+1), ROW(87:87))),"")} | F90: {=IFERROR(INDEX(#REF!, SMALL(IF(ISERROR(#REF!), "", ROW(#REF!)-MIN(ROW(#REF!))+1), ROW(89:89))),"")}
A91: {=IFERROR(INDEX(#REF!, SMALL(IF(ISERROR(#REF!), "", ROW(#REF!)-MIN(ROW(#REF!))+1), ROW(88:88))),"")} | B91: {=IFERROR(INDEX(#REF!, SMALL(IF(ISERROR(#REF!), "", ROW(#REF!)-MIN(ROW(#REF!))+1), ROW(88:88))),"")} | C91: {=IFERROR(INDEX(#REF!, SMALL(IF(ISERROR(#REF!), "", ROW(#REF!)-MIN(ROW(#REF!))+1), ROW(88:88))),"")} | D91: {=IFERROR(INDEX(#REF!, SMALL(IF(ISERROR(#REF!), "", ROW(#REF!)-MIN(ROW(#REF!))+1), ROW(88:88))),"")} | E91: {=IFERROR(INDEX(#REF!, SMALL(IF(ISERROR(#REF!), "", ROW(#REF!)-MIN(ROW(#REF!))+1), ROW(88:88))),"")} | F91: {=IFERROR(INDEX(#REF!, SMALL(IF(ISERROR(#REF!), "", ROW(#REF!)-MIN(ROW(#REF!))+1), ROW(90:90))),"")}
A92: {=IFERROR(INDEX(#REF!, SMALL(IF(ISERROR(#REF!), "", ROW(#REF!)-MIN(ROW(#REF!))+1), ROW(89:89))),"")} | B92: {=IFERROR(INDEX(#REF!, SMALL(IF(ISERROR(#REF!), "", ROW(#REF!)-MIN(ROW(#REF!))+1), ROW(89:89))),"")} | C92: {=IFERROR(INDEX(#REF!, SMALL(IF(ISERROR(#REF!), "", ROW(#REF!)-MIN(ROW(#REF!))+1), ROW(89:89))),"")} | D92: {=IFERROR(INDEX(#REF!, SMALL(IF(ISERROR(#REF!), "", ROW(#REF!)-MIN(ROW(#REF!))+1), ROW(89:89))),"")} | E92: {=IFERROR(INDEX(#REF!, SMALL(IF(ISERROR(#REF!), "", ROW(#REF!)-MIN(ROW(#REF!))+1), ROW(89:89))),"")} | F92: {=IFERROR(INDEX(#REF!, SMALL(IF(ISERROR(#REF!), "", ROW(#REF!)-MIN(ROW(#REF!))+1), ROW(91:91))),"")}
A93: {=IFERROR(INDEX(#REF!, SMALL(IF(ISERROR(#REF!), "", ROW(#REF!)-MIN(ROW(#REF!))+1), ROW(90:90))),"")} | B93: {=IFERROR(INDEX(#REF!, SMALL(IF(ISERROR(#REF!), "", ROW(#REF!)-MIN(ROW(#REF!))+1), ROW(90:90))),"")} | C93: {=IFERROR(INDEX(#REF!, SMALL(IF(ISERROR(#REF!), "", ROW(#REF!)-MIN(ROW(#REF!))+1), ROW(90:90))),"")} | D93: {=IFERROR(INDEX(#REF!, SMALL(IF(ISERROR(#REF!), "", ROW(#REF!)-MIN(ROW(#REF!))+1), ROW(90:90))),"")} | E93: {=IFERROR(INDEX(#REF!, SMALL(IF(ISERROR(#REF!), "", ROW(#REF!)-MIN(ROW(#REF!))+1), ROW(90:90))),"")} | F93: {=IFERROR(INDEX(#REF!, SMALL(IF(ISERROR(#REF!), "", ROW(#REF!)-MIN(ROW(#REF!))+1), ROW(92:92))),"")}
A94: {=IFERROR(INDEX(#REF!, SMALL(IF(ISERROR(#REF!), "", ROW(#REF!)-MIN(ROW(#REF!))+1), ROW(91:91))),"")} | B94: {=IFERROR(INDEX(#REF!, SMALL(IF(ISERROR(#REF!), "", ROW(#REF!)-MIN(ROW(#REF!))+1), ROW(91:91))),"")} | C94: {=IFERROR(INDEX(#REF!, SMALL(IF(ISERROR(#REF!), "", ROW(#REF!)-MIN(ROW(#REF!))+1), ROW(91:91))),"")} | D94: {=IFERROR(INDEX(#REF!, SMALL(IF(ISERROR(#REF!), "", ROW(#REF!)-MIN(ROW(#REF!))+1), ROW(91:91))),"")} | E94: {=IFERROR(INDEX(#REF!, SMALL(IF(ISERROR(#REF!), "", ROW(#REF!)-MIN(ROW(#REF!))+1), ROW(91:91))),"")} | F94: {=IFERROR(INDEX(#REF!, SMALL(IF(ISERROR(#REF!), "", ROW(#REF!)-MIN(ROW(#REF!))+1), ROW(93:93))),"")}
A95: {=IFERROR(INDEX(#REF!, SMALL(IF(ISERROR(#REF!), "", ROW(#REF!)-MIN(ROW(#REF!))+1), ROW(92:92))),"")} | B95: {=IFERROR(INDEX(#REF!, SMALL(IF(ISERROR(#REF!), "", ROW(#REF!)-MIN(ROW(#REF!))+1), ROW(92:92))),"")} | C95: {=IFERROR(INDEX(#REF!, SMALL(IF(ISERROR(#REF!), "", ROW(#REF!)-MIN(ROW(#REF!))+1), ROW(92:92))),"")} | D95: {=IFERROR(INDEX(#REF!, SMALL(IF(ISERROR(#REF!), "", ROW(#REF!)-MIN(ROW(#REF!))+1), ROW(92:92))),"")} | E95: {=IFERROR(INDEX(#REF!, SMALL(IF(ISERROR(#REF!), "", ROW(#REF!)-MIN(ROW(#REF!))+1), ROW(92:92))),"")} | F95: {=IFERROR(INDEX(#REF!, SMALL(IF(ISERROR(#REF!), "", ROW(#REF!)-MIN(ROW(#REF!))+1), ROW(94:94))),"")}
A96: {=IFERROR(INDEX(#REF!, SMALL(IF(ISERROR(#REF!), "", ROW(#REF!)-MIN(ROW(#REF!))+1), ROW(93:93))),"")} | B96: {=IFERROR(INDEX(#REF!, SMALL(IF(ISERROR(#REF!), "", ROW(#REF!)-MIN(ROW(#REF!))+1), ROW(93:93))),"")} | C96: {=IFERROR(INDEX(#REF!, SMALL(IF(ISERROR(#REF!), "", ROW(#REF!)-MIN(ROW(#REF!))+1), ROW(93:93))),"")} | D96: {=IFERROR(INDEX(#REF!, SMALL(IF(ISERROR(#REF!), "", ROW(#REF!)-MIN(ROW(#REF!))+1), ROW(93:93))),"")} | E96: {=IFERROR(INDEX(#REF!, SMALL(IF(ISERROR(#REF!), "", ROW(#REF!)-MIN(ROW(#REF!))+1), ROW(93:93))),"")} | F96: {=IFERROR(INDEX(#REF!, SMALL(IF(ISERROR(#REF!), "", ROW(#REF!)-MIN(ROW(#REF!))+1), ROW(95:95))),"")}
A97: {=IFERROR(INDEX(#REF!, SMALL(IF(ISERROR(#REF!), "", ROW(#REF!)-MIN(ROW(#REF!))+1), ROW(94:94))),"")} | B97: {=IFERROR(INDEX(#REF!, SMALL(IF(ISERROR(#REF!), "", ROW(#REF!)-MIN(ROW(#REF!))+1), ROW(94:94))),"")} | C97: {=IFERROR(INDEX(#REF!, SMALL(IF(ISERROR(#REF!), "", ROW(#REF!)-MIN(ROW(#REF!))+1), ROW(94:94))),"")} | D97: {=IFERROR(INDEX(#REF!, SMALL(IF(ISERROR(#REF!), "", ROW(#REF!)-MIN(ROW(#REF!))+1), ROW(94:94))),"")} | E97: {=IFERROR(INDEX(#REF!, SMALL(IF(ISERROR(#REF!), "", ROW(#REF!)-MIN(ROW(#REF!))+1), ROW(94:94))),"")} | F97: {=IFERROR(INDEX(#REF!, SMALL(IF(ISERROR(#REF!), "", ROW(#REF!)-MIN(ROW(#REF!))+1), ROW(96:96))),"")}
A98: {=IFERROR(INDEX(#REF!, SMALL(IF(ISERROR(#REF!), "", ROW(#REF!)-MIN(ROW(#REF!))+1), ROW(95:95))),"")} | B98: {=IFERROR(INDEX(#REF!, SMALL(IF(ISERROR(#REF!), "", ROW(#REF!)-MIN(ROW(#REF!))+1), ROW(95:95))),"")} | C98: {=IFERROR(INDEX(#REF!, SMALL(IF(ISERROR(#REF!), "", ROW(#REF!)-MIN(ROW(#REF!))+1), ROW(95:95))),"")} | D98: {=IFERROR(INDEX(#REF!, SMALL(IF(ISERROR(#REF!), "", ROW(#REF!)-MIN(ROW(#REF!))+1), ROW(95:95))),"")} | E98: {=IFERROR(INDEX(#REF!, SMALL(IF(ISERROR(#REF!), "", ROW(#REF!)-MIN(ROW(#REF!))+1), ROW(95:95))),"")} | F98: {=IFERROR(INDEX(#REF!, SMALL(IF(ISERROR(#REF!), "", ROW(#REF!)-MIN(ROW(#REF!))+1), ROW(97:97))),"")}
A99: {=IFERROR(INDEX(#REF!, SMALL(IF(ISERROR(#REF!), "", ROW(#REF!)-MIN(ROW(#REF!))+1), ROW(96:96))),"")} | B99: {=IFERROR(INDEX(#REF!, SMALL(IF(ISERROR(#REF!), "", ROW(#REF!)-MIN(ROW(#REF!))+1), ROW(96:96))),"")} | C99: {=IFERROR(INDEX(#REF!, SMALL(IF(ISERROR(#REF!), "", ROW(#REF!)-MIN(ROW(#REF!))+1), ROW(96:96))),"")} | D99: {=IFERROR(INDEX(#REF!, SMALL(IF(ISERROR(#REF!), "", ROW(#REF!)-MIN(ROW(#REF!))+1), ROW(96:96))),"")} | E99: {=IFERROR(INDEX(#REF!, SMALL(IF(ISERROR(#REF!), "", ROW(#REF!)-MIN(ROW(#REF!))+1), ROW(96:96))),"")} | F99: {=IFERROR(INDEX(#REF!, SMALL(IF(ISERROR(#REF!), "", ROW(#REF!)-MIN(ROW(#REF!))+1), ROW(98:98))),"")}
A100: {=IFERROR(INDEX(#REF!, SMALL(IF(ISERROR(#REF!), "", ROW(#REF!)-MIN(ROW(#REF!))+1), ROW(97:97))),"")} | B100: {=IFERROR(INDEX(#REF!, SMALL(IF(ISERROR(#REF!), "", ROW(#REF!)-MIN(ROW(#REF!))+1), ROW(97:97))),"")} | C100: {=IFERROR(INDEX(#REF!, SMALL(IF(ISERROR(#REF!), "", ROW(#REF!)-MIN(ROW(#REF!))+1), ROW(97:97))),"")} | D100: {=IFERROR(INDEX(#REF!, SMALL(IF(ISERROR(#REF!), "", ROW(#REF!)-MIN(ROW(#REF!))+1), ROW(97:97))),"")} | E100: {=IFERROR(INDEX(#REF!, SMALL(IF(ISERROR(#REF!), "", ROW(#REF!)-MIN(ROW(#REF!))+1), ROW(97:97))),"")} | F100: {=IFERROR(INDEX(#REF!, SMALL(IF(ISERROR(#REF!), "", ROW(#REF!)-MIN(ROW(#REF!))+1), ROW(99:99))),"")}
A101: {=IFERROR(INDEX(#REF!, SMALL(IF(ISERROR(#REF!), "", ROW(#REF!)-MIN(ROW(#REF!))+1), ROW(98:98))),"")} | B101: {=IFERROR(INDEX(#REF!, SMALL(IF(ISERROR(#REF!), "", ROW(#REF!)-MIN(ROW(#REF!))+1), ROW(98:98))),"")} | C101: {=IFERROR(INDEX(#REF!, SMALL(IF(ISERROR(#REF!), "", ROW(#REF!)-MIN(ROW(#REF!))+1), ROW(98:98))),"")} | D101: {=IFERROR(INDEX(#REF!, SMALL(IF(ISERROR(#REF!), "", ROW(#REF!)-MIN(ROW(#REF!))+1), ROW(98:98))),"")} | E101: {=IFERROR(INDEX(#REF!, SMALL(IF(ISERROR(#REF!), "", ROW(#REF!)-MIN(ROW(#REF!))+1), ROW(98:98))),"")} | F101: {=IFERROR(INDEX(#REF!, SMALL(IF(ISERROR(#REF!), "", ROW(#REF!)-MIN(ROW(#REF!))+1), ROW(100:100))),"")}
A102: {=IFERROR(INDEX(#REF!, SMALL(IF(ISERROR(#REF!), "", ROW(#REF!)-MIN(ROW(#REF!))+1), ROW(99:99))),"")} | B102: {=IFERROR(INDEX(#REF!, SMALL(IF(ISERROR(#REF!), "", ROW(#REF!)-MIN(ROW(#REF!))+1), ROW(99:99))),"")} | C102: {=IFERROR(INDEX(#REF!, SMALL(IF(ISERROR(#REF!), "", ROW(#REF!)-MIN(ROW(#REF!))+1), ROW(99:99))),"")} | D102: {=IFERROR(INDEX(#REF!, SMALL(IF(ISERROR(#REF!), "", ROW(#REF!)-MIN(ROW(#REF!))+1), ROW(99:99))),"")} | E102: {=IFERROR(INDEX(#REF!, SMALL(IF(ISERROR(#REF!), "", ROW(#REF!)-MIN(ROW(#REF!))+1), ROW(99:99))),"")} | F102: {=IFERROR(INDEX(#REF!, SMALL(IF(ISERROR(#REF!), "", ROW(#REF!)-MIN(ROW(#REF!))+1), ROW(101:101))),"")}
A103: {=IFERROR(INDEX(#REF!, SMALL(IF(ISERROR(#REF!), "", ROW(#REF!)-MIN(ROW(#REF!))+1), ROW(100:100))),"")} | B103: {=IFERROR(INDEX(#REF!, SMALL(IF(ISERROR(#REF!), "", ROW(#REF!)-MIN(ROW(#REF!))+1), ROW(100:100))),"")} | C103: {=IFERROR(INDEX(#REF!, SMALL(IF(ISERROR(#REF!), "", ROW(#REF!)-MIN(ROW(#REF!))+1), ROW(100:100))),"")} | D103: {=IFERROR(INDEX(#REF!, SMALL(IF(ISERROR(#REF!), "", ROW(#REF!)-MIN(ROW(#REF!))+1), ROW(100:100))),"")} | E103: {=IFERROR(INDEX(#REF!, SMALL(IF(ISERROR(#REF!), "", ROW(#REF!)-MIN(ROW(#REF!))+1), ROW(100:100))),"")} | F103: {=IFERROR(INDEX(#REF!, SMALL(IF(ISERROR(#REF!), "", ROW(#REF!)-MIN(ROW(#REF!))+1), ROW(102:102))),"")}
A104: {=IFERROR(INDEX(#REF!, SMALL(IF(ISERROR(#REF!), "", ROW(#REF!)-MIN(ROW(#REF!))+1), ROW(101:101))),"")} | B104: {=IFERROR(INDEX(#REF!, SMALL(IF(ISERROR(#REF!), "", ROW(#REF!)-MIN(ROW(#REF!))+1), ROW(101:101))),"")} | C104: {=IFERROR(INDEX(#REF!, SMALL(IF(ISERROR(#REF!), "", ROW(#REF!)-MIN(ROW(#REF!))+1), ROW(101:101))),"")} | D104: {=IFERROR(INDEX(#REF!, SMALL(IF(ISERROR(#REF!), "", ROW(#REF!)-MIN(ROW(#REF!))+1), ROW(101:101))),"")} | E104: {=IFERROR(INDEX(#REF!, SMALL(IF(ISERROR(#REF!), "", ROW(#REF!)-MIN(ROW(#REF!))+1), ROW(101:101))),"")} | F104: {=IFERROR(INDEX(#REF!, SMALL(IF(ISERROR(#REF!), "", ROW(#REF!)-MIN(ROW(#REF!))+1), ROW(103:103))),"")}
A105: {=IFERROR(INDEX(#REF!, SMALL(IF(ISERROR(#REF!), "", ROW(#REF!)-MIN(ROW(#REF!))+1), ROW(102:102))),"")} | B105: {=IFERROR(INDEX(#REF!, SMALL(IF(ISERROR(#REF!), "", ROW(#REF!)-MIN(ROW(#REF!))+1), ROW(102:102))),"")} | C105: {=IFERROR(INDEX(#REF!, SMALL(IF(ISERROR(#REF!), "", ROW(#REF!)-MIN(ROW(#REF!))+1), ROW(102:102))),"")} | D105: {=IFERROR(INDEX(#REF!, SMALL(IF(ISERROR(#REF!), "", ROW(#REF!)-MIN(ROW(#REF!))+1), ROW(102:102))),"")} | E105: {=IFERROR(INDEX(#REF!, SMALL(IF(ISERROR(#REF!), "", ROW(#REF!)-MIN(ROW(#REF!))+1), ROW(102:102))),"")} | F105: {=IFERROR(INDEX(#REF!, SMALL(IF(ISERROR(#REF!), "", ROW(#REF!)-MIN(ROW(#REF!))+1), ROW(104:104))),"")}
A106: {=IFERROR(INDEX(#REF!, SMALL(IF(ISERROR(#REF!), "", ROW(#REF!)-MIN(ROW(#REF!))+1), ROW(103:103))),"")} | B106: {=IFERROR(INDEX(#REF!, SMALL(IF(ISERROR(#REF!), "", ROW(#REF!)-MIN(ROW(#REF!))+1), ROW(103:103))),"")} | C106: {=IFERROR(INDEX(#REF!, SMALL(IF(ISERROR(#REF!), "", ROW(#REF!)-MIN(ROW(#REF!))+1), ROW(103:103))),"")} | D106: {=IFERROR(INDEX(#REF!, SMALL(IF(ISERROR(#REF!), "", ROW(#REF!)-MIN(ROW(#REF!))+1), ROW(103:103))),"")} | E106: {=IFERROR(INDEX(#REF!, SMALL(IF(ISERROR(#REF!), "", ROW(#REF!)-MIN(ROW(#REF!))+1), ROW(103:103))),"")} | F106: {=IFERROR(INDEX(#REF!, SMALL(IF(ISERROR(#REF!), "", ROW(#REF!)-MIN(ROW(#REF!))+1), ROW(105:105))),"")}
A107: {=IFERROR(INDEX(#REF!, SMALL(IF(ISERROR(#REF!), "", ROW(#REF!)-MIN(ROW(#REF!))+1), ROW(104:104))),"")} | B107: {=IFERROR(INDEX(#REF!, SMALL(IF(ISERROR(#REF!), "", ROW(#REF!)-MIN(ROW(#REF!))+1), ROW(104:104))),"")} | C107: {=IFERROR(INDEX(#REF!, SMALL(IF(ISERROR(#REF!), "", ROW(#REF!)-MIN(ROW(#REF!))+1), ROW(104:104))),"")} | D107: {=IFERROR(INDEX(#REF!, SMALL(IF(ISERROR(#REF!), "", ROW(#REF!)-MIN(ROW(#REF!))+1), ROW(104:104))),"")} | E107: {=IFERROR(INDEX(#REF!, SMALL(IF(ISERROR(#REF!), "", ROW(#REF!)-MIN(ROW(#REF!))+1), ROW(104:104))),"")} | F107: {=IFERROR(INDEX(#REF!, SMALL(IF(ISERROR(#REF!), "", ROW(#REF!)-MIN(ROW(#REF!))+1), ROW(106:106))),"")}
A108: {=IFERROR(INDEX(#REF!, SMALL(IF(ISERROR(#REF!), "", ROW(#REF!)-MIN(ROW(#REF!))+1), ROW(105:105))),"")} | B108: {=IFERROR(INDEX(#REF!, SMALL(IF(ISERROR(#REF!), "", ROW(#REF!)-MIN(ROW(#REF!))+1), ROW(105:105))),"")} | C108: {=IFERROR(INDEX(#REF!, SMALL(IF(ISERROR(#REF!), "", ROW(#REF!)-MIN(ROW(#REF!))+1), ROW(105:105))),"")} | D108: {=IFERROR(INDEX(#REF!, SMALL(IF(ISERROR(#REF!), "", ROW(#REF!)-MIN(ROW(#REF!))+1), ROW(105:105))),"")} | E108: {=IFERROR(INDEX(#REF!, SMALL(IF(ISERROR(#REF!), "", ROW(#REF!)-MIN(ROW(#REF!))+1), ROW(105:105))),"")} | F108: {=IFERROR(INDEX(#REF!, SMALL(IF(ISERROR(#REF!), "", ROW(#REF!)-MIN(ROW(#REF!))+1), ROW(107:107))),"")}
A109: {=IFERROR(INDEX(#REF!, SMALL(IF(ISERROR(#REF!), "", ROW(#REF!)-MIN(ROW(#REF!))+1), ROW(106:106))),"")} | B109: {=IFERROR(INDEX(#REF!, SMALL(IF(ISERROR(#REF!), "", ROW(#REF!)-MIN(ROW(#REF!))+1), ROW(106:106))),"")} | C109: {=IFERROR(INDEX(#REF!, SMALL(IF(ISERROR(#REF!), "", ROW(#REF!)-MIN(ROW(#REF!))+1), ROW(106:106))),"")} | D109: {=IFERROR(INDEX(#REF!, SMALL(IF(ISERROR(#REF!), "", ROW(#REF!)-MIN(ROW(#REF!))+1), ROW(106:106))),"")} | E109: {=IFERROR(INDEX(#REF!, SMALL(IF(ISERROR(#REF!), "", ROW(#REF!)-MIN(ROW(#REF!))+1), ROW(106:106))),"")} | F109: {=IFERROR(INDEX(#REF!, SMALL(IF(ISERROR(#REF!), "", ROW(#REF!)-MIN(ROW(#REF!))+1), ROW(108:108))),"")}
A110: {=IFERROR(INDEX(#REF!, SMALL(IF(ISERROR(#REF!), "", ROW(#REF!)-MIN(ROW(#REF!))+1), ROW(107:107))),"")} | B110: {=IFERROR(INDEX(#REF!, SMALL(IF(ISERROR(#REF!), "", ROW(#REF!)-MIN(ROW(#REF!))+1), ROW(107:107))),"")} | C110: {=IFERROR(INDEX(#REF!, SMALL(IF(ISERROR(#REF!), "", ROW(#REF!)-MIN(ROW(#REF!))+1), ROW(107:107))),"")} | D110: {=IFERROR(INDEX(#REF!, SMALL(IF(ISERROR(#REF!), "", ROW(#REF!)-MIN(ROW(#REF!))+1), ROW(107:107))),"")} | E110: {=IFERROR(INDEX(#REF!, SMALL(IF(ISERROR(#REF!), "", ROW(#REF!)-MIN(ROW(#REF!))+1), ROW(107:107))),"")} | F110: {=IFERROR(INDEX(#REF!, SMALL(IF(ISERROR(#REF!), "", ROW(#REF!)-MIN(ROW(#REF!))+1), ROW(109:109))),"")}
A111: {=IFERROR(INDEX(#REF!, SMALL(IF(ISERROR(#REF!), "", ROW(#REF!)-MIN(ROW(#REF!))+1), ROW(108:108))),"")} | B111: {=IFERROR(INDEX(#REF!, SMALL(IF(ISERROR(#REF!), "", ROW(#REF!)-MIN(ROW(#REF!))+1), ROW(108:108))),"")} | C111: {=IFERROR(INDEX(#REF!, SMALL(IF(ISERROR(#REF!), "", ROW(#REF!)-MIN(ROW(#REF!))+1), ROW(108:108))),"")} | D111: {=IFERROR(INDEX(#REF!, SMALL(IF(ISERROR(#REF!), "", ROW(#REF!)-MIN(ROW(#REF!))+1), ROW(108:108))),"")} | E111: {=IFERROR(INDEX(#REF!, SMALL(IF(ISERROR(#REF!), "", ROW(#REF!)-MIN(ROW(#REF!))+1), ROW(108:108))),"")} | F111: {=IFERROR(INDEX(#REF!, SMALL(IF(ISERROR(#REF!), "", ROW(#REF!)-MIN(ROW(#REF!))+1), ROW(110:110))),"")}
A112: {=IFERROR(INDEX(#REF!, SMALL(IF(ISERROR(#REF!), "", ROW(#REF!)-MIN(ROW(#REF!))+1), ROW(109:109))),"")} | B112: {=IFERROR(INDEX(#REF!, SMALL(IF(ISERROR(#REF!), "", ROW(#REF!)-MIN(ROW(#REF!))+1), ROW(109:109))),"")} | C112: {=IFERROR(INDEX(#REF!, SMALL(IF(ISERROR(#REF!), "", ROW(#REF!)-MIN(ROW(#REF!))+1), ROW(109:109))),"")} | D112: {=IFERROR(INDEX(#REF!, SMALL(IF(ISERROR(#REF!), "", ROW(#REF!)-MIN(ROW(#REF!))+1), ROW(109:109))),"")} | E112: {=IFERROR(INDEX(#REF!, SMALL(IF(ISERROR(#REF!), "", ROW(#REF!)-MIN(ROW(#REF!))+1), ROW(109:109))),"")} | F112: {=IFERROR(INDEX(#REF!, SMALL(IF(ISERROR(#REF!), "", ROW(#REF!)-MIN(ROW(#REF!))+1), ROW(111:111))),"")}
A113: {=IFERROR(INDEX(#REF!, SMALL(IF(ISERROR(#REF!), "", ROW(#REF!)-MIN(ROW(#REF!))+1), ROW(110:110))),"")} | B113: {=IFERROR(INDEX(#REF!, SMALL(IF(ISERROR(#REF!), "", ROW(#REF!)-MIN(ROW(#REF!))+1), ROW(110:110))),"")} | C113: {=IFERROR(INDEX(#REF!, SMALL(IF(ISERROR(#REF!), "", ROW(#REF!)-MIN(ROW(#REF!))+1), ROW(110:110))),"")} | D113: {=IFERROR(INDEX(#REF!, SMALL(IF(ISERROR(#REF!), "", ROW(#REF!)-MIN(ROW(#REF!))+1), ROW(110:110))),"")} | E113: {=IFERROR(INDEX(#REF!, SMALL(IF(ISERROR(#REF!), "", ROW(#REF!)-MIN(ROW(#REF!))+1), ROW(110:110))),"")} | F113: {=IFERROR(INDEX(#REF!, SMALL(IF(ISERROR(#REF!), "", ROW(#REF!)-MIN(ROW(#REF!))+1), ROW(112:112))),"")}
A114: {=IFERROR(INDEX(#REF!, SMALL(IF(ISERROR(#REF!), "", ROW(#REF!)-MIN(ROW(#REF!))+1), ROW(111:111))),"")} | B114: {=IFERROR(INDEX(#REF!, SMALL(IF(ISERROR(#REF!), "", ROW(#REF!)-MIN(ROW(#REF!))+1), ROW(111:111))),"")} | C114: {=IFERROR(INDEX(#REF!, SMALL(IF(ISERROR(#REF!), "", ROW(#REF!)-MIN(ROW(#REF!))+1), ROW(111:111))),"")} | D114: {=IFERROR(INDEX(#REF!, SMALL(IF(ISERROR(#REF!), "", ROW(#REF!)-MIN(ROW(#REF!))+1), ROW(111:111))),"")} | E114: {=IFERROR(INDEX(#REF!, SMALL(IF(ISERROR(#REF!), "", ROW(#REF!)-MIN(ROW(#REF!))+1), ROW(111:111))),"")} | F114: {=IFERROR(INDEX(#REF!, SMALL(IF(ISERROR(#REF!), "", ROW(#REF!)-MIN(ROW(#REF!))+1), ROW(113:113))),"")}
A115: {=IFERROR(INDEX(#REF!, SMALL(IF(ISERROR(#REF!), "", ROW(#REF!)-MIN(ROW(#REF!))+1), ROW(112:112))),"")} | B115: {=IFERROR(INDEX(#REF!, SMALL(IF(ISERROR(#REF!), "", ROW(#REF!)-MIN(ROW(#REF!))+1), ROW(112:112))),"")} | C115: {=IFERROR(INDEX(#REF!, SMALL(IF(ISERROR(#REF!), "", ROW(#REF!)-MIN(ROW(#REF!))+1), ROW(112:112))),"")} | D115: {=IFERROR(INDEX(#REF!, SMALL(IF(ISERROR(#REF!), "", ROW(#REF!)-MIN(ROW(#REF!))+1), ROW(112:112))),"")} | E115: {=IFERROR(INDEX(#REF!, SMALL(IF(ISERROR(#REF!), "", ROW(#REF!)-MIN(ROW(#REF!))+1), ROW(112:112))),"")} | F115: {=IFERROR(INDEX(#REF!, SMALL(IF(ISERROR(#REF!), "", ROW(#REF!)-MIN(ROW(#REF!))+1), ROW(114:114))),"")}
A116: {=IFERROR(INDEX(#REF!, SMALL(IF(ISERROR(#REF!), "", ROW(#REF!)-MIN(ROW(#REF!))+1), ROW(113:113))),"")} | B116: {=IFERROR(INDEX(#REF!, SMALL(IF(ISERROR(#REF!), "", ROW(#REF!)-MIN(ROW(#REF!))+1), ROW(113:113))),"")} | C116: {=IFERROR(INDEX(#REF!, SMALL(IF(ISERROR(#REF!), "", ROW(#REF!)-MIN(ROW(#REF!))+1), ROW(113:113))),"")} | D116: {=IFERROR(INDEX(#REF!, SMALL(IF(ISERROR(#REF!), "", ROW(#REF!)-MIN(ROW(#REF!))+1), ROW(113:113))),"")} | E116: {=IFERROR(INDEX(#REF!, SMALL(IF(ISERROR(#REF!), "", ROW(#REF!)-MIN(ROW(#REF!))+1), ROW(113:113))),"")} | F116: {=IFERROR(INDEX(#REF!, SMALL(IF(ISERROR(#REF!), "", ROW(#REF!)-MIN(ROW(#REF!))+1), ROW(115:115))),"")}
A117: {=IFERROR(INDEX(#REF!, SMALL(IF(ISERROR(#REF!), "", ROW(#REF!)-MIN(ROW(#REF!))+1), ROW(114:114))),"")} | B117: {=IFERROR(INDEX(#REF!, SMALL(IF(ISERROR(#REF!), "", ROW(#REF!)-MIN(ROW(#REF!))+1), ROW(114:114))),"")} | C117: {=IFERROR(INDEX(#REF!, SMALL(IF(ISERROR(#REF!), "", ROW(#REF!)-MIN(ROW(#REF!))+1), ROW(114:114))),"")} | D117: {=IFERROR(INDEX(#REF!, SMALL(IF(ISERROR(#REF!), "", ROW(#REF!)-MIN(ROW(#REF!))+1), ROW(114:114))),"")} | E117: {=IFERROR(INDEX(#REF!, SMALL(IF(ISERROR(#REF!), "", ROW(#REF!)-MIN(ROW(#REF!))+1), ROW(114:114))),"")} | F117: {=IFERROR(INDEX(#REF!, SMALL(IF(ISERROR(#REF!), "", ROW(#REF!)-MIN(ROW(#REF!))+1), ROW(116:116))),"")}
A118: {=IFERROR(INDEX(#REF!, SMALL(IF(ISERROR(#REF!), "", ROW(#REF!)-MIN(ROW(#REF!))+1), ROW(115:115))),"")} | B118: {=IFERROR(INDEX(#REF!, SMALL(IF(ISERROR(#REF!), "", ROW(#REF!)-MIN(ROW(#REF!))+1), ROW(115:115))),"")} | C118: {=IFERROR(INDEX(#REF!, SMALL(IF(ISERROR(#REF!), "", ROW(#REF!)-MIN(ROW(#REF!))+1), ROW(115:115))),"")} | D118: {=IFERROR(INDEX(#REF!, SMALL(IF(ISERROR(#REF!), "", ROW(#REF!)-MIN(ROW(#REF!))+1), ROW(115:115))),"")} | E118: {=IFERROR(INDEX(#REF!, SMALL(IF(ISERROR(#REF!), "", ROW(#REF!)-MIN(ROW(#REF!))+1), ROW(115:115))),"")} | F118: {=IFERROR(INDEX(#REF!, SMALL(IF(ISERROR(#REF!), "", ROW(#REF!)-MIN(ROW(#REF!))+1), ROW(117:117))),"")}
A119: {=IFERROR(INDEX(#REF!, SMALL(IF(ISERROR(#REF!), "", ROW(#REF!)-MIN(ROW(#REF!))+1), ROW(116:116))),"")} | B119: {=IFERROR(INDEX(#REF!, SMALL(IF(ISERROR(#REF!), "", ROW(#REF!)-MIN(ROW(#REF!))+1), ROW(116:116))),"")} | C119: {=IFERROR(INDEX(#REF!, SMALL(IF(ISERROR(#REF!), "", ROW(#REF!)-MIN(ROW(#REF!))+1), ROW(116:116))),"")} | D119: {=IFERROR(INDEX(#REF!, SMALL(IF(ISERROR(#REF!), "", ROW(#REF!)-MIN(ROW(#REF!))+1), ROW(116:116))),"")} | E119: {=IFERROR(INDEX(#REF!, SMALL(IF(ISERROR(#REF!), "", ROW(#REF!)-MIN(ROW(#REF!))+1), ROW(116:116))),"")} | F119: {=IFERROR(INDEX(#REF!, SMALL(IF(ISERROR(#REF!), "", ROW(#REF!)-MIN(ROW(#REF!))+1), ROW(118:118))),"")}
A120: {=IFERROR(INDEX(#REF!, SMALL(IF(ISERROR(#REF!), "", ROW(#REF!)-MIN(ROW(#REF!))+1), ROW(117:117))),"")} | B120: {=IFERROR(INDEX(#REF!, SMALL(IF(ISERROR(#REF!), "", ROW(#REF!)-MIN(ROW(#REF!))+1), ROW(117:117))),"")} | C120: {=IFERROR(INDEX(#REF!, SMALL(IF(ISERROR(#REF!), "", ROW(#REF!)-MIN(ROW(#REF!))+1), ROW(117:117))),"")} | D120: {=IFERROR(INDEX(#REF!, SMALL(IF(ISERROR(#REF!), "", ROW(#REF!)-MIN(ROW(#REF!))+1), ROW(117:117))),"")} | E120: {=IFERROR(INDEX(#REF!, SMALL(IF(ISERROR(#REF!), "", ROW(#REF!)-MIN(ROW(#REF!))+1), ROW(117:117))),"")} | F120: {=IFERROR(INDEX(#REF!, SMALL(IF(ISERROR(#REF!), "", ROW(#REF!)-MIN(ROW(#REF!))+1), ROW(119:119))),"")}
A121: {=IFERROR(INDEX(#REF!, SMALL(IF(ISERROR(#REF!), "", ROW(#REF!)-MIN(ROW(#REF!))+1), ROW(118:118))),"")} | B121: {=IFERROR(INDEX(#REF!, SMALL(IF(ISERROR(#REF!), "", ROW(#REF!)-MIN(ROW(#REF!))+1), ROW(118:118))),"")} | C121: {=IFERROR(INDEX(#REF!, SMALL(IF(ISERROR(#REF!), "", ROW(#REF!)-MIN(ROW(#REF!))+1), ROW(118:118))),"")} | D121: {=IFERROR(INDEX(#REF!, SMALL(IF(ISERROR(#REF!), "", ROW(#REF!)-MIN(ROW(#REF!))+1), ROW(118:118))),"")} | E121: {=IFERROR(INDEX(#REF!, SMALL(IF(ISERROR(#REF!), "", ROW(#REF!)-MIN(ROW(#REF!))+1), ROW(118:118))),"")} | F121: {=IFERROR(INDEX(#REF!, SMALL(IF(ISERROR(#REF!), "", ROW(#REF!)-MIN(ROW(#REF!))+1), ROW(120:120))),"")}
A122: {=IFERROR(INDEX(#REF!, SMALL(IF(ISERROR(#REF!), "", ROW(#REF!)-MIN(ROW(#REF!))+1), ROW(119:119))),"")} | B122: {=IFERROR(INDEX(#REF!, SMALL(IF(ISERROR(#REF!), "", ROW(#REF!)-MIN(ROW(#REF!))+1), ROW(119:119))),"")} | C122: {=IFERROR(INDEX(#REF!, SMALL(IF(ISERROR(#REF!), "", ROW(#REF!)-MIN(ROW(#REF!))+1), ROW(119:119))),"")} | D122: {=IFERROR(INDEX(#REF!, SMALL(IF(ISERROR(#REF!), "", ROW(#REF!)-MIN(ROW(#REF!))+1), ROW(119:119))),"")} | E122: {=IFERROR(INDEX(#REF!, SMALL(IF(ISERROR(#REF!), "", ROW(#REF!)-MIN(ROW(#REF!))+1), ROW(119:119))),"")} | F122: {=IFERROR(INDEX(#REF!, SMALL(IF(ISERROR(#REF!), "", ROW(#REF!)-MIN(ROW(#REF!))+1), ROW(121:121))),"")}
A123: {=IFERROR(INDEX(#REF!, SMALL(IF(ISERROR(#REF!), "", ROW(#REF!)-MIN(ROW(#REF!))+1), ROW(120:120))),"")} | B123: {=IFERROR(INDEX(#REF!, SMALL(IF(ISERROR(#REF!), "", ROW(#REF!)-MIN(ROW(#REF!))+1), ROW(120:120))),"")} | C123: {=IFERROR(INDEX(#REF!, SMALL(IF(ISERROR(#REF!), "", ROW(#REF!)-MIN(ROW(#REF!))+1), ROW(120:120))),"")} | D123: {=IFERROR(INDEX(#REF!, SMALL(IF(ISERROR(#REF!), "", ROW(#REF!)-MIN(ROW(#REF!))+1), ROW(120:120))),"")} | E123: {=IFERROR(INDEX(#REF!, SMALL(IF(ISERROR(#REF!), "", ROW(#REF!)-MIN(ROW(#REF!))+1), ROW(120:120))),"")} | F123: {=IFERROR(INDEX(#REF!, SMALL(IF(ISERROR(#REF!), "", ROW(#REF!)-MIN(ROW(#REF!))+1), ROW(122:122))),"")}
A124: {=IFERROR(INDEX(#REF!, SMALL(IF(ISERROR(#REF!), "", ROW(#REF!)-MIN(ROW(#REF!))+1), ROW(121:121))),"")} | B124: {=IFERROR(INDEX(#REF!, SMALL(IF(ISERROR(#REF!), "", ROW(#REF!)-MIN(ROW(#REF!))+1), ROW(121:121))),"")} | C124: {=IFERROR(INDEX(#REF!, SMALL(IF(ISERROR(#REF!), "", ROW(#REF!)-MIN(ROW(#REF!))+1), ROW(121:121))),"")} | D124: {=IFERROR(INDEX(#REF!, SMALL(IF(ISERROR(#REF!), "", ROW(#REF!)-MIN(ROW(#REF!))+1), ROW(121:121))),"")} | E124: {=IFERROR(INDEX(#REF!, SMALL(IF(ISERROR(#REF!), "", ROW(#REF!)-MIN(ROW(#REF!))+1), ROW(121:121))),"")} | F124: {=IFERROR(INDEX(#REF!, SMALL(IF(ISERROR(#REF!), "", ROW(#REF!)-MIN(ROW(#REF!))+1), ROW(123:123))),"")}
A125: {=IFERROR(INDEX(#REF!, SMALL(IF(ISERROR(#REF!), "", ROW(#REF!)-MIN(ROW(#REF!))+1), ROW(122:122))),"")} | B125: {=IFERROR(INDEX(#REF!, SMALL(IF(ISERROR(#REF!), "", ROW(#REF!)-MIN(ROW(#REF!))+1), ROW(122:122))),"")} | C125: {=IFERROR(INDEX(#REF!, SMALL(IF(ISERROR(#REF!), "", ROW(#REF!)-MIN(ROW(#REF!))+1), ROW(122:122))),"")} | D125: {=IFERROR(INDEX(#REF!, SMALL(IF(ISERROR(#REF!), "", ROW(#REF!)-MIN(ROW(#REF!))+1), ROW(122:122))),"")} | E125: {=IFERROR(INDEX(#REF!, SMALL(IF(ISERROR(#REF!), "", ROW(#REF!)-MIN(ROW(#REF!))+1), ROW(122:122))),"")} | F125: {=IFERROR(INDEX(#REF!, SMALL(IF(ISERROR(#REF!), "", ROW(#REF!)-MIN(ROW(#REF!))+1), ROW(124:124))),"")}
A126: {=IFERROR(INDEX(#REF!, SMALL(IF(ISERROR(#REF!), "", ROW(#REF!)-MIN(ROW(#REF!))+1), ROW(123:123))),"")} | B126: {=IFERROR(INDEX(#REF!, SMALL(IF(ISERROR(#REF!), "", ROW(#REF!)-MIN(ROW(#REF!))+1), ROW(123:123))),"")} | C126: {=IFERROR(INDEX(#REF!, SMALL(IF(ISERROR(#REF!), "", ROW(#REF!)-MIN(ROW(#REF!))+1), ROW(123:123))),"")} | D126: {=IFERROR(INDEX(#REF!, SMALL(IF(ISERROR(#REF!), "", ROW(#REF!)-MIN(ROW(#REF!))+1), ROW(123:123))),"")} | E126: {=IFERROR(INDEX(#REF!, SMALL(IF(ISERROR(#REF!), "", ROW(#REF!)-MIN(ROW(#REF!))+1), ROW(123:123))),"")} | F126: {=IFERROR(INDEX(#REF!, SMALL(IF(ISERROR(#REF!), "", ROW(#REF!)-MIN(ROW(#REF!))+1), ROW(125:125))),"")}
A127: {=IFERROR(INDEX(#REF!, SMALL(IF(ISERROR(#REF!), "", ROW(#REF!)-MIN(ROW(#REF!))+1), ROW(124:124))),"")} | B127: {=IFERROR(INDEX(#REF!, SMALL(IF(ISERROR(#REF!), "", ROW(#REF!)-MIN(ROW(#REF!))+1), ROW(124:124))),"")} | C127: {=IFERROR(INDEX(#REF!, SMALL(IF(ISERROR(#REF!), "", ROW(#REF!)-MIN(ROW(#REF!))+1), ROW(124:124))),"")} | D127: {=IFERROR(INDEX(#REF!, SMALL(IF(ISERROR(#REF!), "", ROW(#REF!)-MIN(ROW(#REF!))+1), ROW(124:124))),"")} | E127: {=IFERROR(INDEX(#REF!, SMALL(IF(ISERROR(#REF!), "", ROW(#REF!)-MIN(ROW(#REF!))+1), ROW(124:124))),"")} | F127: {=IFERROR(INDEX(#REF!, SMALL(IF(ISERROR(#REF!), "", ROW(#REF!)-MIN(ROW(#REF!))+1), ROW(126:126))),"")}
A128: {=IFERROR(INDEX(#REF!, SMALL(IF(ISERROR(#REF!), "", ROW(#REF!)-MIN(ROW(#REF!))+1), ROW(125:125))),"")} | B128: {=IFERROR(INDEX(#REF!, SMALL(IF(ISERROR(#REF!), "", ROW(#REF!)-MIN(ROW(#REF!))+1), ROW(125:125))),"")} | C128: {=IFERROR(INDEX(#REF!, SMALL(IF(ISERROR(#REF!), "", ROW(#REF!)-MIN(ROW(#REF!))+1), ROW(125:125))),"")} | D128: {=IFERROR(INDEX(#REF!, SMALL(IF(ISERROR(#REF!), "", ROW(#REF!)-MIN(ROW(#REF!))+1), ROW(125:125))),"")} | E128: {=IFERROR(INDEX(#REF!, SMALL(IF(ISERROR(#REF!), "", ROW(#REF!)-MIN(ROW(#REF!))+1), ROW(125:125))),"")} | F128: {=IFERROR(INDEX(#REF!, SMALL(IF(ISERROR(#REF!), "", ROW(#REF!)-MIN(ROW(#REF!))+1), ROW(127:127))),"")}
A129: {=IFERROR(INDEX(#REF!, SMALL(IF(ISERROR(#REF!), "", ROW(#REF!)-MIN(ROW(#REF!))+1), ROW(126:126))),"")} | B129: {=IFERROR(INDEX(#REF!, SMALL(IF(ISERROR(#REF!), "", ROW(#REF!)-MIN(ROW(#REF!))+1), ROW(126:126))),"")} | C129: {=IFERROR(INDEX(#REF!, SMALL(IF(ISERROR(#REF!), "", ROW(#REF!)-MIN(ROW(#REF!))+1), ROW(126:126))),"")} | D129: {=IFERROR(INDEX(#REF!, SMALL(IF(ISERROR(#REF!), "", ROW(#REF!)-MIN(ROW(#REF!))+1), ROW(126:126))),"")} | E129: {=IFERROR(INDEX(#REF!, SMALL(IF(ISERROR(#REF!), "", ROW(#REF!)-MIN(ROW(#REF!))+1), ROW(126:126))),"")} | F129: {=IFERROR(INDEX(#REF!, SMALL(IF(ISERROR(#REF!), "", ROW(#REF!)-MIN(ROW(#REF!))+1), ROW(128:128))),"")}
A130: {=IFERROR(INDEX(#REF!, SMALL(IF(ISERROR(#REF!), "", ROW(#REF!)-MIN(ROW(#REF!))+1), ROW(127:127))),"")} | B130: {=IFERROR(INDEX(#REF!, SMALL(IF(ISERROR(#REF!), "", ROW(#REF!)-MIN(ROW(#REF!))+1), ROW(127:127))),"")} | C130: {=IFERROR(INDEX(#REF!, SMALL(IF(ISERROR(#REF!), "", ROW(#REF!)-MIN(ROW(#REF!))+1), ROW(127:127))),"")} | D130: {=IFERROR(INDEX(#REF!, SMALL(IF(ISERROR(#REF!), "", ROW(#REF!)-MIN(ROW(#REF!))+1), ROW(127:127))),"")} | E130: {=IFERROR(INDEX(#REF!, SMALL(IF(ISERROR(#REF!), "", ROW(#REF!)-MIN(ROW(#REF!))+1), ROW(127:127))),"")} | F130: {=IFERROR(INDEX(#REF!, SMALL(IF(ISERROR(#REF!), "", ROW(#REF!)-MIN(ROW(#REF!))+1), ROW(129:129))),"")}
A131: {=IFERROR(INDEX(#REF!, SMALL(IF(ISERROR(#REF!), "", ROW(#REF!)-MIN(ROW(#REF!))+1), ROW(128:128))),"")} | B131: {=IFERROR(INDEX(#REF!, SMALL(IF(ISERROR(#REF!), "", ROW(#REF!)-MIN(ROW(#REF!))+1), ROW(128:128))),"")} | C131: {=IFERROR(INDEX(#REF!, SMALL(IF(ISERROR(#REF!), "", ROW(#REF!)-MIN(ROW(#REF!))+1), ROW(128:128))),"")} | D131: {=IFERROR(INDEX(#REF!, SMALL(IF(ISERROR(#REF!), "", ROW(#REF!)-MIN(ROW(#REF!))+1), ROW(128:128))),"")} | E131: {=IFERROR(INDEX(#REF!, SMALL(IF(ISERROR(#REF!), "", ROW(#REF!)-MIN(ROW(#REF!))+1), ROW(128:128))),"")} | F131: {=IFERROR(INDEX(#REF!, SMALL(IF(ISERROR(#REF!), "", ROW(#REF!)-MIN(ROW(#REF!))+1), ROW(130:130))),"")}
A132: {=IFERROR(INDEX(#REF!, SMALL(IF(ISERROR(#REF!), "", ROW(#REF!)-MIN(ROW(#REF!))+1), ROW(129:129))),"")} | B132: {=IFERROR(INDEX(#REF!, SMALL(IF(ISERROR(#REF!), "", ROW(#REF!)-MIN(ROW(#REF!))+1), ROW(129:129))),"")} | C132: {=IFERROR(INDEX(#REF!, SMALL(IF(ISERROR(#REF!), "", ROW(#REF!)-MIN(ROW(#REF!))+1), ROW(129:129))),"")} | D132: {=IFERROR(INDEX(#REF!, SMALL(IF(ISERROR(#REF!), "", ROW(#REF!)-MIN(ROW(#REF!))+1), ROW(129:129))),"")} | E132: {=IFERROR(INDEX(#REF!, SMALL(IF(ISERROR(#REF!), "", ROW(#REF!)-MIN(ROW(#REF!))+1), ROW(129:129))),"")} | F132: {=IFERROR(INDEX(#REF!, SMALL(IF(ISERROR(#REF!), "", ROW(#REF!)-MIN(ROW(#REF!))+1), ROW(131:131))),"")}
A133: {=IFERROR(INDEX(#REF!, SMALL(IF(ISERROR(#REF!), "", ROW(#REF!)-MIN(ROW(#REF!))+1), ROW(130:130))),"")} | B133: {=IFERROR(INDEX(#REF!, SMALL(IF(ISERROR(#REF!), "", ROW(#REF!)-MIN(ROW(#REF!))+1), ROW(130:130))),"")} | C133: {=IFERROR(INDEX(#REF!, SMALL(IF(ISERROR(#REF!), "", ROW(#REF!)-MIN(ROW(#REF!))+1), ROW(130:130))),"")} | D133: {=IFERROR(INDEX(#REF!, SMALL(IF(ISERROR(#REF!), "", ROW(#REF!)-MIN(ROW(#REF!))+1), ROW(130:130))),"")} | E133: {=IFERROR(INDEX(#REF!, SMALL(IF(ISERROR(#REF!), "", ROW(#REF!)-MIN(ROW(#REF!))+1), ROW(130:130))),"")} | F133: {=IFERROR(INDEX(#REF!, SMALL(IF(ISERROR(#REF!), "", ROW(#REF!)-MIN(ROW(#REF!))+1), ROW(132:132))),"")}
A134: {=IFERROR(INDEX(#REF!, SMALL(IF(ISERROR(#REF!), "", ROW(#REF!)-MIN(ROW(#REF!))+1), ROW(131:131))),"")} | B134: {=IFERROR(INDEX(#REF!, SMALL(IF(ISERROR(#REF!), "", ROW(#REF!)-MIN(ROW(#REF!))+1), ROW(131:131))),"")} | C134: {=IFERROR(INDEX(#REF!, SMALL(IF(ISERROR(#REF!), "", ROW(#REF!)-MIN(ROW(#REF!))+1), ROW(131:131))),"")} | D134: {=IFERROR(INDEX(#REF!, SMALL(IF(ISERROR(#REF!), "", ROW(#REF!)-MIN(ROW(#REF!))+1), ROW(131:131))),"")} | E134: {=IFERROR(INDEX(#REF!, SMALL(IF(ISERROR(#REF!), "", ROW(#REF!)-MIN(ROW(#REF!))+1), ROW(131:131))),"")} | F134: {=IFERROR(INDEX(#REF!, SMALL(IF(ISERROR(#REF!), "", ROW(#REF!)-MIN(ROW(#REF!))+1), ROW(133:133))),"")}
A135: {=IFERROR(INDEX(#REF!, SMALL(IF(ISERROR(#REF!), "", ROW(#REF!)-MIN(ROW(#REF!))+1), ROW(132:132))),"")} | B135: {=IFERROR(INDEX(#REF!, SMALL(IF(ISERROR(#REF!), "", ROW(#REF!)-MIN(ROW(#REF!))+1), ROW(132:132))),"")} | C135: {=IFERROR(INDEX(#REF!, SMALL(IF(ISERROR(#REF!), "", ROW(#REF!)-MIN(ROW(#REF!))+1), ROW(132:132))),"")} | D135: {=IFERROR(INDEX(#REF!, SMALL(IF(ISERROR(#REF!), "", ROW(#REF!)-MIN(ROW(#REF!))+1), ROW(132:132))),"")} | E135: {=IFERROR(INDEX(#REF!, SMALL(IF(ISERROR(#REF!), "", ROW(#REF!)-MIN(ROW(#REF!))+1), ROW(132:132))),"")} | F135: {=IFERROR(INDEX(#REF!, SMALL(IF(ISERROR(#REF!), "", ROW(#REF!)-MIN(ROW(#REF!))+1), ROW(134:134))),"")}
A136: {=IFERROR(INDEX(#REF!, SMALL(IF(ISERROR(#REF!), "", ROW(#REF!)-MIN(ROW(#REF!))+1), ROW(133:133))),"")} | B136: {=IFERROR(INDEX(#REF!, SMALL(IF(ISERROR(#REF!), "", ROW(#REF!)-MIN(ROW(#REF!))+1), ROW(133:133))),"")} | C136: {=IFERROR(INDEX(#REF!, SMALL(IF(ISERROR(#REF!), "", ROW(#REF!)-MIN(ROW(#REF!))+1), ROW(133:133))),"")} | D136: {=IFERROR(INDEX(#REF!, SMALL(IF(ISERROR(#REF!), "", ROW(#REF!)-MIN(ROW(#REF!))+1), ROW(133:133))),"")} | E136: {=IFERROR(INDEX(#REF!, SMALL(IF(ISERROR(#REF!), "", ROW(#REF!)-MIN(ROW(#REF!))+1), ROW(133:133))),"")} | F136: {=IFERROR(INDEX(#REF!, SMALL(IF(ISERROR(#REF!), "", ROW(#REF!)-MIN(ROW(#REF!))+1), ROW(135:135))),"")}
A137: {=IFERROR(INDEX(#REF!, SMALL(IF(ISERROR(#REF!), "", ROW(#REF!)-MIN(ROW(#REF!))+1), ROW(134:134))),"")} | B137: {=IFERROR(INDEX(#REF!, SMALL(IF(ISERROR(#REF!), "", ROW(#REF!)-MIN(ROW(#REF!))+1), ROW(134:134))),"")} | C137: {=IFERROR(INDEX(#REF!, SMALL(IF(ISERROR(#REF!), "", ROW(#REF!)-MIN(ROW(#REF!))+1), ROW(134:134))),"")} | D137: {=IFERROR(INDEX(#REF!, SMALL(IF(ISERROR(#REF!), "", ROW(#REF!)-MIN(ROW(#REF!))+1), ROW(134:134))),"")} | E137: {=IFERROR(INDEX(#REF!, SMALL(IF(ISERROR(#REF!), "", ROW(#REF!)-MIN(ROW(#REF!))+1), ROW(134:134))),"")} | F137: {=IFERROR(INDEX(#REF!, SMALL(IF(ISERROR(#REF!), "", ROW(#REF!)-MIN(ROW(#REF!))+1), ROW(136:136))),"")}
A138: {=IFERROR(INDEX(#REF!, SMALL(IF(ISERROR(#REF!), "", ROW(#REF!)-MIN(ROW(#REF!))+1), ROW(135:135))),"")} | B138: {=IFERROR(INDEX(#REF!, SMALL(IF(ISERROR(#REF!), "", ROW(#REF!)-MIN(ROW(#REF!))+1), ROW(135:135))),"")} | C138: {=IFERROR(INDEX(#REF!, SMALL(IF(ISERROR(#REF!), "", ROW(#REF!)-MIN(ROW(#REF!))+1), ROW(135:135))),"")} | D138: {=IFERROR(INDEX(#REF!, SMALL(IF(ISERROR(#REF!), "", ROW(#REF!)-MIN(ROW(#REF!))+1), ROW(135:135))),"")} | E138: {=IFERROR(INDEX(#REF!, SMALL(IF(ISERROR(#REF!), "", ROW(#REF!)-MIN(ROW(#REF!))+1), ROW(135:135))),"")} | F138: {=IFERROR(INDEX(#REF!, SMALL(IF(ISERROR(#REF!), "", ROW(#REF!)-MIN(ROW(#REF!))+1), ROW(137:137))),"")}
A139: {=IFERROR(INDEX(#REF!, SMALL(IF(ISERROR(#REF!), "", ROW(#REF!)-MIN(ROW(#REF!))+1), ROW(136:136))),"")} | B139: {=IFERROR(INDEX(#REF!, SMALL(IF(ISERROR(#REF!), "", ROW(#REF!)-MIN(ROW(#REF!))+1), ROW(136:136))),"")} | C139: {=IFERROR(INDEX(#REF!, SMALL(IF(ISERROR(#REF!), "", ROW(#REF!)-MIN(ROW(#REF!))+1), ROW(136:136))),"")} | D139: {=IFERROR(INDEX(#REF!, SMALL(IF(ISERROR(#REF!), "", ROW(#REF!)-MIN(ROW(#REF!))+1), ROW(136:136))),"")} | E139: {=IFERROR(INDEX(#REF!, SMALL(IF(ISERROR(#REF!), "", ROW(#REF!)-MIN(ROW(#REF!))+1), ROW(136:136))),"")} | F139: {=IFERROR(INDEX(#REF!, SMALL(IF(ISERROR(#REF!), "", ROW(#REF!)-MIN(ROW(#REF!))+1), ROW(138:138))),"")}
A140: {=IFERROR(INDEX(#REF!, SMALL(IF(ISERROR(#REF!), "", ROW(#REF!)-MIN(ROW(#REF!))+1), ROW(137:137))),"")} | B140: {=IFERROR(INDEX(#REF!, SMALL(IF(ISERROR(#REF!), "", ROW(#REF!)-MIN(ROW(#REF!))+1), ROW(137:137))),"")} | C140: {=IFERROR(INDEX(#REF!, SMALL(IF(ISERROR(#REF!), "", ROW(#REF!)-MIN(ROW(#REF!))+1), ROW(137:137))),"")} | D140: {=IFERROR(INDEX(#REF!, SMALL(IF(ISERROR(#REF!), "", ROW(#REF!)-MIN(ROW(#REF!))+1), ROW(137:137))),"")} | E140: {=IFERROR(INDEX(#REF!, SMALL(IF(ISERROR(#REF!), "", ROW(#REF!)-MIN(ROW(#REF!))+1), ROW(137:137))),"")} | F140: {=IFERROR(INDEX(#REF!, SMALL(IF(ISERROR(#REF!), "", ROW(#REF!)-MIN(ROW(#REF!))+1), ROW(139:139))),"")}
A141: {=IFERROR(INDEX(#REF!, SMALL(IF(ISERROR(#REF!), "", ROW(#REF!)-MIN(ROW(#REF!))+1), ROW(138:138))),"")} | B141: {=IFERROR(INDEX(#REF!, SMALL(IF(ISERROR(#REF!), "", ROW(#REF!)-MIN(ROW(#REF!))+1), ROW(138:138))),"")} | C141: {=IFERROR(INDEX(#REF!, SMALL(IF(ISERROR(#REF!), "", ROW(#REF!)-MIN(ROW(#REF!))+1), ROW(138:138))),"")} | D141: {=IFERROR(INDEX(#REF!, SMALL(IF(ISERROR(#REF!), "", ROW(#REF!)-MIN(ROW(#REF!))+1), ROW(138:138))),"")} | E141: {=IFERROR(INDEX(#REF!, SMALL(IF(ISERROR(#REF!), "", ROW(#REF!)-MIN(ROW(#REF!))+1), ROW(138:138))),"")} | F141: {=IFERROR(INDEX(#REF!, SMALL(IF(ISERROR(#REF!), "", ROW(#REF!)-MIN(ROW(#REF!))+1), ROW(140:140))),"")}
A142: {=IFERROR(INDEX(#REF!, SMALL(IF(ISERROR(#REF!), "", ROW(#REF!)-MIN(ROW(#REF!))+1), ROW(139:139))),"")} | B142: {=IFERROR(INDEX(#REF!, SMALL(IF(ISERROR(#REF!), "", ROW(#REF!)-MIN(ROW(#REF!))+1), ROW(139:139))),"")} | C142: {=IFERROR(INDEX(#REF!, SMALL(IF(ISERROR(#REF!), "", ROW(#REF!)-MIN(ROW(#REF!))+1), ROW(139:139))),"")} | D142: {=IFERROR(INDEX(#REF!, SMALL(IF(ISERROR(#REF!), "", ROW(#REF!)-MIN(ROW(#REF!))+1), ROW(139:139))),"")} | E142: {=IFERROR(INDEX(#REF!, SMALL(IF(ISERROR(#REF!), "", ROW(#REF!)-MIN(ROW(#REF!))+1), ROW(139:139))),"")} | F142: {=IFERROR(INDEX(#REF!, SMALL(IF(ISERROR(#REF!), "", ROW(#REF!)-MIN(ROW(#REF!))+1), ROW(141:141))),"")}
A143: {=IFERROR(INDEX(#REF!, SMALL(IF(ISERROR(#REF!), "", ROW(#REF!)-MIN(ROW(#REF!))+1), ROW(140:140))),"")} | B143: {=IFERROR(INDEX(#REF!, SMALL(IF(ISERROR(#REF!), "", ROW(#REF!)-MIN(ROW(#REF!))+1), ROW(140:140))),"")} | C143: {=IFERROR(INDEX(#REF!, SMALL(IF(ISERROR(#REF!), "", ROW(#REF!)-MIN(ROW(#REF!))+1), ROW(140:140))),"")} | D143: {=IFERROR(INDEX(#REF!, SMALL(IF(ISERROR(#REF!), "", ROW(#REF!)-MIN(ROW(#REF!))+1), ROW(140:140))),"")} | E143: {=IFERROR(INDEX(#REF!, SMALL(IF(ISERROR(#REF!), "", ROW(#REF!)-MIN(ROW(#REF!))+1), ROW(140:140))),"")} | F143: {=IFERROR(INDEX(#REF!, SMALL(IF(ISERROR(#REF!), "", ROW(#REF!)-MIN(ROW(#REF!))+1), ROW(142:142))),"")}
A144: {=IFERROR(INDEX(#REF!, SMALL(IF(ISERROR(#REF!), "", ROW(#REF!)-MIN(ROW(#REF!))+1), ROW(141:141))),"")} | B144: {=IFERROR(INDEX(#REF!, SMALL(IF(ISERROR(#REF!), "", ROW(#REF!)-MIN(ROW(#REF!))+1), ROW(141:141))),"")} | C144: {=IFERROR(INDEX(#REF!, SMALL(IF(ISERROR(#REF!), "", ROW(#REF!)-MIN(ROW(#REF!))+1), ROW(141:141))),"")} | D144: {=IFERROR(INDEX(#REF!, SMALL(IF(ISERROR(#REF!), "", ROW(#REF!)-MIN(ROW(#REF!))+1), ROW(141:141))),"")} | E144: {=IFERROR(INDEX(#REF!, SMALL(IF(ISERROR(#REF!), "", ROW(#REF!)-MIN(ROW(#REF!))+1), ROW(141:141))),"")} | F144: {=IFERROR(INDEX(#REF!, SMALL(IF(ISERROR(#REF!), "", ROW(#REF!)-MIN(ROW(#REF!))+1), ROW(143:143))),"")}
A145: {=IFERROR(INDEX(#REF!, SMALL(IF(ISERROR(#REF!), "", ROW(#REF!)-MIN(ROW(#REF!))+1), ROW(142:142))),"")} | B145: {=IFERROR(INDEX(#REF!, SMALL(IF(ISERROR(#REF!), "", ROW(#REF!)-MIN(ROW(#REF!))+1), ROW(142:142))),"")} | C145: {=IFERROR(INDEX(#REF!, SMALL(IF(ISERROR(#REF!), "", ROW(#REF!)-MIN(ROW(#REF!))+1), ROW(142:142))),"")} | D145: {=IFERROR(INDEX(#REF!, SMALL(IF(ISERROR(#REF!), "", ROW(#REF!)-MIN(ROW(#REF!))+1), ROW(142:142))),"")} | E145: {=IFERROR(INDEX(#REF!, SMALL(IF(ISERROR(#REF!), "", ROW(#REF!)-MIN(ROW(#REF!))+1), ROW(142:142))),"")} | F145: {=IFERROR(INDEX(#REF!, SMALL(IF(ISERROR(#REF!), "", ROW(#REF!)-MIN(ROW(#REF!))+1), ROW(144:144))),"")}
A146: {=IFERROR(INDEX(#REF!, SMALL(IF(ISERROR(#REF!), "", ROW(#REF!)-MIN(ROW(#REF!))+1), ROW(143:143))),"")} | B146: {=IFERROR(INDEX(#REF!, SMALL(IF(ISERROR(#REF!), "", ROW(#REF!)-MIN(ROW(#REF!))+1), ROW(143:143))),"")} | C146: {=IFERROR(INDEX(#REF!, SMALL(IF(ISERROR(#REF!), "", ROW(#REF!)-MIN(ROW(#REF!))+1), ROW(143:143))),"")} | D146: {=IFERROR(INDEX(#REF!, SMALL(IF(ISERROR(#REF!), "", ROW(#REF!)-MIN(ROW(#REF!))+1), ROW(143:143))),"")} | E146: {=IFERROR(INDEX(#REF!, SMALL(IF(ISERROR(#REF!), "", ROW(#REF!)-MIN(ROW(#REF!))+1), ROW(143:143))),"")} | F146: {=IFERROR(INDEX(#REF!, SMALL(IF(ISERROR(#REF!), "", ROW(#REF!)-MIN(ROW(#REF!))+1), ROW(145:145))),"")}
A147: {=IFERROR(INDEX(#REF!, SMALL(IF(ISERROR(#REF!), "", ROW(#REF!)-MIN(ROW(#REF!))+1), ROW(144:144))),"")} | B147: {=IFERROR(INDEX(#REF!, SMALL(IF(ISERROR(#REF!), "", ROW(#REF!)-MIN(ROW(#REF!))+1), ROW(144:144))),"")} | C147: {=IFERROR(INDEX(#REF!, SMALL(IF(ISERROR(#REF!), "", ROW(#REF!)-MIN(ROW(#REF!))+1), ROW(144:144))),"")} | D147: {=IFERROR(INDEX(#REF!, SMALL(IF(ISERROR(#REF!), "", ROW(#REF!)-MIN(ROW(#REF!))+1), ROW(144:144))),"")} | E147: {=IFERROR(INDEX(#REF!, SMALL(IF(ISERROR(#REF!), "", ROW(#REF!)-MIN(ROW(#REF!))+1), ROW(144:144))),"")} | F147: {=IFERROR(INDEX(#REF!, SMALL(IF(ISERROR(#REF!), "", ROW(#REF!)-MIN(ROW(#REF!))+1), ROW(146:146))),"")}
A148: {=IFERROR(INDEX(#REF!, SMALL(IF(ISERROR(#REF!), "", ROW(#REF!)-MIN(ROW(#REF!))+1), ROW(145:145))),"")} | B148: {=IFERROR(INDEX(#REF!, SMALL(IF(ISERROR(#REF!), "", ROW(#REF!)-MIN(ROW(#REF!))+1), ROW(145:145))),"")} | C148: {=IFERROR(INDEX(#REF!, SMALL(IF(ISERROR(#REF!), "", ROW(#REF!)-MIN(ROW(#REF!))+1), ROW(145:145))),"")} | D148: {=IFERROR(INDEX(#REF!, SMALL(IF(ISERROR(#REF!), "", ROW(#REF!)-MIN(ROW(#REF!))+1), ROW(145:145))),"")} | E148: {=IFERROR(INDEX(#REF!, SMALL(IF(ISERROR(#REF!), "", ROW(#REF!)-MIN(ROW(#REF!))+1), ROW(145:145))),"")} | F148: {=IFERROR(INDEX(#REF!, SMALL(IF(ISERROR(#REF!), "", ROW(#REF!)-MIN(ROW(#REF!))+1), ROW(147:147))),"")}
A149: {=IFERROR(INDEX(#REF!, SMALL(IF(ISERROR(#REF!), "", ROW(#REF!)-MIN(ROW(#REF!))+1), ROW(146:146))),"")} | B149: {=IFERROR(INDEX(#REF!, SMALL(IF(ISERROR(#REF!), "", ROW(#REF!)-MIN(ROW(#REF!))+1), ROW(146:146))),"")} | C149: {=IFERROR(INDEX(#REF!, SMALL(IF(ISERROR(#REF!), "", ROW(#REF!)-MIN(ROW(#REF!))+1), ROW(146:146))),"")} | D149: {=IFERROR(INDEX(#REF!, SMALL(IF(ISERROR(#REF!), "", ROW(#REF!)-MIN(ROW(#REF!))+1), ROW(146:146))),"")} | E149: {=IFERROR(INDEX(#REF!, SMALL(IF(ISERROR(#REF!), "", ROW(#REF!)-MIN(ROW(#REF!))+1), ROW(146:146))),"")} | F149: {=IFERROR(INDEX(#REF!, SMALL(IF(ISERROR(#REF!), "", ROW(#REF!)-MIN(ROW(#REF!))+1), ROW(148:148))),"")}
A150: {=IFERROR(INDEX(#REF!, SMALL(IF(ISERROR(#REF!), "", ROW(#REF!)-MIN(ROW(#REF!))+1), ROW(147:147))),"")} | B150: {=IFERROR(INDEX(#REF!, SMALL(IF(ISERROR(#REF!), "", ROW(#REF!)-MIN(ROW(#REF!))+1), ROW(147:147))),"")} | C150: {=IFERROR(INDEX(#REF!, SMALL(IF(ISERROR(#REF!), "", ROW(#REF!)-MIN(ROW(#REF!))+1), ROW(147:147))),"")} | D150: {=IFERROR(INDEX(#REF!, SMALL(IF(ISERROR(#REF!), "", ROW(#REF!)-MIN(ROW(#REF!))+1), ROW(147:147))),"")} | E150: {=IFERROR(INDEX(#REF!, SMALL(IF(ISERROR(#REF!), "", ROW(#REF!)-MIN(ROW(#REF!))+1), ROW(147:147))),"")} | F150: {=IFERROR(INDEX(#REF!, SMALL(IF(ISERROR(#REF!), "", ROW(#REF!)-MIN(ROW(#REF!))+1), ROW(149:149))),"")}
A151: {=IFERROR(INDEX(#REF!, SMALL(IF(ISERROR(#REF!), "", ROW(#REF!)-MIN(ROW(#REF!))+1), ROW(148:148))),"")} | B151: {=IFERROR(INDEX(#REF!, SMALL(IF(ISERROR(#REF!), "", ROW(#REF!)-MIN(ROW(#REF!))+1), ROW(148:148))),"")} | C151: {=IFERROR(INDEX(#REF!, SMALL(IF(ISERROR(#REF!), "", ROW(#REF!)-MIN(ROW(#REF!))+1), ROW(148:148))),"")} | D151: {=IFERROR(INDEX(#REF!, SMALL(IF(ISERROR(#REF!), "", ROW(#REF!)-MIN(ROW(#REF!))+1), ROW(148:148))),"")} | E151: {=IFERROR(INDEX(#REF!, SMALL(IF(ISERROR(#REF!), "", ROW(#REF!)-MIN(ROW(#REF!))+1), ROW(148:148))),"")} | F151: {=IFERROR(INDEX(#REF!, SMALL(IF(ISERROR(#REF!), "", ROW(#REF!)-MIN(ROW(#REF!))+1), ROW(150:150))),"")}
A152: {=IFERROR(INDEX(#REF!, SMALL(IF(ISERROR(#REF!), "", ROW(#REF!)-MIN(ROW(#REF!))+1), ROW(149:149))),"")} | B152: {=IFERROR(INDEX(#REF!, SMALL(IF(ISERROR(#REF!), "", ROW(#REF!)-MIN(ROW(#REF!))+1), ROW(149:149))),"")} | C152: {=IFERROR(INDEX(#REF!, SMALL(IF(ISERROR(#REF!), "", ROW(#REF!)-MIN(ROW(#REF!))+1), ROW(149:149))),"")} | D152: {=IFERROR(INDEX(#REF!, SMALL(IF(ISERROR(#REF!), "", ROW(#REF!)-MIN(ROW(#REF!))+1), ROW(149:149))),"")} | E152: {=IFERROR(INDEX(#REF!, SMALL(IF(ISERROR(#REF!), "", ROW(#REF!)-MIN(ROW(#REF!))+1), ROW(149:149))),"")} | F152: {=IFERROR(INDEX(#REF!, SMALL(IF(ISERROR(#REF!), "", ROW(#REF!)-MIN(ROW(#REF!))+1), ROW(151:151))),"")}
A153: {=IFERROR(INDEX(#REF!, SMALL(IF(ISERROR(#REF!), "", ROW(#REF!)-MIN(ROW(#REF!))+1), ROW(150:150))),"")} | B153: {=IFERROR(INDEX(#REF!, SMALL(IF(ISERROR(#REF!), "", ROW(#REF!)-MIN(ROW(#REF!))+1), ROW(150:150))),"")} | C153: {=IFERROR(INDEX(#REF!, SMALL(IF(ISERROR(#REF!), "", ROW(#REF!)-MIN(ROW(#REF!))+1), ROW(150:150))),"")} | D153: {=IFERROR(INDEX(#REF!, SMALL(IF(ISERROR(#REF!), "", ROW(#REF!)-MIN(ROW(#REF!))+1), ROW(150:150))),"")} | E153: {=IFERROR(INDEX(#REF!, SMALL(IF(ISERROR(#REF!), "", ROW(#REF!)-MIN(ROW(#REF!))+1), ROW(150:150))),"")} | F153: {=IFERROR(INDEX(#REF!, SMALL(IF(ISERROR(#REF!), "", ROW(#REF!)-MIN(ROW(#REF!))+1), ROW(152:152))),"")}
A154: {=IFERROR(INDEX(#REF!, SMALL(IF(ISERROR(#REF!), "", ROW(#REF!)-MIN(ROW(#REF!))+1), ROW(151:151))),"")} | B154: {=IFERROR(INDEX(#REF!, SMALL(IF(ISERROR(#REF!), "", ROW(#REF!)-MIN(ROW(#REF!))+1), ROW(151:151))),"")} | C154: {=IFERROR(INDEX(#REF!, SMALL(IF(ISERROR(#REF!), "", ROW(#REF!)-MIN(ROW(#REF!))+1), ROW(151:151))),"")} | D154: {=IFERROR(INDEX(#REF!, SMALL(IF(ISERROR(#REF!), "", ROW(#REF!)-MIN(ROW(#REF!))+1), ROW(151:151))),"")} | E154: {=IFERROR(INDEX(#REF!, SMALL(IF(ISERROR(#REF!), "", ROW(#REF!)-MIN(ROW(#REF!))+1), ROW(151:151))),"")} | F154: {=IFERROR(INDEX(#REF!, SMALL(IF(ISERROR(#REF!), "", ROW(#REF!)-MIN(ROW(#REF!))+1), ROW(153:153))),"")}
A155: {=IFERROR(INDEX(#REF!, SMALL(IF(ISERROR(#REF!), "", ROW(#REF!)-MIN(ROW(#REF!))+1), ROW(152:152))),"")} | B155: {=IFERROR(INDEX(#REF!, SMALL(IF(ISERROR(#REF!), "", ROW(#REF!)-MIN(ROW(#REF!))+1), ROW(152:152))),"")} | C155: {=IFERROR(INDEX(#REF!, SMALL(IF(ISERROR(#REF!), "", ROW(#REF!)-MIN(ROW(#REF!))+1), ROW(152:152))),"")} | D155: {=IFERROR(INDEX(#REF!, SMALL(IF(ISERROR(#REF!), "", ROW(#REF!)-MIN(ROW(#REF!))+1), ROW(152:152))),"")} | E155: {=IFERROR(INDEX(#REF!, SMALL(IF(ISERROR(#REF!), "", ROW(#REF!)-MIN(ROW(#REF!))+1), ROW(152:152))),"")} | F155: {=IFERROR(INDEX(#REF!, SMALL(IF(ISERROR(#REF!), "", ROW(#REF!)-MIN(ROW(#REF!))+1), ROW(154:154))),"")}
A156: {=IFERROR(INDEX(#REF!, SMALL(IF(ISERROR(#REF!), "", ROW(#REF!)-MIN(ROW(#REF!))+1), ROW(153:153))),"")} | B156: {=IFERROR(INDEX(#REF!, SMALL(IF(ISERROR(#REF!), "", ROW(#REF!)-MIN(ROW(#REF!))+1), ROW(153:153))),"")} | C156: {=IFERROR(INDEX(#REF!, SMALL(IF(ISERROR(#REF!), "", ROW(#REF!)-MIN(ROW(#REF!))+1), ROW(153:153))),"")} | D156: {=IFERROR(INDEX(#REF!, SMALL(IF(ISERROR(#REF!), "", ROW(#REF!)-MIN(ROW(#REF!))+1), ROW(153:153))),"")} | E156: {=IFERROR(INDEX(#REF!, SMALL(IF(ISERROR(#REF!), "", ROW(#REF!)-MIN(ROW(#REF!))+1), ROW(153:153))),"")} | F156: {=IFERROR(INDEX(#REF!, SMALL(IF(ISERROR(#REF!), "", ROW(#REF!)-MIN(ROW(#REF!))+1), ROW(155:155))),"")}
A157: {=IFERROR(INDEX(#REF!, SMALL(IF(ISERROR(#REF!), "", ROW(#REF!)-MIN(ROW(#REF!))+1), ROW(154:154))),"")} | B157: {=IFERROR(INDEX(#REF!, SMALL(IF(ISERROR(#REF!), "", ROW(#REF!)-MIN(ROW(#REF!))+1), ROW(154:154))),"")} | C157: {=IFERROR(INDEX(#REF!, SMALL(IF(ISERROR(#REF!), "", ROW(#REF!)-MIN(ROW(#REF!))+1), ROW(154:154))),"")} | D157: {=IFERROR(INDEX(#REF!, SMALL(IF(ISERROR(#REF!), "", ROW(#REF!)-MIN(ROW(#REF!))+1), ROW(154:154))),"")} | E157: {=IFERROR(INDEX(#REF!, SMALL(IF(ISERROR(#REF!), "", ROW(#REF!)-MIN(ROW(#REF!))+1), ROW(154:154))),"")} | F157: {=IFERROR(INDEX(#REF!, SMALL(IF(ISERROR(#REF!), "", ROW(#REF!)-MIN(ROW(#REF!))+1), ROW(156:156))),"")}
A158: {=IFERROR(INDEX(#REF!, SMALL(IF(ISERROR(#REF!), "", ROW(#REF!)-MIN(ROW(#REF!))+1), ROW(155:155))),"")} | B158: {=IFERROR(INDEX(#REF!, SMALL(IF(ISERROR(#REF!), "", ROW(#REF!)-MIN(ROW(#REF!))+1), ROW(155:155))),"")} | C158: {=IFERROR(INDEX(#REF!, SMALL(IF(ISERROR(#REF!), "", ROW(#REF!)-MIN(ROW(#REF!))+1), ROW(155:155))),"")} | D158: {=IFERROR(INDEX(#REF!, SMALL(IF(ISERROR(#REF!), "", ROW(#REF!)-MIN(ROW(#REF!))+1), ROW(155:155))),"")} | E158: {=IFERROR(INDEX(#REF!, SMALL(IF(ISERROR(#REF!), "", ROW(#REF!)-MIN(ROW(#REF!))+1), ROW(155:155))),"")} | F158: {=IFERROR(INDEX(#REF!, SMALL(IF(ISERROR(#REF!), "", ROW(#REF!)-MIN(ROW(#REF!))+1), ROW(157:157))),"")}
A159: {=IFERROR(INDEX(#REF!, SMALL(IF(ISERROR(#REF!), "", ROW(#REF!)-MIN(ROW(#REF!))+1), ROW(156:156))),"")} | B159: {=IFERROR(INDEX(#REF!, SMALL(IF(ISERROR(#REF!), "", ROW(#REF!)-MIN(ROW(#REF!))+1), ROW(156:156))),"")} | C159: {=IFERROR(INDEX(#REF!, SMALL(IF(ISERROR(#REF!), "", ROW(#REF!)-MIN(ROW(#REF!))+1), ROW(156:156))),"")} | D159: {=IFERROR(INDEX(#REF!, SMALL(IF(ISERROR(#REF!), "", ROW(#REF!)-MIN(ROW(#REF!))+1), ROW(156:156))),"")} | E159: {=IFERROR(INDEX(#REF!, SMALL(IF(ISERROR(#REF!), "", ROW(#REF!)-MIN(ROW(#REF!))+1), ROW(156:156))),"")} | F159: {=IFERROR(INDEX(#REF!, SMALL(IF(ISERROR(#REF!), "", ROW(#REF!)-MIN(ROW(#REF!))+1), ROW(158:158))),"")}
A160: {=IFERROR(INDEX(#REF!, SMALL(IF(ISERROR(#REF!), "", ROW(#REF!)-MIN(ROW(#REF!))+1), ROW(157:157))),"")} | B160: {=IFERROR(INDEX(#REF!, SMALL(IF(ISERROR(#REF!), "", ROW(#REF!)-MIN(ROW(#REF!))+1), ROW(157:157))),"")} | C160: {=IFERROR(INDEX(#REF!, SMALL(IF(ISERROR(#REF!), "", ROW(#REF!)-MIN(ROW(#REF!))+1), ROW(157:157))),"")} | D160: {=IFERROR(INDEX(#REF!, SMALL(IF(ISERROR(#REF!), "", ROW(#REF!)-MIN(ROW(#REF!))+1), ROW(157:157))),"")} | E160: {=IFERROR(INDEX(#REF!, SMALL(IF(ISERROR(#REF!), "", ROW(#REF!)-MIN(ROW(#REF!))+1), ROW(157:157))),"")} | F160: {=IFERROR(INDEX(#REF!, SMALL(IF(ISERROR(#REF!), "", ROW(#REF!)-MIN(ROW(#REF!))+1), ROW(159:159))),"")}
A161: {=IFERROR(INDEX(#REF!, SMALL(IF(ISERROR(#REF!), "", ROW(#REF!)-MIN(ROW(#REF!))+1), ROW(158:158))),"")} | B161: {=IFERROR(INDEX(#REF!, SMALL(IF(ISERROR(#REF!), "", ROW(#REF!)-MIN(ROW(#REF!))+1), ROW(158:158))),"")} | C161: {=IFERROR(INDEX(#REF!, SMALL(IF(ISERROR(#REF!), "", ROW(#REF!)-MIN(ROW(#REF!))+1), ROW(158:158))),"")} | D161: {=IFERROR(INDEX(#REF!, SMALL(IF(ISERROR(#REF!), "", ROW(#REF!)-MIN(ROW(#REF!))+1), ROW(158:158))),"")} | E161: {=IFERROR(INDEX(#REF!, SMALL(IF(ISERROR(#REF!), "", ROW(#REF!)-MIN(ROW(#REF!))+1), ROW(158:158))),"")} | F161: {=IFERROR(INDEX(#REF!, SMALL(IF(ISERROR(#REF!), "", ROW(#REF!)-MIN(ROW(#REF!))+1), ROW(160:160))),"")}
A162: {=IFERROR(INDEX(#REF!, SMALL(IF(ISERROR(#REF!), "", ROW(#REF!)-MIN(ROW(#REF!))+1), ROW(159:159))),"")} | B162: {=IFERROR(INDEX(#REF!, SMALL(IF(ISERROR(#REF!), "", ROW(#REF!)-MIN(ROW(#REF!))+1), ROW(159:159))),"")} | C162: {=IFERROR(INDEX(#REF!, SMALL(IF(ISERROR(#REF!), "", ROW(#REF!)-MIN(ROW(#REF!))+1), ROW(159:159))),"")} | D162: {=IFERROR(INDEX(#REF!, SMALL(IF(ISERROR(#REF!), "", ROW(#REF!)-MIN(ROW(#REF!))+1), ROW(159:159))),"")} | E162: {=IFERROR(INDEX(#REF!, SMALL(IF(ISERROR(#REF!), "", ROW(#REF!)-MIN(ROW(#REF!))+1), ROW(159:159))),"")} | F162: {=IFERROR(INDEX(#REF!, SMALL(IF(ISERROR(#REF!), "", ROW(#REF!)-MIN(ROW(#REF!))+1), ROW(161:161))),"")}
A163: {=IFERROR(INDEX(#REF!, SMALL(IF(ISERROR(#REF!), "", ROW(#REF!)-MIN(ROW(#REF!))+1), ROW(160:160))),"")} | B163: {=IFERROR(INDEX(#REF!, SMALL(IF(ISERROR(#REF!), "", ROW(#REF!)-MIN(ROW(#REF!))+1), ROW(160:160))),"")} | C163: {=IFERROR(INDEX(#REF!, SMALL(IF(ISERROR(#REF!), "", ROW(#REF!)-MIN(ROW(#REF!))+1), ROW(160:160))),"")} | D163: {=IFERROR(INDEX(#REF!, SMALL(IF(ISERROR(#REF!), "", ROW(#REF!)-MIN(ROW(#REF!))+1), ROW(160:160))),"")} | E163: {=IFERROR(INDEX(#REF!, SMALL(IF(ISERROR(#REF!), "", ROW(#REF!)-MIN(ROW(#REF!))+1), ROW(160:160))),"")} | F163: {=IFERROR(INDEX(#REF!, SMALL(IF(ISERROR(#REF!), "", ROW(#REF!)-MIN(ROW(#REF!))+1), ROW(162:162))),"")}
A164: {=IFERROR(INDEX(#REF!, SMALL(IF(ISERROR(#REF!), "", ROW(#REF!)-MIN(ROW(#REF!))+1), ROW(161:161))),"")} | B164: {=IFERROR(INDEX(#REF!, SMALL(IF(ISERROR(#REF!), "", ROW(#REF!)-MIN(ROW(#REF!))+1), ROW(161:161))),"")} | C164: {=IFERROR(INDEX(#REF!, SMALL(IF(ISERROR(#REF!), "", ROW(#REF!)-MIN(ROW(#REF!))+1), ROW(161:161))),"")} | D164: {=IFERROR(INDEX(#REF!, SMALL(IF(ISERROR(#REF!), "", ROW(#REF!)-MIN(ROW(#REF!))+1), ROW(161:161))),"")} | E164: {=IFERROR(INDEX(#REF!, SMALL(IF(ISERROR(#REF!), "", ROW(#REF!)-MIN(ROW(#REF!))+1), ROW(161:161))),"")} | F164: {=IFERROR(INDEX(#REF!, SMALL(IF(ISERROR(#REF!), "", ROW(#REF!)-MIN(ROW(#REF!))+1), ROW(163:163))),"")}
A165: {=IFERROR(INDEX(#REF!, SMALL(IF(ISERROR(#REF!), "", ROW(#REF!)-MIN(ROW(#REF!))+1), ROW(162:162))),"")} | B165: {=IFERROR(INDEX(#REF!, SMALL(IF(ISERROR(#REF!), "", ROW(#REF!)-MIN(ROW(#REF!))+1), ROW(162:162))),"")} | C165: {=IFERROR(INDEX(#REF!, SMALL(IF(ISERROR(#REF!), "", ROW(#REF!)-MIN(ROW(#REF!))+1), ROW(162:162))),"")} | D165: {=IFERROR(INDEX(#REF!, SMALL(IF(ISERROR(#REF!), "", ROW(#REF!)-MIN(ROW(#REF!))+1), ROW(162:162))),"")} | E165: {=IFERROR(INDEX(#REF!, SMALL(IF(ISERROR(#REF!), "", ROW(#REF!)-MIN(ROW(#REF!))+1), ROW(162:162))),"")} | F165: {=IFERROR(INDEX(#REF!, SMALL(IF(ISERROR(#REF!), "", ROW(#REF!)-MIN(ROW(#REF!))+1), ROW(164:164))),"")}
...

Sheet Gasolina
A1: 2018 | B1: Enero | C1: Febrero | D1: Marzo | E1: Abril | F1: Mayo | G1: Junio | H1: Julio | I1: Agosto | J1: Septiembre | K1: Octubre | L1: Noviembre | M1: Diciembre | N1: Total | O1: Media por mes | P1: Media total
A2: Gasolina | B2: =SUM(B4+B11) -> 0 | C2: =SUM(C4+C11) -> 0 | N2: =SUM(B2:M2) -> 0 | O2: =SUM(B2:M2)/2 -> 0 | P2: =SUM(B2:M2)/12 -> 0
A4: JoseMari | B4: =SUMIFS(Enero!$E:$E,Enero!$F:$F,"Transporte",Enero!$G:$G,"JoseMari",Enero!$H:$H,"Gasolina") -> 0 | C4: =SUMIFS(Febrero!$E:$E,Febrero!$F:$F,"Transporte",Febrero!$G:$G,"JoseMari",Febrero!$H:$H,"Gasolina") -> 0 | N4: =SUM(B4:M4) -> 0 | O4: =SUM(B4:M4)/2 -> 0 | P4: =SUM(B4:M4)/12 -> 0
A5: Litros | B5: =SUMIFS(Enero!$J:$J,Enero!$F:$F,"Transporte",Enero!$G:$G,"JoseMari",Enero!$H:$H,"Gasolina") -> 0 | C5: =SUMIFS(Febrero!$J:$J,Febrero!$F:$F,"Transporte",Febrero!$G:$G,"JoseMari",Febrero!$H:$H,"Gasolina") -> 0 | N5: =SUM(B5:M5) -> 0 | O5: =SUM(B5:M5)/2 -> 0 | P5: =SUM(B5:M5)/12 -> 0
A6: L/100 | B6: =(B5*100)/B8 -> 0 | C6: =(C5*100)/C8 -> 0 | N6: =SUM(B6:M6) -> 0 | O6: =SUM(B6:M6)/2 -> 0 | P6: =SUM(B6:M6)/12 -> 0
A7: €/100 | B7: =(B4*100)/B8 -> 0 | C7: =(C4*100)/C8 -> 0 | N7: =SUM(B7:M7)/12 -> 0 | O7: =SUM(B7:M7)/2 -> 0 | P7: =SUM(B7:M7)/12 -> 0
A8: KM Mes | B8: =B9-[1]Gasolina!$N$9 -> 1091 | C8: =C9-B9 -> 418 | N8: =SUM(B8:M8) -> 1509 | O8: =SUM(B8:M8)/2 -> 754.5 | P8: =SUM(B8:M8)/12 -> 125.75
A9: KM Totales | B9: 158689 | C9: 159107 | N9: =B9 -> 158689
A11: MariCarmen | B11: =SUMIFS(Enero!$E:$E,Enero!$F:$F,"Transporte",Enero!$G:$G,"MariCarmen",Enero!$H:$H,"Gasolina") -> 0 | C11: =SUMIFS(Febrero!$E:$E,Febrero!$F:$F,"Transporte",Febrero!$G:$G,"MariCarmen",Febrero!$H:$H,"Gasolina") -> 0 | N11: =SUM(B11:M11) -> 0 | O11: =SUM(B11:M11)/2 -> 0 | P11: =SUM(B11:M11)/12 -> 0
A12: Litros | B12: =SUMIFS(Enero!$J:$J,Enero!$F:$F,"Transporte",Enero!$G:$G,"MariCarmen",Enero!$H:$H,"Gasolina") -> 0 | C12: =SUMIFS(Febrero!$J:$J,Febrero!$F:$F,"Transporte",Febrero!$G:$G,"MariCarmen",Febrero!$H:$H,"Gasolina") -> 0 | N12: =SUM(B12:M12) -> 0 | O12: =SUM(B12:M12)/2 -> 0 | P12: =SUM(B12:M12)/12 -> 0
A13: L/100 | B13: =(B12*100)/B15 -> 0 | C13: =(C12*100)/C15 -> 0 | N13: =SUM(B13:M13) -> 0 | O13: =SUM(B13:M13)/2 -> 0 | P13: =SUM(B13:M13)/12 -> 0
A14: €/100 | B14: =(B11*100)/B15 -> 0 | C14: =(C11*100)/C15 -> 0 | N14: =SUM(B14:M14)/12 -> 0 | O14: =SUM(B14:M14)/2 -> 0 | P14: =SUM(B14:M14)/12 -> 0
A15: KM Mes | B15: =B16-[1]Gasolina!$N$16 -> 255 | C15: =C16-B16 -> 181 | N15: =SUM(B15:M15) -> 436 | O15: =SUM(B15:M15)/2 -> 218 | P15: =SUM(B15:M15)/12 -> 36.333333
A16: KM Totales | B16: 79899 | C16: 80080 | N16: =B16 -> 79899
A18: Total KM Mes | B18: =B8+B15 -> 1346 | C18: =C8+C15 -> 599 | N18: =N8+N15 -> 1945 | O18: =O8+O15 -> 972.5 | P18: =P8+P15 -> 162.08333
K45: http://www.dieselogasolina.com/Estadisticas/Historico

Sheet Alimentación
A1: Alimentación | B1: Enero | C1: Febrero | D1: Marzo | E1: Abril | F1: Mayo | G1: Junio | H1: Julio | I1: Agosto | J1: Septiembre | K1: Octubre | L1: Noviembre | M1: Diciembre | N1: Total | O1: Media por mes | P1: Media total
A2: =auxalimen!A1 -> Aliños | B2: =Enero!M2 -> 0 | C2: =Febrero!M2 -> 0 | N2: =SUM(B2:M2) -> 0 | O2: =N2/2 -> 0 | P2: =N2/12 -> 0
A3: =auxalimen!A2 -> Aceite | B3: =Enero!M3 -> 0 | C3: =Febrero!M3 -> 0 | N3: =SUM(B3:M3) -> 0 | O3: =N3/2 -> 0 | P3: =N3/12 -> 0
A4: =auxalimen!A3 -> Condimentos | B4: =Enero!M4 -> 0 | C4: =Febrero!M4 -> 0 | N4: =SUM(B4:M4) -> 0 | O4: =N4/2 -> 0 | P4: =N4/12 -> 0
A5: =auxalimen!A4 -> Mayonesa | B5: =Enero!M5 -> 0 | C5: =Febrero!M5 -> 0 | N5: =SUM(B5:M5) -> 0 | O5: =N5/2 -> 0 | P5: =N5/12 -> 0
A6: =auxalimen!A5 -> Salsas | B6: =Enero!M6 -> 0 | C6: =Febrero!M6 -> 0 | N6: =SUM(B6:M6) -> 0 | O6: =N6/2 -> 0 | P6: =N6/12 -> 0
A7: =auxalimen!A6 -> Vinagre | B7: =Enero!M7 -> 0 | C7: =Febrero!M7 -> 0 | N7: =SUM(B7:M7) -> 0 | O7: =N7/2 -> 0 | P7: =N7/12 -> 0
A8: =auxalimen!A7 -> Otros | B8: =Enero!M8 -> 0 | C8: =Febrero!M8 -> 0 | N8: =SUM(B8:M8) -> 0 | O8: =N8/2 -> 0 | P8: =N8/12 -> 0
A9: =auxalimen!B1 -> Aperitivos | B9: =Enero!M9 -> 0 | C9: =Febrero!M9 -> 0 | N9: =SUM(B9:M9) -> 0 | O9: =N9/2 -> 0 | P9: =N9/12 -> 0
A10: =auxalimen!B2 -> Aceitunas | B10: =Enero!M10 -> 0 | C10: =Febrero!M10 -> 0 | N10: =SUM(B10:M10) -> 0 | O10: =N10/2 -> 0 | P10: =N10/12 -> 0
A11: =auxalimen!B3 -> Dulces | B11: =Enero!M11 -> 0 | C11: =Febrero!M11 -> 0 | N11: =SUM(B11:M11) -> 0 | O11: =N11/2 -> 0 | P11: =N11/12 -> 0
A12: =auxalimen!B4 -> Nachos | B12: =Enero!M12 -> 0 | C12: =Febrero!M12 -> 0 | N12: =SUM(B12:M12) -> 0 | O12: =N12/2 -> 0 | P12: =N12/12 -> 0
A13: =auxalimen!B5 -> Frutos secos | B13: =Enero!M13 -> 0 | C13: =Febrero!M13 -> 0 | N13: =SUM(B13:M13) -> 0 | O13: =N13/2 -> 0 | P13: =N13/12 -> 0
A14: =auxalimen!B6 -> Patatas fritas | B14: =Enero!M14 -> 0 | C14: =Febrero!M14 -> 0 | N14: =SUM(B14:M14) -> 0 | O14: =N14/2 -> 0 | P14: =N14/12 -> 0
A15: =auxalimen!B7 -> Otros | B15: =Enero!M15 -> 0 | C15: =Febrero!M15 -> 0 | N15: =SUM(B15:M15) -> 0 | O15: =N15/2 -> 0 | P15: =N15/12 -> 0
A16: =auxalimen!C1 -> Bebidas | B16: =Enero!M16 -> 0 | C16: =Febrero!M16 -> 0 | N16: =SUM(B16:M16) -> 0 | O16: =N16/2 -> 0 | P16: =N16/12 -> 0
A17: =auxalimen!C2 -> Aquarius | B17: =Enero!M17 -> 0 | C17: =Febrero!M17 -> 0 | N17: =SUM(B17:M17) -> 0 | O17: =N17/2 -> 0 | P17: =N17/12 -> 0
A18: =auxalimen!C3 -> Cerveza | B18: =Enero!M18 -> 0 | C18: =Febrero!M18 -> 0 | N18: =SUM(B18:M18) -> 0 | O18: =N18/2 -> 0 | P18: =N18/12 -> 0
A19: =auxalimen!C4 -> Coca cola | B19: =Enero!M19 -> 0 | C19: =Febrero!M19 -> 0 | N19: =SUM(B19:M19) -> 0 | O19: =N19/2 -> 0 | P19: =N19/12 -> 0
A20: =auxalimen!C5 -> Vino | B20: =Enero!M20 -> 0 | C20: =Febrero!M20 -> 0 | N20: =SUM(B20:M20) -> 0 | O20: =N20/2 -> 0 | P20: =N20/12 -> 0
A21: =auxalimen!C6 -> Zumo | B21: =Enero!M21 -> 0 | C21: =Febrero!M21 -> 0 | N21: =SUM(B21:M21) -> 0 | O21: =N21/2 -> 0 | P21: =N21/12 -> 0
A22: =auxalimen!C7 -> Otras | B22: =Enero!M22 -> 0 | C22: =Febrero!M22 -> 0 | N22: =SUM(B22:M22) -> 0 | O22: =N22/2 -> 0 | P22: =N22/12 -> 0
A23: =auxalimen!D1 -> Carne | B23: =Enero!M23 -> 0 | C23: =Febrero!M23 -> 0 | N23: =SUM(B23:M23) -> 0 | O23: =N23/2 -> 0 | P23: =N23/12 -> 0
A24: =auxalimen!D2 -> Cerdo | B24: =Enero!M24 -> 0 | C24: =Febrero!M24 -> 0 | N24: =SUM(B24:M24) -> 0 | O24: =N24/2 -> 0 | P24: =N24/12 -> 0
A25: =auxalimen!D3 -> Pavo | B25: =Enero!M25 -> 0 | C25: =Febrero!M25 -> 0 | N25: =SUM(B25:M25) -> 0 | O25: =N25/2 -> 0 | P25: =N25/12 -> 0
A26: =auxalimen!D4 -> Pollo | B26: =Enero!M26 -> 0 | C26: =Febrero!M26 -> 0 | N26: =SUM(B26:M26) -> 0 | O26: =N26/2 -> 0 | P26: =N26/12 -> 0
A27: =auxalimen!D5 -> Ternera | B27: =Enero!M27 -> 0 | C27: =Febrero!M27 -> 0 | N27: =SUM(B27:M27) -> 0 | O27: =N27/2 -> 0 | P27: =N27/12 -> 0
A28: =auxalimen!D6 -> Otros | B28: =Enero!M28 -> 0 | C28: =Febrero!M28 -> 0 | N28: =SUM(B28:M28) -> 0 | O28: =N28/2 -> 0 | P28: =N28/12 -> 0
A29: =auxalimen!E1 -> Cereales | B29: =Enero!M29 -> 0 | C29: =Febrero!M29 -> 0 | N29: =SUM(B29:M29) -> 0 | O29: =N29/2 -> 0 | P29: =N29/12 -> 0
A30: =auxalimen!E2 -> Arroz | B30: =Enero!M30 -> 0 | C30: =Febrero!M30 -> 0 | N30: =SUM(B30:M30) -> 0 | O30: =N30/2 -> 0 | P30: =N30/12 -> 0
A31: =auxalimen!E3 -> Avena | B31: =Enero!M31 -> 0 | C31: =Febrero!M31 -> 0 | N31: =SUM(B31:M31) -> 0 | O31: =N31/2 -> 0 | P31: =N31/12 -> 0
A32: =auxalimen!E4 -> Pan | B32: =Enero!M32 -> 0 | C32: =Febrero!M32 -> 0 | N32: =SUM(B32:M32) -> 0 | O32: =N32/2 -> 0 | P32: =N32/12 -> 0
A33: =auxalimen!E5 -> Pan otros | B33: =Enero!M33 -> 0 | C33: =Febrero!M33 -> 0 | N33: =SUM(B33:M33) -> 0 | O33: =N33/2 -> 0 | P33: =N33/12 -> 0
A34: =auxalimen!E6 -> Tortillas | B34: =Enero!M34 -> 0 | C34: =Febrero!M34 -> 0 | N34: =SUM(B34:M34) -> 0 | O34: =N34/2 -> 0 | P34: =N34/12 -> 0
A35: =auxalimen!E7 -> Otro | B35: =Enero!M35 -> 0 | C35: =Febrero!M35 -> 0 | N35: =SUM(B35:M35) -> 0 | O35: =N35/2 -> 0 | P35: =N35/12 -> 0
A36: =auxalimen!F1 -> Charcutería | B36: =Enero!M36 -> 0 | C36: =Febrero!M36 -> 0 | N36: =SUM(B36:M36) -> 0 | O36: =N36/2 -> 0 | P36: =N36/12 -> 0
A37: =auxalimen!F2 -> Chorizo | B37: =Enero!M37 -> 0 | C37: =Febrero!M37 -> 0 | N37: =SUM(B37:M37) -> 0 | O37: =N37/2 -> 0 | P37: =N37/12 -> 0
A38: =auxalimen!F3 -> Jamón serrano | B38: =Enero!M38 -> 0 | C38: =Febrero!M38 -> 0 | N38: =SUM(B38:M38) -> 0 | O38: =N38/2 -> 0 | P38: =N38/12 -> 0
A39: =auxalimen!F4 -> Jamón york | B39: =Enero!M39 -> 0 | C39: =Febrero!M39 -> 0 | N39: =SUM(B39:M39) -> 0 | O39: =N39/2 -> 0 | P39: =N39/12 -> 0
A40: =auxalimen!F5 -> Sanchichón | B40: =Enero!M40 -> 0 | C40: =Febrero!M40 -> 0 | N40: =SUM(B40:M40) -> 0 | O40: =N40/2 -> 0 | P40: =N40/12 -> 0
A41: =auxalimen!F6 -> Otro | B41: =Enero!M41 -> 0 | C41: =Febrero!M41 -> 0 | N41: =SUM(B41:M41) -> 0 | O41: =N41/2 -> 0 | P41: =N41/12 -> 0
A42: =auxalimen!G1 -> Conservas | B42: =Enero!M42 -> 0 | C42: =Febrero!M42 -> 0 | N42: =SUM(B42:M42) -> 0 | O42: =N42/2 -> 0 | P42: =N42/12 -> 0
A43: =auxalimen!G2 -> Atún | B43: =Enero!M43 -> 0 | C43: =Febrero!M43 -> 0 | N43: =SUM(B43:M43) -> 0 | O43: =N43/2 -> 0 | P43: =N43/12 -> 0
A44: =auxalimen!G3 -> Champiñones | B44: =Enero!M44 -> 0 | C44: =Febrero!M44 -> 0 | N44: =SUM(B44:M44) -> 0 | O44: =N44/2 -> 0 | P44: =N44/12 -> 0
A45: =auxalimen!G4 -> Congelados | B45: =Enero!M45 -> 0 | C45: =Febrero!M45 -> 0 | N45: =SUM(B45:M45) -> 0 | O45: =N45/2 -> 0 | P45: =N45/12 -> 0
A46: =auxalimen!G5 -> Del mar | B46: =Enero!M46 -> 0 | C46: =Febrero!M46 -> 0 | N46: =SUM(B46:M46) -> 0 | O46: =N46/2 -> 0 | P46: =N46/12 -> 0
A47: =auxalimen!G6 -> Sopas y caldos | B47: =Enero!M47 -> 0 | C47: =Febrero!M47 -> 0 | N47: =SUM(B47:M47) -> 0 | O47: =N47/2 -> 0 | P47: =N47/12 -> 0
A48: =auxalimen!G7 -> Otros | B48: =Enero!M48 -> 0 | C48: =Febrero!M48 -> 0 | N48: =SUM(B48:M48) -> 0 | O48: =N48/2 -> 0 | P48: =N48/12 -> 0
A49: =auxalimen!H1 -> Fastfood | B49: =Enero!M49 -> 0 | C49: =Febrero!M49 -> 0 | N49: =SUM(B49:M49) -> 0 | O49: =N49/2 -> 0 | P49: =N49/12 -> 0
A50: =auxalimen!H2 -> Chino | B50: =Enero!M50 -> 0 | C50: =Febrero!M50 -> 0 | N50: =SUM(B50:M50) -> 0 | O50: =N50/2 -> 0 | P50: =N50/12 -> 0
A51: =auxalimen!H3 -> Hamburguesa | B51: =Enero!M51 -> 0 | C51: =Febrero!M51 -> 0 | N51: =SUM(B51:M51) -> 0 | O51: =N51/2 -> 0 | P51: =N51/12 -> 0
A52: =auxalimen!H4 -> Kebab | B52: =Enero!M52 -> 0 | C52: =Febrero!M52 -> 0 | N52: =SUM(B52:M52) -> 0 | O52: =N52/2 -> 0 | P52: =N52/12 -> 0
A53: =auxalimen!H5 -> Pizza | B53: =Enero!M53 -> 0 | C53: =Febrero!M53 -> 0 | N53: =SUM(B53:M53) -> 0 | O53: =N53/2 -> 0 | P53: =N53/12 -> 0
A54: =auxalimen!H6 -> Otros | B54: =Enero!M54 -> 0 | C54: =Febrero!M54 -> 0 | N54: =SUM(B54:M54) -> 0 | O54: =N54/2 -> 0 | P54: =N54/12 -> 0
A55: =auxalimen!I1 -> Frutas | B55: =Enero!M55 -> 0 | C55: =Febrero!M55 -> 0 | N55: =SUM(B55:M55) -> 0 | O55: =N55/2 -> 0 | P55: =N55/12 -> 0
A56: =auxalimen!I2 -> Aguacates | B56: =Enero!M56 -> 0 | C56: =Febrero!M56 -> 0 | N56: =SUM(B56:M56) -> 0 | O56: =N56/2 -> 0 | P56: =N56/12 -> 0
A57: =auxalimen!I3 -> Fresas | B57: =Enero!M57 -> 0 | C57: =Febrero!M57 -> 0 | N57: =SUM(B57:M57) -> 0 | O57: =N57/2 -> 0 | P57: =N57/12 -> 0
A58: =auxalimen!I4 -> Limones | B58: =Enero!M58 -> 0 | C58: =Febrero!M58 -> 0 | N58: =SUM(B58:M58) -> 0 | O58: =N58/2 -> 0 | P58: =N58/12 -> 0
A59: =auxalimen!I5 -> Manzanas | B59: =Enero!M59 -> 0 | C59: =Febrero!M59 -> 0 | N59: =SUM(B59:M59) -> 0 | O59: =N59/2 -> 0 | P59: =N59/12 -> 0
A60: =auxalimen!I6 -> Naranjas | B60: =Enero!M60 -> 0 | C60: =Febrero!M60 -> 0 | N60: =SUM(B60:M60) -> 0 | O60: =N60/2 -> 0 | P60: =N60/12 -> 0
A61: =auxalimen!I7 -> Peras | B61: =Enero!M61 -> 0 | C61: =Febrero!M61 -> 0 | N61: =SUM(B61:M61) -> 0 | O61: =N61/2 -> 0 | P61: =N61/12 -> 0
A62: =auxalimen!I8 -> Plátanos | B62: =Enero!M62 -> 0 | C62: =Febrero!M62 -> 0 | N62: =SUM(B62:M62) -> 0 | O62: =N62/2 -> 0 | P62: =N62/12 -> 0
A63: =auxalimen!I9 -> Otras | B63: =Enero!M63 -> 0 | C63: =Febrero!M63 -> 0 | N63: =SUM(B63:M63) -> 0 | O63: =N63/2 -> 0 | P63: =N63/12 -> 0
A64: =auxalimen!J1 -> Lácteos | B64: =Enero!M64 -> 0 | C64: =Febrero!M64 -> 0 | N64: =SUM(B64:M64) -> 0 | O64: =N64/2 -> 0 | P64: =N64/12 -> 0
A65: =auxalimen!J2 -> Huevos | B65: =Enero!M65 -> 0 | C65: =Febrero!M65 -> 0 | N65: =SUM(B65:M65) -> 0 | O65: =N65/2 -> 0 | P65: =N65/12 -> 0
A66: =auxalimen!J3 -> Leche de avena | B66: =Enero!M66 -> 0 | C66: =Febrero!M66 -> 0 | N66: =SUM(B66:M66) -> 0 | O66: =N66/2 -> 0 | P66: =N66/12 -> 0
A67: =auxalimen!J4 -> Mantequilla | B67: =Enero!M67 -> 0 | C67: =Febrero!M67 -> 0 | N67: =SUM(B67:M67) -> 0 | O67: =N67/2 -> 0 | P67: =N67/12 -> 0
A68: =auxalimen!J5 -> Quesos | B68: =Enero!M68 -> 0 | C68: =Febrero!M68 -> 0 | N68: =SUM(B68:M68) -> 0 | O68: =N68/2 -> 0 | P68: =N68/12 -> 0
A69: =auxalimen!J6 -> Otros | B69: =Enero!M69 -> 0 | C69: =Febrero!M69 -> 0 | N69: =SUM(B69:M69) -> 0 | O69: =N69/2 -> 0 | P69: =N69/12 -> 0
A70: =auxalimen!K1 -> Pasta | B70: =Enero!M70 -> 0 | C70: =Febrero!M70 -> 0 | N70: =SUM(B70:M70) -> 0 | O70: =N70/2 -> 0 | P70: =N70/12 -> 0
A71: =auxalimen!K2 -> Espirales | B71: =Enero!M71 -> 0 | C71: =Febrero!M71 -> 0 | N71: =SUM(B71:M71) -> 0 | O71: =N71/2 -> 0 | P71: =N71/12 -> 0
A72: =auxalimen!K3 -> Macarrones | B72: =Enero!M72 -> 0 | C72: =Febrero!M72 -> 0 | N72: =SUM(B72:M72) -> 0 | O72: =N72/2 -> 0 | P72: =N72/12 -> 0
A73: =auxalimen!K4 -> Nidos | B73: =Enero!M73 -> 0 | C73: =Febrero!M73 -> 0 | N73: =SUM(B73:M73) -> 0 | O73: =N73/2 -> 0 | P73: =N73/12 -> 0
A74: =auxalimen!K5 -> Tallarines | B74: =Enero!M74 -> 0 | C74: =Febrero!M74 -> 0 | N74: =SUM(B74:M74) -> 0 | O74: =N74/2 -> 0 | P74: =N74/12 -> 0
A75: =auxalimen!K6 -> Otros | B75: =Enero!M75 -> 0 | C75: =Febrero!M75 -> 0 | N75: =SUM(B75:M75) -> 0 | O75: =N75/2 -> 0 | P75: =N75/12 -> 0
A76: =auxalimen!L1 -> Pescados | B76: =Enero!M76 -> 0 | C76: =Febrero!M76 -> 0 | N76: =SUM(B76:M76) -> 0 | O76: =N76/2 -> 0 | P76: =N76/12 -> 0
A77: =auxalimen!L2 -> Mejillones | B77: =Enero!M77 -> 0 | C77: =Febrero!M77 -> 0 | N77: =SUM(B77:M77) -> 0 | O77: =N77/2 -> 0 | P77: =N77/12 -> 0
A78: =auxalimen!L3 -> Merluza | B78: =Enero!M78 -> 0 | C78: =Febrero!M78 -> 0 | N78: =SUM(B78:M78) -> 0 | O78: =N78/2 -> 0 | P78: =N78/12 -> 0
A79: =auxalimen!L4 -> Salmón | B79: =Enero!M79 -> 0 | C79: =Febrero!M79 -> 0 | N79: =SUM(B79:M79) -> 0 | O79: =N79/2 -> 0 | P79: =N79/12 -> 0
A80: =auxalimen!L5 -> Otros | B80: =Enero!M80 -> 0 | C80: =Febrero!M80 -> 0 | N80: =SUM(B80:M80) -> 0 | O80: =N80/2 -> 0 | P80: =N80/12 -> 0
A81: =auxalimen!M1 -> Postres | B81: =Enero!M81 -> 0 | C81: =Febrero!M81 -> 0 | N81: =SUM(B81:M81) -> 0 | O81: =N81/2 -> 0 | P81: =N81/12 -> 0
A82: =auxalimen!M2 -> Gelatina | B82: =Enero!M82 -> 0 | C82: =Febrero!M82 -> 0 | N82: =SUM(B82:M82) -> 0 | O82: =N82/2 -> 0 | P82: =N82/12 -> 0
A83: =auxalimen!M3 -> Helado | B83: =Enero!M83 -> 0 | C83: =Febrero!M83 -> 0 | N83: =SUM(B83:M83) -> 0 | O83: =N83/2 -> 0 | P83: =N83/12 -> 0
A84: =auxalimen!M4 -> Yogur | B84: =Enero!M84 -> 0 | C84: =Febrero!M84 -> 0 | N84: =SUM(B84:M84) -> 0 | O84: =N84/2 -> 0 | P84: =N84/12 -> 0
A85: =auxalimen!M5 -> Otros | B85: =Enero!M85 -> 0 | C85: =Febrero!M85 -> 0 | N85: =SUM(B85:M85) -> 0 | O85: =N85/2 -> 0 | P85: =N85/12 -> 0
A86: =auxalimen!N1 -> Verduras | B86: =Enero!M86 -> 0 | C86: =Febrero!M86 -> 0 | N86: =SUM(B86:M86) -> 0 | O86: =N86/2 -> 0 | P86: =N86/12 -> 0
A87: =auxalimen!N2 -> Brócoli | B87: =Enero!M87 -> 0 | C87: =Febrero!M87 -> 0 | N87: =SUM(B87:M87) -> 0 | O87: =N87/2 -> 0 | P87: =N87/12 -> 0
A88: =auxalimen!N3 -> Calabaza | B88: =Enero!M88 -> 0 | C88: =Febrero!M88 -> 0 | N88: =SUM(B88:M88) -> 0 | O88: =N88/2 -> 0 | P88: =N88/12 -> 0
A89: =auxalimen!N4 -> Calabacín | B89: =Enero!M89 -> 0 | C89: =Febrero!M89 -> 0 | N89: =SUM(B89:M89) -> 0 | O89: =N89/2 -> 0 | P89: =N89/12 -> 0
A90: =auxalimen!N5 -> Canónigos | B90: =Enero!M90 -> 0 | C90: =Febrero!M90 -> 0 | N90: =SUM(B90:M90) -> 0 | O90: =N90/2 -> 0 | P90: =N90/12 -> 0
A91: =auxalimen!N6 -> Cebollas | B91: =Enero!M91 -> 0 | C91: =Febrero!M91 -> 0 | N91: =SUM(B91:M91) -> 0 | O91: =N91/2 -> 0 | P91: =N91/12 -> 0
A92: =auxalimen!N7 -> Champiñones | B92: =Enero!M92 -> 0 | C92: =Febrero!M92 -> 0 | N92: =SUM(B92:M92) -> 0 | O92: =N92/2 -> 0 | P92: =N92/12 -> 0
A93: =auxalimen!N8 -> Espárragos | B93: =Enero!M93 -> 0 | C93: =Febrero!M93 -> 0 | N93: =SUM(B93:M93) -> 0 | O93: =N93/2 -> 0 | P93: =N93/12 -> 0
A94: =auxalimen!N9 -> Legumbres | B94: =Enero!M94 -> 0 | C94: =Febrero!M94 -> 0 | N94: =SUM(B94:M94) -> 0 | O94: =N94/2 -> 0 | P94: =N94/12 -> 0
A95: =auxalimen!N10 -> Patatas | B95: =Enero!M95 -> 0 | C95: =Febrero!M95 -> 0 | N95: =SUM(B95:M95) -> 0 | O95: =N95/2 -> 0 | P95: =N95/12 -> 0
A96: =auxalimen!N11 -> Tomates | B96: =Enero!M96 -> 0 | C96: =Febrero!M96 -> 0 | N96: =SUM(B96:M96) -> 0 | O96: =N96/2 -> 0 | P96: =N96/12 -> 0
A97: =auxalimen!N12 -> Zanahorias | B97: =Enero!M97 -> 0 | C97: =Febrero!M97 -> 0 | N97: =SUM(B97:M97) -> 0 | O97: =N97/2 -> 0 | P97: =N97/12 -> 0
A98: =auxalimen!N13 -> Otras | B98: =Enero!M98 -> 0 | C98: =Febrero!M98 -> 0 | N98: =SUM(B98:M98) -> 0 | O98: =N98/2 -> 0 | P98: =N98/12 -> 0
A99: Total | B99: =SUM(B2,B9,B16,B23,B29,B36,B42,B49,B55,B64,B70,B76,B81,B86) -> 0 | C99: =SUM(C2,C9,C16,C23,C29,C36,C42,C49,C55,C64,C70,C76,C81,C86) -> 0 | N99: =SUM(B99:M99) -> 0 | O99: =N99/10 -> 0 | P99: =N99/12 -> 0

Sheet Peso
A1: Fecha | B1: Peso | C1: Evolución
A2: 43833
A3: =A2+3 -> 43836
A4: =A3+4 -> 43840
A5: =A4+3 -> 43843
A6: =A5+4 -> 43847
A7: =A6+3 -> 43850
A8: =A7+4 -> 43854
A9: =A8+3 -> 43857
A10: =A9+4 -> 43861
A11: =A10+3 -> 43864
A12: =A11+4 -> 43868
A13: =A12+3 -> 43871
A14: =A13+4 -> 43875
A15: =A14+3 -> 43878
A16: =A15+4 -> 43882
A17: =A16+3 -> 43885
A18: =A17+4 -> 43889
A19: =A18+3 -> 43892
A20: =A19+4 -> 43896
A21: =A20+3 -> 43899
A22: =A21+4 -> 43903
A23: =A22+3 -> 43906
A24: =A23+4 -> 43910
A25: =A24+3 -> 43913
A26: =A25+4 -> 43917
A27: =A26+3 -> 43920
A28: =A27+4 -> 43924
A29: =A28+3 -> 43927
A30: =A29+4 -> 43931
A31: =A30+3 -> 43934
A32: =A31+4 -> 43938
A33: =A32+3 -> 43941
A34: =A33+4 -> 43945
A35: =A34+3 -> 43948
A36: =A35+4 -> 43952
A37: =A36+3 -> 43955
A38: =A37+4 -> 43959
A39: =A38+3 -> 43962
A40: =A39+4 -> 43966
A41: =A40+3 -> 43969
A42: =A41+4 -> 43973
A43: =A42+3 -> 43976
A44: =A43+4 -> 43980
A45: =A44+3 -> 43983
A46: =A45+4 -> 43987
A47: =A46+3 -> 43990
A48: =A47+4 -> 43994
A49: =A48+3 -> 43997
A50: =A49+4 -> 44001
A51: =A50+3 -> 44004
A52: =A51+4 -> 44008
A53: =A52+3 -> 44011
A54: =A53+4 -> 44015
A55: =A54+3 -> 44018
A56: =A55+4 -> 44022
A57: =A56+3 -> 44025
A58: =A57+4 -> 44029
A59: =A58+3 -> 44032
A60: =A59+4 -> 44036
A61: =A60+3 -> 44039
A62: =A61+4 -> 44043
A63: =A62+3 -> 44046
A64: =A63+4 -> 44050
A65: =A64+3 -> 44053
A66: =A65+4 -> 44057
A67: =A66+3 -> 44060
A68: =A67+4 -> 44064
A69: =A68+3 -> 44067
A70: =A69+4 -> 44071
A71: =A70+3 -> 44074
A72: =A71+4 -> 44078
A73: =A72+3 -> 44081
A74: =A73+4 -> 44085
A75: =A74+3 -> 44088
A76: =A75+4 -> 44092
A77: =A76+3 -> 44095
A78: =A77+4 -> 44099
A79: =A78+3 -> 44102
A80: =A79+4 -> 44106
A81: =A80+3 -> 44109
A82: =A81+4 -> 44113
A83: =A82+3 -> 44116
A84: =A83+4 -> 44120
A85: =A84+3 -> 44123
A86: =A85+4 -> 44127
A87: =A86+3 -> 44130
A88: =A87+4 -> 44134
A89: =A88+3 -> 44137
A90: =A89+4 -> 44141
A91: =A90+3 -> 44144
A92: =A91+4 -> 44148
A93: =A92+3 -> 44151
A94: =A93+4 -> 44155
A95: =A94+3 -> 44158
A96: =A95+4 -> 44162
A97: =A96+3 -> 44165
A98: =A97+4 -> 44169
A99: =A98+3 -> 44172
A100: =A99+4 -> 44176
...

Sheet Gráfico general
A1: Etiquetas de fila | B1: Suma de Total
A2: Alimentación | B2: 0
A3: Bebida | B3: 0
A4: Comida | B4: 0
A5: Compras | B5: 0
A6: GastosCasa | B6: 0
A7: JoseMari | B7: 0
A8: Lucas | B8: 0
A9: MariCarmen | B9: 0
A10: Recibos | B10: 0
A11: Viajes | B11: 0
A12: Total general | B12: 0

Sheet Graf. Alimentación
A1: Etiquetas de fila | B1: Suma de Total
A2: Aliños | B2: 0
A3: Aperitivos | B3: 0
A4: Bebidas | B4: 0
A5: Carne | B5: 0
A6: Cereales | B6: 0
A7: Charcutería | B7: 0
A8: Conservas | B8: 0
A9: Fastfood | B9: 0
A10: Frutas | B10: 0
A11: Lácteos | B11: 0
A12: Pasta | B12: 0
A13: Pescados | B13: 0
... A16: Total general | B16: 0

Sheet Gráficos

Sheet Anual
A2: 2020 | B2: Enero | C2: Febrero | D2: Marzo | E2: Abril | F2: Mayo | G2: Junio | H2: Julio | I2: Agosto | J2: Septiembre | K2: Octubre | L2: Noviembre | M2: Diciembre | N2: Total
A3: Ingresos | B3: =Enero!B94 -> 0 | C3: =Febrero!B94 -> 0 | N3: =SUM(B3:M3) -> 0
A4: Gastos | B4: =Enero!B92 -> 0 | C4: =Febrero!B92 -> 0 | N4: =SUM(B4:M4) -> 0
A5: Saldo mes | B5: =SUM(B3-B4) -> 0 | C5: =SUM(C3-C4) -> 0 | N5: =SUM(B5:M5) -> 0
A6: Balance | B6: =IF(B5<0,0,B5) -> 0 | C6: =IF(C5<0,0,C5) -> 0 | N6: =N5/12 -> 0
A40: 2017 | B40: Enero | C40: Febrero | D40: Marzo | E40: Abril | F40: Mayo | G40: Junio | H40: Julio | I40: Agosto | J40: Septiembre | K40: Octubre | L40: Noviembre | M40: Diciembre | N40: Total
A41: Ingresos | B41: =[4]Enero!B119 -> 2132.77 | C41: =[4]Febrero!B119 -> 1786.76 | D41: =[4]Marzo!B119 -> 1749.03 | E41: =[4]Abril!B120 -> 1927.08 | F41: =[4]Mayo!B120 -> 1912.5 | G41: =[4]Junio!B120 -> 1787.13 | H41: =[4]Julio!$B$119 -> 3666.78 | I41: =[4]Agosto!$B$118 -> 2055.26 | J41: =[4]Septiembre!$B$119 -> 1759.17 | K41: =[4]Octubre!$B$119 -> 1774.4 | L41: =[4]Noviembre!$B$119 -> 1723.92 | M41: =[4]Diciembre!$B$120 -> 4641.97 | N41: =SUM(B41:M41) -> 26916.77
A42: Gastos | B42: =[4]Enero!B117 -> 1978.9 | C42: =[4]Febrero!B117 -> 1808.45 | D42: =[4]Marzo!B117 -> 1343.69 | E42: =[4]Abril!B118 -> 2741.92 | F42: =[4]Mayo!B118 -> 1668.71 | G42: =[4]Junio!B118 -> 1570.84 | H42: =[4]Julio!$B$117 -> 1929.49 | I42: =[4]Agosto!$B$116 -> 1963.04 | J42: =[4]Septiembre!$B$117 -> 2352.58 | K42: =[4]Octubre!$B$117 -> 3030.6 | L42: =[4]Noviembre!$B$117 -> 1839.14 | M42: =[4]Diciembre!$B$118 -> 2755.7 | N42: =SUM(B42:M42) -> 24983.06
A43: Saldo mes | B43: =[4]Enero!B120 -> 153.87 | C43: =[4]Febrero!B120 -> -21.69 | D43: =[4]Marzo!B120 -> 405.34 | E43: =[4]Abril!B121 -> -814.84 | F43: =[4]Mayo!B121 -> 243.79 | G43: =[4]Junio!B121 -> 216.29 | H43: =[4]Julio!$B$120 -> 1737.29 | I43: =[4]Agosto!$B$119 -> 92.22 | J43: =[4]Septiembre!$B$120 -> -593.41 | K43: =[4]Octubre!$B$120 -> -1256.2 | L43: =[4]Noviembre!$B$120 -> -115.22 | M43: =[4]Diciembre!$B$121 -> 1886.27 | N43: =SUM(B43:M43) -> 1933.71
A44: Balance | B44: =[4]Enero!B121 -> 153.87 | C44: =B44+C43 -> 132.18 | D44: =C44+D43 -> 537.52 | E44: =D44+E43 -> -277.32 | F44: =E44+F43 -> -33.53 | G44: =F44+G43 -> 182.76 | H44: =G44+H43 -> 1920.05 | I44: =H44+I43 -> 2012.27 | J44: =I44+J43 -> 1418.86 | ... M44: =L44+M43 -> 1933.71 | N44: =N43/12 -> 161.1425
A46: 2018 | B46: Enero | C46: Febrero | D46: Marzo | E46: Abril | F46: Mayo | G46: Junio | H46: Julio | I46: Agosto | J46: Septiembre | K46: Octubre | L46: Noviembre | M46: Diciembre | N46: Total
A47: Ingresos | B47: =[3]Enero!$B$107 -> 2316.96 | C47: =[3]Febrero!$B$107 -> 1739.27 | D47: =[3]Marzo!$B$107 -> 1745.62 | E47: =[3]Abril!$B$107 -> 1865.11 | F47: =[3]Mayo!$B$107 -> 1719.1 | G47: =[3]Junio!$B$107 -> 1909.76 | H47: =[3]Julio!$B$107 -> 3114.44 | I47: =[3]Agosto!$B$107 -> 1583.8 | J47: =[3]Septiembre!$B$107 -> 972.02 | K47: =[3]Octubre!$B$108 -> 972.01 | L47: =[3]Noviembre!$B$108 -> 4471.98 | M47: =[3]Diciembre!$B$108 -> 3971.92 | N47: =SUM(B47:M47) -> 26381.99
A48: Gastos | B48: =[3]Enero!$B$105 -> 2317.77 | C48: =[3]Febrero!$B$105 -> 1879.51 | D48: =[3]Marzo!$B$105 -> 1772.87 | E48: =[3]Abril!B155 -> 0 | F48: =[3]Mayo!B155 -> 0 | G48: =[3]Junio!B155 -> 0 | H48: =[3]Julio!$B155 -> 0 | I48: =[3]Agosto!$B155 -> 0 | J48: =[3]Septiembre!$B155 -> 0 | K48: =[3]Octubre!$B156 -> 0 | L48: =[3]Noviembre!$B156 -> 0 | M48: =[3]Diciembre!$B156 -> 0 | N48: =SUM(B48:M48) -> 5970.15
A49: Saldo mes | B49: =[3]Enero!$B$113 -> -0.81 | C49: =[3]Febrero!$B$113 -> -140.24 | D49: =[3]Marzo!$B$113 -> -27.25 | E49: =[3]Abril!B163 -> 0 | F49: =[3]Mayo!B163 -> 0 | G49: =[3]Junio!B163 -> 0 | H49: =[3]Julio!$B163 -> 0 | I49: =[3]Agosto!$B163 -> 0 | J49: =[3]Septiembre!$B163 -> 0 | K49: =[3]Octubre!$B164 -> 0 | L49: =[3]Noviembre!$B164 -> 0 | M49: =[3]Diciembre!$B164 -> 0 | N49: =SUM(B49:M49) -> -168.3
A50: Balance | B50: =B49 -> -0.81 | C50: =B50+C49 -> -141.05 | D50: =C50+D49 -> -168.3 | E50: =D50+E49 -> -168.3 | F50: =E50+F49 -> -168.3 | G50: =F50+G49 -> -168.3 | H50: =G50+H49 -> -168.3 | I50: =H50+I49 -> -168.3 | J50: =I50+J49 -> -168.3 | ... M50: =L50+M49 -> -168.3 | N50: =N49/12 -> -14.025
A52: 2019 | B52: Enero | C52: Febrero | D52: Marzo | E52: Abril | F52: Mayo | G52: Junio | H52: Julio | I52: Agosto | J52: Septiembre | K52: Octubre | L52: Noviembre | M52: Diciembre | N52: Total
A53: Ingresos | B53: =[1]Enero!$B$107 -> 1338.89 | C53: =[1]Febrero!$B$107 -> 1244.68 | D53: =[1]Marzo!$B$107 -> 1510.86 | E53: =[1]Abril!$B$107 -> 1303.02 | F53: =[1]Mayo!$B$107 -> 1411.17 | G53: =[1]Junio!$B$107 -> 1181.97 | H53: =[1]Julio!$B$107 -> 817.34 | I53: =[1]Agosto!$B$107 -> 88.12 | J53: =[1]Septiembre!$B$107 -> 16.08 | K53: =[1]Octubre!$B$107 -> 898.79 | L53: =[1]Noviembre!$B$107 -> 469.06 | M53: =[1]Diciembre!$B$107 -> 875.94 | N53: =SUM(B53:M53) -> 11155.92
A54: Gastos | B54: =[1]Enero!$B$105 -> 2605.41 | C54: =[1]Febrero!$B$105 -> 1243.92 | D54: =[1]Marzo!$B$105 -> 1424.17 | E54: =[1]Abril!$B$105 -> 1558.74 | F54: =[1]Mayo!$B$105 -> 1853.31 | G54: =[1]Junio!$B$105 -> 1083.24 | H54: =[1]Julio!$B$105 -> 1233.39 | I54: =[1]Agosto!$B$105 -> 1238.8 | J54: =[1]Septiembre!$B$105 -> 1133.45 | K54: =[1]Octubre!$B$105 -> 1672.96 | L54: =[1]Noviembre!$B$105 -> 1223.66 | M54: =[1]Diciembre!$B$105 -> 1805.81 | N54: =SUM(B54:M54) -> 18076.86
A55: Saldo mes | B55: =[1]Enero!$B$115 -> -1266.52 | C55: =[1]Febrero!$B$115 -> 0.76 | D55: =[1]Marzo!$B$115 -> 86.69 | E55: =[1]Abril!$B$115 -> -255.72 | F55: =[1]Mayo!$B$115 -> -442.14 | G55: =[1]Junio!$B$115 -> 98.73 | H55: =[1]Julio!$B$115 -> -416.05 | I55: =[1]Agosto!$B$115 -> -1150.68 | J55: =[1]Septiembre!$B$115 -> -1117.37 | K55: =[1]Octubre!$B$115 -> -774.17 | L55: =[1]Noviembre!$B$115 -> -754.6 | M55: =[1]Diciembre!$B$115 -> -929.87 | N55: =SUM(B55:M55) -> -6920.94
A56: Balance | B56: =B55 -> -1266.52 | C56: =B56+C55 -> -1265.76 | D56: =C56+D55 -> -1179.07 | E56: =D56+E55 -> -1434.79 | F56: =E56+F55 -> -1876.93 | G56: =F56+G55 -> -1778.2 | H56: =G56+H55 -> -2194.25 | I56: =H56+I55 -> -3344.93 | J56: =I56+J55 -> -4462.3 | ... M56: =L56+M55 -> -6920.94 | N56: =N55/12 -> -576.745

Sheet Total
A1: Cuenta | B1: Enero | C1: Febrero | D1: Marzo | E1: Abril | F1: Mayo | G1: Junio | H1: Julio | I1: Agosto | J1: Septiembre | K1: Octubre | L1: Noviembre | M1: Diciembre
A2: Caja
A3: Cuenta EVO
A4: TOTAL
A5: Mes a mes

Sheet aux
A1: Obligatorios | P1: Ocio
A2: Hogar | C2: Ingresos | D2: Hogar | E2: Transporte | G2: Alimentación | H2: GastosCasa | I2: Lucas | J2: Recibos | L2: JoseMari | M2: MariCarmen | N2: OtrosTrans | P2: Bebida | Q2: Comida | R2: Compras | S2: Viajes
A3: Transporte | C3: Devoluciones | D3: Alimentación | E3: JoseMari | G3: Ahorra Más | H3: Alquiler | I3: Complementos | J3: Canal Isabel II | L3: Complementos | M3: Complementos | N3: Autobús / Metro | P3: Alcalá | Q3: Alcalá | R3: Calzado | S3: Aduanas
A4: Ocio | C4: INEM | D4: GastosCasa | E4: MariCarmen | G4: Aldi | H4: Aseo | I4: Chucherías | J4: Gas Natural | L4: Gasolina | M4: Gasolina | N4: Cercanías | P4: Cerceda | Q4: Cerceda | R4: Correos | S4: Alojamiento
A5: Ingresos | C5: Intereses | D5: Lucas | E5: OtrosTrans | G5: Baratas | H5: Compras para casa | I5: Piensos | J5: Iberdrola | L5: Imp. Multas y seguro | M5: Imp. Multas y seguro | N5: Parking | P5: Madrid | Q5: Madrid | R5: Deporte | S5: Alojamiento Lucas
C6: Nómina | D6: Recibos | G6: Carrefour | H6: Doc. Imp. Multas | I6: Pollo | J6: Lowi | L6: Taller | M6: Taller | N6: Vespa gasolina | P6: Pozuelo | Q6: Pozuelo | R6: Entretenimiento | S6: Alquiler de coche
C7: Ventas | G7: Chino | H7: Productos limpieza | I7: Veterinario | J7: Varios | N7: Vespa taller | P7: Otros | Q7: Otros | R7: Formación | S7: Aviones
C8: Otros | G8: Mercadillo | H8: Salud | R8: Hobbies | S8: Comida
G9: Mercadona | R9: Loterías | S9: Compras
G10: Shell | R10: Regalos | S10: Eventos
G11: Valentín | R11: Ropa | S11: Gasolina
G12: Otros | R12: Tecnología | S12: Parking y peajes
R13: Otros | S13: Regalos
S14: Tarjeta de crédito
S15: Transporte público
S16: Otros

Sheet auxalimen
A1: Aliños | B1: Aperitivos | C1: Bebidas | D1: Carne | E1: Cereales | F1: Charcutería | G1: Conservas | H1: Fastfood | I1: Frutas | J1: Lácteos | K1: Pasta | L1: Pescados | M1: Postres | N1: Verduras
A2: Aceite | B2: Aceitunas | C2: Aquarius | D2: Cerdo | E2: Arroz | F2: Chorizo | G2: Atún | H2: Chino | I2: Aguacates | J2: Huevos | K2: Espirales | L2: Mejillones | M2: Gelatina | N2: Brócoli
A3: Condimentos | B3: Dulces | C3: Cerveza | D3: Pavo | E3: Avena | F3: Jamón serrano | G3: Champiñones | H3: Hamburguesa | I3: Fresas | J3: Leche de avena | K3: Macarrones | L3: Merluza | M3: Helado | N3: Calabaza
A4: Mayonesa | B4: Nachos | C4: Coca cola | D4: Pollo | E4: Pan | F4: Jamón york | G4: Congelados | H4: Kebab | I4: Limones | J4: Mantequilla | K4: Nidos | L4: Salmón | M4: Yogur | N4: Calabacín
A5: Salsas | B5: Frutos secos | C5: Vino | D5: Ternera | E5: Pan otros | F5: Sanchichón | G5: Del mar | H5: Pizza | I5: Manzanas | J5: Quesos | K5: Tallarines | L5: Otros | M5: Otros | N5: Canónigos
A6: Vinagre | B6: Patatas fritas | C6: Zumo | D6: Otros | E6: Tortillas | F6: Otro | G6: Sopas y caldos | H6: Otros | I6: Naranjas | J6: Otros | K6: Otros | N6: Cebollas
A7: Otros | B7: Otros | C7: Otras | E7: Otro | G7: Otros | I7: Peras | N7: Champiñones
I8: Plátanos | N8: Espárragos
I9: Otras | N9: Legumbres
N10: Patatas
N11: Tomates
N12: Zanahorias
N13: Otras
